Workbook

Sheet Data
A3: Year | B3: Year Historic shortfall | C3: PS years 100% | D3: LLF | E3: Rank | F3: Month | G3: Category | H3: period historical received | I3: Mission initiative grant | J3: Acct Code2 | K3: Parish Name | L3: Benefice | M3: Deanery | N3: Archdeaconry | O3: Comment | P3: Comment 2 | Q3: Prior YTD received | R3: Request | S3: Received | T3: Full year Req | U3: Historical shortfall
A4: 2017 | C4: =IF(GETPIVOTDATA("PS % recovery",Sheet4!$B$5,"Parish Name",K4)>99.949%,"OK","No") -> OK | D4: =VLOOKUP(J4,'Ref2'!C:E,3,0) -> #N/A | E4: 153 | I4: =VLOOKUP(J4,Ref!L:M,2,0) -> #N/A | J4: 030480 | K4: Bourne End | L4: Sunnyside with Bourne End | M4: Berkhamsted Deanery | N4: Archdeaconry of St Albans | R4: 10113 | S4: 10113
A5: 2017 | C5: =IF(GETPIVOTDATA("PS % recovery",Sheet4!$B$5,"Parish Name",K5)>99.949%,"OK","No") -> OK | D5: =VLOOKUP(J5,'Ref2'!C:E,3,0) -> #N/A | E5: 153 | I5: =VLOOKUP(J5,Ref!L:M,2,0) -> #N/A | J5: 032500 | K5: Sunnyside, St Michael and All Angels | L5: Sunnyside with Bourne End | M5: Berkhamsted Deanery | N5: Archdeaconry of St Albans | R5: 97166 | S5: 97166
A6: 2017 | C6: =IF(GETPIVOTDATA("PS % recovery",Sheet4!$B$5,"Parish Name",K6)>99.949%,"OK","No") -> OK | D6: =VLOOKUP(J6,'Ref2'!C:E,3,0) -> #N/A | E6: 153 | I6: =VLOOKUP(J6,Ref!L:M,2,0) -> #N/A | J6: 031050 | K6: Great Berkhamsted | L6: Berkhamsted Team Ministry | M6: Berkhamsted Deanery | N6: Archdeaconry of St Albans | R6: 131659 | S6: 131659
A7: 2017 | C7: =IF(GETPIVOTDATA("PS % recovery",Sheet4!$B$5,"Parish Name",K7)>99.949%,"OK","No") -> OK | D7: =VLOOKUP(J7,'Ref2'!C:E,3,0) -> #N/A | E7: 328 | I7: =VLOOKUP(J7,Ref!L:M,2,0) -> #N/A | J7: 031060 | K7: Great Gaddesden | L7: Berkhamsted Team Ministry | M7: Berkhamsted Deanery | N7: Archdeaconry of St Albans | R7: 20139 | S7: 20139.25
A8: 2017 | C8: =IF(GETPIVOTDATA("PS % recovery",Sheet4!$B$5,"Parish Name",K8)>99.949%,"OK","No") -> OK | D8: =VLOOKUP(J8,'Ref2'!C:E,3,0) -> #N/A | E8: 153 | I8: =VLOOKUP(J8,Ref!L:M,2,0) -> #N/A | J8: 031620 | K8: Little Gaddesden | L8: Berkhamsted Team Ministry | M8: Berkhamsted Deanery | N8: Archdeaconry of St Albans | R8: 35028 | S8: 35028
A9: 2017 | C9: =IF(GETPIVOTDATA("PS % recovery",Sheet4!$B$5,"Parish Name",K9)>99.949%,"OK","No") -> OK | D9: =VLOOKUP(J9,'Ref2'!C:E,3,0) -> #N/A | E9: 153 | I9: =VLOOKUP(J9,Ref!L:M,2,0) -> #N/A | J9: 031851 | K9: Nettleden | L9: Berkhamsted Team Ministry | M9: Berkhamsted Deanery | N9: Archdeaconry of St Albans | R9: 7175 | S9: 7175
A10: 2017 | C10: =IF(GETPIVOTDATA("PS % recovery",Sheet4!$B$5,"Parish Name",K10)>99.949%,"OK","No") -> OK | D10: =VLOOKUP(J10,'Ref2'!C:E,3,0) -> #N/A | E10: 153 | I10: =VLOOKUP(J10,Ref!L:M,2,0) -> #N/A | J10: 032020 | K10: Potten End, Holy Trinity | L10: Berkhamsted Team Ministry | M10: Berkhamsted Deanery | N10: Archdeaconry of St Albans | R10: 44528 | S10: 44528
A11: 2017 | C11: =IF(GETPIVOTDATA("PS % recovery",Sheet4!$B$5,"Parish Name",K11)>99.949%,"OK","No") -> OK | D11: =VLOOKUP(J11,'Ref2'!C:E,3,0) -> #N/A | E11: 153 | I11: =VLOOKUP(J11,Ref!L:M,2,0) -> #N/A | J11: 031901 | K11: Northchurch | L11: Northchurch and Wigginton | M11: Berkhamsted Deanery | N11: Archdeaconry of St Albans | R11: 54287 | S11: 54287
A12: 2017 | C12: =IF(GETPIVOTDATA("PS % recovery",Sheet4!$B$5,"Parish Name",K12)>99.949%,"OK","No") -> No | D12: =VLOOKUP(J12,'Ref2'!C:E,3,0) -> #N/A | E12: 153 | I12: =VLOOKUP(J12,Ref!L:M,2,0) -> #N/A | J12: 032621 | K12: Tring Team Parish | L12: Tring (Team Ministry) | M12: Berkhamsted Deanery | N12: Archdeaconry of St Albans | R12: 146927 | S12: 146927
A13: 2017 | C13: =IF(GETPIVOTDATA("PS % recovery",Sheet4!$B$5,"Parish Name",K13)>99.949%,"OK","No") -> No | D13: =VLOOKUP(J13,'Ref2'!C:E,3,0) -> #N/A | E13: 106 | I13: =VLOOKUP(J13,Ref!L:M,2,0) -> #N/A | J13: 032880 | K13: Wigginton | L13: Northchurch and Wigginton | M13: Berkhamsted Deanery | N13: Archdeaconry of St Albans | R13: 31642 | S13: 28000
A14: 2017 | C14: =IF(GETPIVOTDATA("PS % recovery",Sheet4!$B$5,"Parish Name",K14)>99.949%,"OK","No") -> OK | D14: =VLOOKUP(J14,'Ref2'!C:E,3,0) -> #N/A | E14: 153 | I14: =VLOOKUP(J14,Ref!L:M,2,0) -> #N/A | J14: 091081 | K14: Great Wymondley | L14: St Ippolyts with Great and Little Wymondley | M14: Hitchin Deanery | N14: Archdeaconry of St Albans | R14: 5368 | S14: 5368
A15: 2017 | C15: =IF(GETPIVOTDATA("PS % recovery",Sheet4!$B$5,"Parish Name",K15)>99.949%,"OK","No") -> No | D15: =VLOOKUP(J15,'Ref2'!C:E,3,0) -> #N/A | E15: 16 | I15: =VLOOKUP(J15,Ref!L:M,2,0) -> #N/A | J15: 091670 | K15: Little Wymondley | L15: St Ippolyts with Great and Little Wymondley | M15: Hitchin Deanery | N15: Archdeaconry of St Albans | R15: 8230 | S15: 4800
... A190: 2017 | C190: =IF(GETPIVOTDATA("PS % recovery",Sheet4!$B$5,"Parish Name",K190)>99.949%,"OK","No") -> No | D190: =VLOOKUP(J190,'Ref2'!C:E,3,0) -> #N/A | E190: 77 | I190: =VLOOKUP(J190,Ref!L:M,2,0) -> #N/A | J190: 122445 | K190: Stevenage, St Mary, Shephall | L190: Stevenage, St Mary, Shephall | M190: Stevenage Deanery | N190: Archdeaconry of Hertford | R190: 34795 | S190: 34795
A191: 2017 | C191: =IF(GETPIVOTDATA("PS % recovery",Sheet4!$B$5,"Parish Name",K191)>99.949%,"OK","No") -> No | D191: =VLOOKUP(J191,'Ref2'!C:E,3,0) -> #N/A | E191: 61 | I191: =VLOOKUP(J191,Ref!L:M,2,0) -> #N/A | J191: 122440 | K191: Oak Church Stevenage | L191: Oak Church (extra parochial) (Bishop's Mission Order) | M191: Stevenage Deanery | N191: Archdeaconry of Hertford
A192: 2017 | C192: =IF(GETPIVOTDATA("PS % recovery",Sheet4!$B$5,"Parish Name",K192)>99.949%,"OK","No") -> No | D192: =VLOOKUP(J192,'Ref2'!C:E,3,0) -> #N/A | E192: 49 | I192: =VLOOKUP(J192,Ref!L:M,2,0) -> #N/A | J192: 121470 | K192: Knebworth | L192: Knebworth | M192: Stevenage Deanery | N192: Archdeaconry of Hertford | R192: 54609 | S192: 54609
A193: 2017 | C193: =IF(GETPIVOTDATA("PS % recovery",Sheet4!$B$5,"Parish Name",K193)>99.949%,"OK","No") -> OK | D193: =VLOOKUP(J193,'Ref2'!C:E,3,0) -> #N/A | E193: 151 | I193: =VLOOKUP(J193,Ref!L:M,2,0) -> #N/A | J193: 122442 | K193: Stevenage, All Saints, Pin Green | L193: Stevenage, All Saints, Pin Green | M193: Stevenage Deanery | N193: Archdeaconry of Hertford | R193: 19179 | S193: 19179
A194: 2017 | C194: =IF(GETPIVOTDATA("PS % recovery",Sheet4!$B$5,"Parish Name",K194)>99.949%,"OK","No") -> OK | D194: =VLOOKUP(J194,'Ref2'!C:E,3,0) -> #N/A | E194: 152 | I194: =VLOOKUP(J194,Ref!L:M,2,0) -> #N/A | J194: 122441 | K194: Stevenage, Holy Trinity | L194: Stevenage, Holy Trinity | M194: Stevenage Deanery | N194: Archdeaconry of Hertford | R194: 60111 | S194: 60111
A195: 2017 | C195: =IF(GETPIVOTDATA("PS % recovery",Sheet4!$B$5,"Parish Name",K195)>99.949%,"OK","No") -> No | D195: =VLOOKUP(J195,'Ref2'!C:E,3,0) -> #N/A | E195: 91 | I195: =VLOOKUP(J195,Ref!L:M,2,0) -> #N/A | J195: 122443 | K195: Stevenage, St Andrew and St George | L195: Stevenage, St Andrew and St George | M195: Stevenage Deanery | N195: Archdeaconry of Hertford | R195: 51857 | S195: 51856.75
A196: 2017 | C196: =IF(GETPIVOTDATA("PS % recovery",Sheet4!$B$5,"Parish Name",K196)>99.949%,"OK","No") -> OK | D196: =VLOOKUP(J196,'Ref2'!C:E,3,0) -> #N/A | E196: 139 | I196: =VLOOKUP(J196,Ref!L:M,2,0) -> #N/A | J196: 122444 | K196: Stevenage, St Hugh and St John, Chells (LEP) | L196: Stevenage, St Hugh and St John, Chells | M196: Stevenage Deanery | N196: Archdeaconry of Hertford | R196: 44662 | S196: 44662
A197: 2017 | C197: =IF(GETPIVOTDATA("PS % recovery",Sheet4!$B$5,"Parish Name",K197)>99.949%,"OK","No") -> No | D197: =VLOOKUP(J197,'Ref2'!C:E,3,0) -> LLF | E197: 93 | I197: =VLOOKUP(J197,Ref!L:M,2,0) -> #N/A | J197: 122446 | K197: Stevenage, St Nicholas | L197: Stevenage, St Nicholas and Graveley | M197: Stevenage Deanery | N197: Archdeaconry of Hertford | R197: 56133 | S197: 56133
A198: 2017 | C198: =IF(GETPIVOTDATA("PS % recovery",Sheet4!$B$5,"Parish Name",K198)>99.949%,"OK","No") -> OK | D198: =VLOOKUP(J198,'Ref2'!C:E,3,0) -> #N/A | E198: 153 | I198: =VLOOKUP(J198,Ref!L:M,2,0) -> Yes | J198: 122447 | K198: Stevenage, St Peter, Broadwater | L198: Stevenage, St Peter, Broadwater | M198: Stevenage Deanery | N198: Archdeaconry of Hertford | R198: 56455 | S198: 56455
A199: 2017 | C199: =IF(GETPIVOTDATA("PS % recovery",Sheet4!$B$5,"Parish Name",K199)>99.949%,"OK","No") -> OK | D199: =VLOOKUP(J199,'Ref2'!C:E,3,0) -> #N/A | E199: 153 | I199: =VLOOKUP(J199,Ref!L:M,2,0) -> #N/A | J199: 150050 | K199: Ampthill | L199: Ampthill with Millbrook and Steppingley | M199: Ampthill and Shefford Deanery | N199: Archdeaconry of Bedford | R199: 45049 | S199: 45049
A200: 2017 | C200: =IF(GETPIVOTDATA("PS % recovery",Sheet4!$B$5,"Parish Name",K200)>99.949%,"OK","No") -> No | D200: =VLOOKUP(J200,'Ref2'!C:E,3,0) -> #N/A | E200: 25 | I200: =VLOOKUP(J200,Ref!L:M,2,0) -> #N/A | J200: 151810 | K200: Millbrook | L200: Ampthill with Millbrook and Steppingley | M200: Ampthill and Shefford Deanery | N200: Archdeaconry of Bedford | R200: 6733 | S200: 3162
A201: 2017 | C201: =IF(GETPIVOTDATA("PS % recovery",Sheet4!$B$5,"Parish Name",K201)>99.949%,"OK","No") -> OK | D201: =VLOOKUP(J201,'Ref2'!C:E,3,0) -> #N/A | E201: 153 | I201: =VLOOKUP(J201,Ref!L:M,2,0) -> #N/A | J201: 152430 | K201: Steppingley | L201: Ampthill with Millbrook and Steppingley | M201: Ampthill and Shefford Deanery | N201: Archdeaconry of Bedford | R201: 4230 | S201: 4230
A202: 2017 | C202: =IF(GETPIVOTDATA("PS % recovery",Sheet4!$B$5,"Parish Name",K202)>99.949%,"OK","No") -> No | D202: =VLOOKUP(J202,'Ref2'!C:E,3,0) -> #N/A | E202: 30 | I202: =VLOOKUP(J202,Ref!L:M,2,0) -> #N/A | J202: 150130 | K202: Aspley Guise | L202: Aspley Guise with Husborne Crawley and Ridgmont | M202: Ampthill and Shefford Deanery | N202: Archdeaconry of Bedford | R202: 29597 | S202: 21132
A203: 2017 | C203: =IF(GETPIVOTDATA("PS % recovery",Sheet4!$B$5,"Parish Name",K203)>99.949%,"OK","No") -> No | D203: =VLOOKUP(J203,'Ref2'!C:E,3,0) -> #N/A | E203: 1 | I203: =VLOOKUP(J203,Ref!L:M,2,0) -> #N/A | J203: 151380 | K203: Husborne Crawley | L203: Aspley Guise with Husborne Crawley and Ridgmont | M203: Ampthill and Shefford Deanery | N203: Archdeaconry of Bedford | R203: 6842 | S203: 0
... A252: 2017 | C252: =IF(GETPIVOTDATA("PS % recovery",Sheet4!$B$5,"Parish Name",K252)>99.949%,"OK","No") -> No | D252: =VLOOKUP(J252,'Ref2'!C:E,3,0) -> #N/A | E252: 50 | I252: =VLOOKUP(J252,Ref!L:M,2,0) -> #N/A | J252: 162920 | K252: Wilshamstead | L252: Elstow Team Ministry | M252: Bedford Deanery | N252: Archdeaconry of Bedford | R252: 20003 | S252: 20003
A253: 2017 | C253: =IF(GETPIVOTDATA("PS % recovery",Sheet4!$B$5,"Parish Name",K253)>99.949%,"OK","No") -> #REF! | D253: =VLOOKUP(J253,'Ref2'!C:E,3,0) -> #N/A | E253: #N/A | I253: =VLOOKUP(J253,Ref!L:M,2,0) -> #N/A | K253: Lidlington (LEP) Do not Post to This Account | L253: Closed | M253: Closed | N253: Closed | R253: 4233 | S253: 500
A254: 2017 | C254: =IF(GETPIVOTDATA("PS % recovery",Sheet4!$B$5,"Parish Name",K254)>99.949%,"OK","No") -> OK | D254: =VLOOKUP(J254,'Ref2'!C:E,3,0) -> #N/A | E254: 153 | I254: =VLOOKUP(J254,Ref!L:M,2,0) -> #N/A | J254: 161770 | K254: Marston Morteyne with Lidlington | L254: Marston Morteyne with Lidlington | M254: Bedford Deanery | N254: Archdeaconry of Bedford | R254: 22965 | S254: 22965
A255: 2017 | C255: =IF(GETPIVOTDATA("PS % recovery",Sheet4!$B$5,"Parish Name",K255)>99.949%,"OK","No") -> OK | D255: =VLOOKUP(J255,'Ref2'!C:E,3,0) -> LLF | E255: 153 | I255: =VLOOKUP(J255,Ref!L:M,2,0) -> #N/A | J255: 162960 | K255: Wootton | L255: Wootton | M255: Bedford Deanery | N255: Archdeaconry of Bedford | R255: 60543 | S255: 60543
A256: 2017 | C256: =IF(GETPIVOTDATA("PS % recovery",Sheet4!$B$5,"Parish Name",K256)>99.949%,"OK","No") -> OK | D256: =VLOOKUP(J256,'Ref2'!C:E,3,0) -> #N/A | E256: 153 | I256: =VLOOKUP(J256,Ref!L:M,2,0) -> #N/A | J256: 170390 | K256: Biggleswade | L256: Biggleswade | M256: Biggleswade Deanery | N256: Archdeaconry of Bedford | R256: 70058 | S256: 70058
A257: 2017 | C257: =IF(GETPIVOTDATA("PS % recovery",Sheet4!$B$5,"Parish Name",K257)>99.949%,"OK","No") -> OK | D257: =VLOOKUP(J257,'Ref2'!C:E,3,0) -> #N/A | E257: 153 | I257: =VLOOKUP(J257,Ref!L:M,2,0) -> #N/A | J257: 170450 | K257: Blunham | L257: The Riversmeet Benefice | M257: Biggleswade Deanery | N257: Archdeaconry of Bedford | R257: 17469 | S257: 17469
A258: 2017 | C258: =IF(GETPIVOTDATA("PS % recovery",Sheet4!$B$5,"Parish Name",K258)>99.949%,"OK","No") -> No | D258: =VLOOKUP(J258,'Ref2'!C:E,3,0) -> #N/A | E258: 13 | I258: =VLOOKUP(J258,Ref!L:M,2,0) -> #N/A | J258: 172520 | K258: Tempsford with Little Barford | L258: The Riversmeet Benefice | M258: Biggleswade Deanery | N258: Archdeaconry of Bedford | R258: 2119 | S258: 2119
A259: 2017 | C259: =IF(GETPIVOTDATA("PS % recovery",Sheet4!$B$5,"Parish Name",K259)>99.949%,"OK","No") -> No | D259: =VLOOKUP(J259,'Ref2'!C:E,3,0) -> #N/A | E259: 27 | I259: =VLOOKUP(J259,Ref!L:M,2,0) -> #N/A | J259: 170600 | K259: Caldecote, All Saints | L259: Caldecote, Northill and Old Warden | M259: Biggleswade Deanery | N259: Archdeaconry of Bedford | R259: 19592 | S259: 19592
A260: 2017 | C260: =IF(GETPIVOTDATA("PS % recovery",Sheet4!$B$5,"Parish Name",K260)>99.949%,"OK","No") -> OK | D260: =VLOOKUP(J260,'Ref2'!C:E,3,0) -> #N/A | E260: 153 | I260: =VLOOKUP(J260,Ref!L:M,2,0) -> #N/A | J260: 171950 | K260: Old Warden | L260: Caldecote, Northill and Old Warden | M260: Biggleswade Deanery | N260: Archdeaconry of Bedford | R260: 5689 | S260: 5689
A261: 2017 | C261: =IF(GETPIVOTDATA("PS % recovery",Sheet4!$B$5,"Parish Name",K261)>99.949%,"OK","No") -> OK | D261: =VLOOKUP(J261,'Ref2'!C:E,3,0) -> #N/A | E261: 153 | I261: =VLOOKUP(J261,Ref!L:M,2,0) -> #N/A | J261: 171910 | K261: Northill | L261: Caldecote, Northill and Old Warden | M261: Biggleswade Deanery | N261: Archdeaconry of Bedford | R261: 20650 | S261: 20650
A262: 2017 | C262: =IF(GETPIVOTDATA("PS % recovery",Sheet4!$B$5,"Parish Name",K262)>99.949%,"OK","No") -> OK | D262: =VLOOKUP(J262,'Ref2'!C:E,3,0) -> #N/A | E262: 142 | I262: =VLOOKUP(J262,Ref!L:M,2,0) -> #N/A | J262: 170712 | K262: Cockayne Hatley | L262: Potton with Sutton and Cockayne Hatley | M262: Biggleswade Deanery | N262: Archdeaconry of Bedford | R262: 2842 | S262: 2842
A263: 2017 | C263: =IF(GETPIVOTDATA("PS % recovery",Sheet4!$B$5,"Parish Name",K263)>99.949%,"OK","No") -> No | D263: =VLOOKUP(J263,'Ref2'!C:E,3,0) -> #N/A | E263: 137 | I263: =VLOOKUP(J263,Ref!L:M,2,0) -> #N/A | J263: 172030 | K263: Potton | L263: Potton with Sutton and Cockayne Hatley | M263: Biggleswade Deanery | N263: Archdeaconry of Bedford | R263: 44507 | S263: 44507
A264: 2017 | C264: =IF(GETPIVOTDATA("PS % recovery",Sheet4!$B$5,"Parish Name",K264)>99.949%,"OK","No") -> OK | D264: =VLOOKUP(J264,'Ref2'!C:E,3,0) -> #N/A | E264: 153 | I264: =VLOOKUP(J264,Ref!L:M,2,0) -> #N/A | J264: 172510 | K264: Sutton | L264: Potton with Sutton and Cockayne Hatley | M264: Biggleswade Deanery | N264: Archdeaconry of Bedford | R264: 10221 | S264: 10221
A265: 2017 | C265: =IF(GETPIVOTDATA("PS % recovery",Sheet4!$B$5,"Parish Name",K265)>99.949%,"OK","No") -> OK | D265: =VLOOKUP(J265,'Ref2'!C:E,3,0) -> #N/A | E265: 133 | I265: =VLOOKUP(J265,Ref!L:M,2,0) -> #N/A | J265: 170760 | K265: Cople | L265: Cople, Moggerhanger and Willington | M265: Biggleswade Deanery | N265: Archdeaconry of Bedford | R265: 18978 | S265: 18978
... A278: 2017 | C278: =IF(GETPIVOTDATA("PS % recovery",Sheet4!$B$5,"Parish Name",K278)>99.949%,"OK","No") -> OK | D278: =VLOOKUP(J278,'Ref2'!C:E,3,0) -> #N/A | E278: 153 | I278: =VLOOKUP(J278,Ref!L:M,2,0) -> #N/A | J278: 180870 | K278: Eaton Bray with Edlesborough | L278: Eaton Bray with Edlesborough | M278: Dunstable Deanery | N278: Archdeaconry of Bedford | R278: 57700 | S278: 57700
A279: 2017 | C279: =IF(GETPIVOTDATA("PS % recovery",Sheet4!$B$5,"Parish Name",K279)>99.949%,"OK","No") -> #REF! | D279: =VLOOKUP(J279,'Ref2'!C:E,3,0) -> #N/A | E279: #N/A | I279: =VLOOKUP(J279,Ref!L:M,2,0) -> #N/A | K279: Egginton | L279: Closed | M279: Closed | N279: Closed | R279: 7905 | S279: 7904.75
A280: 2017 | C280: =IF(GETPIVOTDATA("PS % recovery",Sheet4!$B$5,"Parish Name",K280)>99.949%,"OK","No") -> No | D280: =VLOOKUP(J280,'Ref2'!C:E,3,0) -> #N/A | E280: 126 | I280: =VLOOKUP(J280,Ref!L:M,2,0) -> #N/A | J280: 181160 | K280: Heath and Reach with Egginton | L280: Ouzel Valley Team Ministry | M280: Dunstable Deanery | N280: Archdeaconry of Bedford | R280: 40278 | S280: 40278
A281: 2017 | C281: =IF(GETPIVOTDATA("PS % recovery",Sheet4!$B$5,"Parish Name",K281)>99.949%,"OK","No") -> OK | D281: =VLOOKUP(J281,'Ref2'!C:E,3,0) -> #N/A | E281: 153 | I281: =VLOOKUP(J281,Ref!L:M,2,0) -> #N/A | J281: 181310 | K281: Hockliffe | L281: Ouzel Valley Team Ministry | M281: Dunstable Deanery | N281: Archdeaconry of Bedford | R281: 9387 | S281: 9387
A282: 2017 | C282: =IF(GETPIVOTDATA("PS % recovery",Sheet4!$B$5,"Parish Name",K282)>99.949%,"OK","No") -> No | D282: =VLOOKUP(J282,'Ref2'!C:E,3,0) -> #N/A | E282: 21 | I282: =VLOOKUP(J282,Ref!L:M,2,0) -> #N/A | J282: 181360 | K282: Houghton Regis | L282: Houghton Regis | M282: Dunstable Deanery | N282: Archdeaconry of Bedford | R282: 44239 | S282: 24000
A283: 2017 | C283: =IF(GETPIVOTDATA("PS % recovery",Sheet4!$B$5,"Parish Name",K283)>99.949%,"OK","No") -> OK | D283: =VLOOKUP(J283,'Ref2'!C:E,3,0) -> #N/A | E283: 153 | I283: =VLOOKUP(J283,Ref!L:M,2,0) -> #N/A | J283: 181420 | K283: Kensworth | L283: Kensworth, Studham and Whipsnade | M283: Dunstable Deanery | N283: Archdeaconry of Bedford | R283: 21941 | S283: 21941
A284: 2017 | C284: =IF(GETPIVOTDATA("PS % recovery",Sheet4!$B$5,"Parish Name",K284)>99.949%,"OK","No") -> No | D284: =VLOOKUP(J284,'Ref2'!C:E,3,0) -> #N/A | E284: 119 | I284: =VLOOKUP(J284,Ref!L:M,2,0) -> #N/A | J284: 181530 | K284: Leighton Buzzard | L284: Ouzel Valley Team Ministry | M284: Dunstable Deanery | N284: Archdeaconry of Bedford | R284: 92094 | S284: 92094
A285: 2017 | C285: =IF(GETPIVOTDATA("PS % recovery",Sheet4!$B$5,"Parish Name",K285)>99.949%,"OK","No") -> OK | D285: =VLOOKUP(J285,'Ref2'!C:E,3,0) -> #N/A | E285: 153 | I285: =VLOOKUP(J285,Ref!L:M,2,0) -> #N/A | J285: 181535 | K285: Linslade | L285: Ouzel Valley Team Ministry | M285: Dunstable Deanery | N285: Archdeaconry of Bedford | R285: 63497 | S285: 63497
A286: 2017 | C286: =IF(GETPIVOTDATA("PS % recovery",Sheet4!$B$5,"Parish Name",K286)>99.949%,"OK","No") -> No | D286: =VLOOKUP(J286,'Ref2'!C:E,3,0) -> #N/A | E286: 72 | I286: =VLOOKUP(J286,Ref!L:M,2,0) -> #N/A | J286: 181540 | K286: Sandhills, Church of the Good Shepherd (Conve | L286: Ouzel Valley Team Ministry | M286: Dunstable Deanery | N286: Archdeaconry of Bedford | R286: 16978 | S286: 12675
A287: 2017 | C287: =IF(GETPIVOTDATA("PS % recovery",Sheet4!$B$5,"Parish Name",K287)>99.949%,"OK","No") -> No | D287: =VLOOKUP(J287,'Ref2'!C:E,3,0) -> #N/A | E287: 37 | I287: =VLOOKUP(J287,Ref!L:M,2,0) -> #N/A | J287: 182390 | K287: Stanbridge | L287: Totternhoe, Stanbridge and Tilsworth | M287: Dunstable Deanery | N287: Archdeaconry of Bedford | R287: 14925 | S287: 14925
A288: 2017 | C288: =IF(GETPIVOTDATA("PS % recovery",Sheet4!$B$5,"Parish Name",K288)>99.949%,"OK","No") -> OK | D288: =VLOOKUP(J288,'Ref2'!C:E,3,0) -> #N/A | E288: 153 | I288: =VLOOKUP(J288,Ref!L:M,2,0) -> #N/A | J288: 182490 | K288: Studham | L288: Kensworth, Studham and Whipsnade | M288: Dunstable Deanery | N288: Archdeaconry of Bedford | R288: 20248 | S288: 20248
A289: 2017 | C289: =IF(GETPIVOTDATA("PS % recovery",Sheet4!$B$5,"Parish Name",K289)>99.949%,"OK","No") -> No | D289: =VLOOKUP(J289,'Ref2'!C:E,3,0) -> #N/A | E289: 136 | I289: =VLOOKUP(J289,Ref!L:M,2,0) -> #N/A | J289: 182571 | K289: Tilsworth | L289: Totternhoe, Stanbridge and Tilsworth | M289: Dunstable Deanery | N289: Archdeaconry of Bedford | R289: 7968 | S289: 7968
A290: 2017 | C290: =IF(GETPIVOTDATA("PS % recovery",Sheet4!$B$5,"Parish Name",K290)>99.949%,"OK","No") -> No | D290: =VLOOKUP(J290,'Ref2'!C:E,3,0) -> #N/A | E290: 65 | I290: =VLOOKUP(J290,Ref!L:M,2,0) -> #N/A | J290: 182590 | K290: Toddington | L290: Toddington and Chalgrave | M290: Dunstable Deanery | N290: Archdeaconry of Bedford | R290: 22366 | S290: 10500
A291: 2017 | C291: =IF(GETPIVOTDATA("PS % recovery",Sheet4!$B$5,"Parish Name",K291)>99.949%,"OK","No") -> OK | D291: =VLOOKUP(J291,'Ref2'!C:E,3,0) -> #N/A | E291: 153 | I291: =VLOOKUP(J291,Ref!L:M,2,0) -> #N/A | J291: 182610 | K291: Totternhoe | L291: Totternhoe, Stanbridge and Tilsworth | M291: Dunstable Deanery | N291: Archdeaconry of Bedford | R291: 24260 | S291: 24260
... A302: 2017 | C302: =IF(GETPIVOTDATA("PS % recovery",Sheet4!$B$5,"Parish Name",K302)>99.949%,"OK","No") -> No | D302: =VLOOKUP(J302,'Ref2'!C:E,3,0) -> #N/A | E302: 36 | I302: =VLOOKUP(J302,Ref!L:M,2,0) -> #N/A | J302: 201701 | K302: Luton, St Anne with St Christopher | L302: Luton, St Anne with St Christopher | M302: Luton Deanery | N302: Archdeaconry of Bedford | R302: 19993 | S302: 13425
A303: 2017 | C303: =IF(GETPIVOTDATA("PS % recovery",Sheet4!$B$5,"Parish Name",K303)>99.949%,"OK","No") -> #REF! | D303: =VLOOKUP(J303,'Ref2'!C:E,3,0) -> #N/A | E303: #N/A | I303: =VLOOKUP(J303,Ref!L:M,2,0) -> #N/A | K303: Luton, Round Green, St Christopher | L303: Closed | M303: Closed | N303: Closed | R303: 22532 | S303: 21869
A304: 2017 | C304: =IF(GETPIVOTDATA("PS % recovery",Sheet4!$B$5,"Parish Name",K304)>99.949%,"OK","No") -> No | D304: =VLOOKUP(J304,'Ref2'!C:E,3,0) -> LLF | E304: 331 | I304: =VLOOKUP(J304,Ref!L:M,2,0) -> #N/A | J304: 201711 | K304: Luton, St Francis | L304: Luton, St Francis | M304: Luton Deanery | N304: Archdeaconry of Bedford | R304: 44867 | S304: 45530
A305: 2017 | C305: =IF(GETPIVOTDATA("PS % recovery",Sheet4!$B$5,"Parish Name",K305)>99.949%,"OK","No") -> OK | D305: =VLOOKUP(J305,'Ref2'!C:E,3,0) -> #N/A | E305: 153 | I305: =VLOOKUP(J305,Ref!L:M,2,0) -> #N/A | J305: 201713 | K305: Luton | L305: Luton | M305: Luton Deanery | N305: Archdeaconry of Bedford | R305: 64067 | S305: 64067
A306: 2017 | C306: =IF(GETPIVOTDATA("PS % recovery",Sheet4!$B$5,"Parish Name",K306)>99.949%,"OK","No") -> #REF! | D306: =VLOOKUP(J306,'Ref2'!C:E,3,0) -> #N/A | E306: #N/A | I306: =VLOOKUP(J306,Ref!L:M,2,0) -> #N/A | K306: Luton, St Matthew, High Town | L306: Closed | M306: Closed | N306: Closed | R306: 16636 | S306: 2479.17
A307: 2017 | C307: =IF(GETPIVOTDATA("PS % recovery",Sheet4!$B$5,"Parish Name",K307)>99.949%,"OK","No") -> No | D307: =VLOOKUP(J307,'Ref2'!C:E,3,0) -> #N/A | E307: 42 | I307: =VLOOKUP(J307,Ref!L:M,2,0) -> #N/A | J307: 201730 | K307: Luton, St Paul | L307: Luton, St Paul | M307: Luton Deanery | N307: Archdeaconry of Bedford | R307: 14329 | S307: 13476
A308: 2017 | C308: =IF(GETPIVOTDATA("PS % recovery",Sheet4!$B$5,"Parish Name",K308)>99.949%,"OK","No") -> No | D308: =VLOOKUP(J308,'Ref2'!C:E,3,0) -> #N/A | E308: 15 | I308: =VLOOKUP(J308,Ref!L:M,2,0) -> #N/A | J308: 201740 | K308: Luton, St Saviour | L308: Luton, St Saviour | M308: Luton Deanery | N308: Archdeaconry of Bedford | R308: 17675 | S308: 6000
A309: 2017 | C309: =IF(GETPIVOTDATA("PS % recovery",Sheet4!$B$5,"Parish Name",K309)>99.949%,"OK","No") -> No | D309: =VLOOKUP(J309,'Ref2'!C:E,3,0) -> #N/A | E309: 14 | I309: =VLOOKUP(J309,Ref!L:M,2,0) -> #N/A | J309: 201690 | K309: Marsh Farm | L309: Marsh Farm | M309: Luton Deanery | N309: Archdeaconry of Bedford | R309: 23618 | S309: 13600
A310: 2017 | C310: =IF(GETPIVOTDATA("PS % recovery",Sheet4!$B$5,"Parish Name",K310)>99.949%,"OK","No") -> OK | D310: =VLOOKUP(J310,'Ref2'!C:E,3,0) -> #N/A | E310: 97 | I310: =VLOOKUP(J310,Ref!L:M,2,0) -> #N/A | J310: 202460 | K310: Stopsley, St Thomas | L310: Stopsley, St Thomas | M310: Luton Deanery | N310: Archdeaconry of Bedford | R310: 64383 | S310: 25000
A311: 2017 | C311: =IF(GETPIVOTDATA("PS % recovery",Sheet4!$B$5,"Parish Name",K311)>99.949%,"OK","No") -> No | D311: =VLOOKUP(J311,'Ref2'!C:E,3,0) -> #N/A | E311: 58 | I311: =VLOOKUP(J311,Ref!L:M,2,0) -> #N/A | J311: 202480 | K311: Streatley | L311: Streatley | M311: Luton Deanery | N311: Archdeaconry of Bedford | R311: 58841 | S311: 42000
A312: 2017 | C312: =IF(GETPIVOTDATA("PS % recovery",Sheet4!$B$5,"Parish Name",K312)>99.949%,"OK","No") -> No | D312: =VLOOKUP(J312,'Ref2'!C:E,3,0) -> #N/A | E312: 46 | I312: =VLOOKUP(J312,Ref!L:M,2,0) -> #N/A | J312: 202491 | K312: Sundon | L312: Sundon | M312: Luton Deanery | N312: Archdeaconry of Bedford | R312: 22119 | S312: 22119
A313: 2017 | C313: =IF(GETPIVOTDATA("PS % recovery",Sheet4!$B$5,"Parish Name",K313)>99.949%,"OK","No") -> No | D313: =VLOOKUP(J313,'Ref2'!C:E,3,0) -> LLF | E313: 114 | I313: =VLOOKUP(J313,Ref!L:M,2,0) -> #N/A | J313: 210440 | K313: Bletsoe | L313: Riseley with Bletsoe | M313: Sharnbrook Deanery | N313: Archdeaconry of Bedford | R313: 14446 | S313: 14446
A314: 2017 | C314: =IF(GETPIVOTDATA("PS % recovery",Sheet4!$B$5,"Parish Name",K314)>99.949%,"OK","No") -> OK | D314: =VLOOKUP(J314,'Ref2'!C:E,3,0) -> LLF | E314: 153 | I314: =VLOOKUP(J314,Ref!L:M,2,0) -> Yes | J314: 212130 | K314: Riseley | L314: Riseley with Bletsoe | M314: Sharnbrook Deanery | N314: Archdeaconry of Bedford | R314: 50109 | S314: 50109
A315: 2017 | C315: =IF(GETPIVOTDATA("PS % recovery",Sheet4!$B$5,"Parish Name",K315)>99.949%,"OK","No") -> No | D315: =VLOOKUP(J315,'Ref2'!C:E,3,0) -> #N/A | E315: 102 | I315: =VLOOKUP(J315,Ref!L:M,2,0) -> #N/A | J315: 210460 | K315: Bolnhurst | L315: Bolnhurst with Keysoe | M315: Sharnbrook Deanery | N315: Archdeaconry of Bedford | R315: 2116 | S315: 2000
A316: 2017 | C316: =IF(GETPIVOTDATA("PS % recovery",Sheet4!$B$5,"Parish Name",K316)>99.949%,"OK","No") -> No | D316: =VLOOKUP(J316,'Ref2'!C:E,3,0) -> #N/A | E316: 53 | I316: =VLOOKUP(J316,Ref!L:M,2,0) -> #N/A | J316: 211430 | K316: Keysoe | L316: Bolnhurst with Keysoe | M316: Sharnbrook Deanery | N316: Archdeaconry of Bedford | R316: 6137 | S316: 2300
A317: 2017 | C317: =IF(GETPIVOTDATA("PS % recovery",Sheet4!$B$5,"Parish Name",K317)>99.949%,"OK","No") -> OK | D317: =VLOOKUP(J317,'Ref2'!C:E,3,0) -> #N/A | E317: 153 | I317: =VLOOKUP(J317,Ref!L:M,2,0) -> #N/A | J317: 210630 | K317: Carlton with Chellington (LEP) | L317: Chellington Team | M317: Sharnbrook Deanery | N317: Archdeaconry of Bedford | R317: 19766 | S317: 19766
A318: 2017 | C318: =IF(GETPIVOTDATA("PS % recovery",Sheet4!$B$5,"Parish Name",K318)>99.949%,"OK","No") -> No | D318: =VLOOKUP(J318,'Ref2'!C:E,3,0) -> #N/A | E318: 63 | I318: =VLOOKUP(J318,Ref!L:M,2,0) -> #N/A | J318: 211120 | K318: Harrold (LEP) | L318: Chellington Team | M318: Sharnbrook Deanery | N318: Archdeaconry of Bedford | R318: 15541 | S318: 13000
... A408: 2018 | C408: =IF(GETPIVOTDATA("PS % recovery",Sheet4!$B$5,"Parish Name",K408)>99.949%,"OK","No") -> OK | D408: =VLOOKUP(J408,'Ref2'!C:E,3,0) -> #N/A | E408: 153 | I408: =VLOOKUP(J408,Ref!L:M,2,0) -> #N/A | J408: 141110 | K408: Harpenden | L408: Harpenden | M408: Wheathampstead Deanery | N408: Archdeaconry of St Albans | R408: 257704 | S408: 257704
A409: 2018 | C409: =IF(GETPIVOTDATA("PS % recovery",Sheet4!$B$5,"Parish Name",K409)>99.949%,"OK","No") -> OK | D409: =VLOOKUP(J409,'Ref2'!C:E,3,0) -> #N/A | E409: 149 | I409: =VLOOKUP(J409,Ref!L:M,2,0) -> #N/A | J409: 141760 | K409: Markyate Street, St John the Baptist | L409: Flamstead and Markyate Street | M409: Wheathampstead Deanery | N409: Archdeaconry of St Albans | R409: 29753 | S409: =29752.8800000026+0.12 -> 29753
A410: 2018 | C410: =IF(GETPIVOTDATA("PS % recovery",Sheet4!$B$5,"Parish Name",K410)>99.949%,"OK","No") -> OK | D410: =VLOOKUP(J410,'Ref2'!C:E,3,0) -> #N/A | E410: 153 | I410: =VLOOKUP(J410,Ref!L:M,2,0) -> #N/A | J410: 142080 | K410: Redbourn | L410: Redbourn | M410: Wheathampstead Deanery | N410: Archdeaconry of St Albans | R410: 125530 | S410: 125530
A411: 2018 | C411: =IF(GETPIVOTDATA("PS % recovery",Sheet4!$B$5,"Parish Name",K411)>99.949%,"OK","No") -> OK | D411: =VLOOKUP(J411,'Ref2'!C:E,3,0) -> #N/A | E411: 153 | I411: =VLOOKUP(J411,Ref!L:M,2,0) -> #N/A | J411: 142280 | K411: Sandridge | L411: Sandridge | M411: Wheathampstead Deanery | N411: Archdeaconry of St Albans | R411: 41575 | S411: 41575
A412: 2018 | C412: =IF(GETPIVOTDATA("PS % recovery",Sheet4!$B$5,"Parish Name",K412)>99.949%,"OK","No") -> OK | D412: =VLOOKUP(J412,'Ref2'!C:E,3,0) -> #N/A | E412: 153 | I412: =VLOOKUP(J412,Ref!L:M,2,0) -> #N/A | J412: 142860 | K412: Wheathampstead | L412: Wheathampstead | M412: Wheathampstead Deanery | N412: Archdeaconry of St Albans | R412: 95460 | S412: 95460
A413: 2018 | C413: =IF(GETPIVOTDATA("PS % recovery",Sheet4!$B$5,"Parish Name",K413)>99.949%,"OK","No") -> OK | D413: =VLOOKUP(J413,'Ref2'!C:E,3,0) -> #N/A | E413: 153 | I413: =VLOOKUP(J413,Ref!L:M,2,0) -> #N/A | J413: 231171 | K413: Hemel Hempstead, St Barnabas, Adeyfield | L413: Hemel Hempstead Team Ministry | M413: Hemel Hempstead Deanery | N413: Archdeaconry of St Albans | R413: 47958 | S413: 47958
A414: 2018 | C414: =IF(GETPIVOTDATA("PS % recovery",Sheet4!$B$5,"Parish Name",K414)>99.949%,"OK","No") -> No | D414: =VLOOKUP(J414,'Ref2'!C:E,3,0) -> #N/A | E414: 127 | I414: =VLOOKUP(J414,Ref!L:M,2,0) -> #N/A | J414: 231172 | K414: Hemel Hempstead, Grovehill and Woodhall Farm | L414: Hemel Hempstead Team Ministry | M414: Hemel Hempstead Deanery | N414: Archdeaconry of St Albans | R414: 28487 | S414: 28487
A415: 2018 | C415: =IF(GETPIVOTDATA("PS % recovery",Sheet4!$B$5,"Parish Name",K415)>99.949%,"OK","No") -> OK | D415: =VLOOKUP(J415,'Ref2'!C:E,3,0) -> #N/A | E415: 153 | I415: =VLOOKUP(J415,Ref!L:M,2,0) -> #N/A | J415: 231173 | K415: Hemel Hempstead, St Mary and St Paul | L415: Hemel Hempstead Team Ministry | M415: Hemel Hempstead Deanery | N415: Archdeaconry of St Albans | R415: 38771 | S415: 38771
A416: 2018 | C416: =IF(GETPIVOTDATA("PS % recovery",Sheet4!$B$5,"Parish Name",K416)>99.949%,"OK","No") -> No | D416: =VLOOKUP(J416,'Ref2'!C:E,3,0) -> #N/A | E416: 11 | I416: =VLOOKUP(J416,Ref!L:M,2,0) -> #N/A | J416: 231174 | K416: Hemel Hempstead, Warners End and Gadebridge | L416: Hemel Hempstead Team Ministry | M416: Hemel Hempstead Deanery | N416: Archdeaconry of St Albans | R416: 29678 | S416: 13300
A417: 2018 | C417: =IF(GETPIVOTDATA("PS % recovery",Sheet4!$B$5,"Parish Name",K417)>99.949%,"OK","No") -> No | D417: =VLOOKUP(J417,'Ref2'!C:E,3,0) -> #N/A | E417: 99 | I417: =VLOOKUP(J417,Ref!L:M,2,0) -> #N/A | J417: 230500 | K417: Boxmoor | L417: Boxmoor | M417: Hemel Hempstead Deanery | N417: Archdeaconry of St Albans | R417: 80837 | S417: 80837
A418: 2018 | C418: =IF(GETPIVOTDATA("PS % recovery",Sheet4!$B$5,"Parish Name",K418)>99.949%,"OK","No") -> OK | D418: =VLOOKUP(J418,'Ref2'!C:E,3,0) -> #N/A | E418: 153 | I418: =VLOOKUP(J418,Ref!L:M,2,0) -> #N/A | J418: 230501 | K418: Hammerfield, St Francis of Assisi | L418: Boxmoor | M418: Hemel Hempstead Deanery | N418: Archdeaconry of St Albans | R418: 3922 | S418: 3922
A419: 2018 | C419: =IF(GETPIVOTDATA("PS % recovery",Sheet4!$B$5,"Parish Name",K419)>99.949%,"OK","No") -> OK | D419: =VLOOKUP(J419,'Ref2'!C:E,3,0) -> #N/A | E419: 153 | I419: =VLOOKUP(J419,Ref!L:M,2,0) -> #N/A | J419: 230641 | K419: Apsley End | L419: Langelei Team Ministry | M419: Hemel Hempstead Deanery | N419: Archdeaconry of St Albans | R419: 41626 | S419: 41626
A420: 2018 | C420: =IF(GETPIVOTDATA("PS % recovery",Sheet4!$B$5,"Parish Name",K420)>99.949%,"OK","No") -> No | D420: =VLOOKUP(J420,'Ref2'!C:E,3,0) -> #N/A | E420: 41 | I420: =VLOOKUP(J420,Ref!L:M,2,0) -> #N/A | J420: 230642 | K420: Bennetts End | L420: Langelei Team Ministry | M420: Hemel Hempstead Deanery | N420: Archdeaconry of St Albans | R420: 22108 | S420: 22108
A421: 2018 | C421: =IF(GETPIVOTDATA("PS % recovery",Sheet4!$B$5,"Parish Name",K421)>99.949%,"OK","No") -> OK | D421: =VLOOKUP(J421,'Ref2'!C:E,3,0) -> #N/A | E421: 153 | I421: =VLOOKUP(J421,Ref!L:M,2,0) -> #N/A | J421: 230643 | K421: Leverstock Green | L421: Langelei Team Ministry | M421: Hemel Hempstead Deanery | N421: Archdeaconry of St Albans | R421: 56077 | S421: 56077
... A524: 2018 | C524: =IF(GETPIVOTDATA("PS % recovery",Sheet4!$B$5,"Parish Name",K524)>99.949%,"OK","No") -> No | D524: =VLOOKUP(J524,'Ref2'!C:E,3,0) -> #N/A | E524: 77 | I524: =VLOOKUP(J524,Ref!L:M,2,0) -> #N/A | J524: 122445 | K524: Stevenage, St Mary, Shephall | L524: Stevenage, St Mary, Shephall | M524: Stevenage Deanery | N524: Archdeaconry of Hertford | R524: 38654 | S524: 38654
A525: 2018 | C525: =IF(GETPIVOTDATA("PS % recovery",Sheet4!$B$5,"Parish Name",K525)>99.949%,"OK","No") -> No | D525: =VLOOKUP(J525,'Ref2'!C:E,3,0) -> #N/A | E525: 61 | I525: =VLOOKUP(J525,Ref!L:M,2,0) -> #N/A | J525: 122440 | K525: Oak Church Stevenage | L525: Oak Church (extra parochial) (Bishop's Mission Order) | M525: Stevenage Deanery | N525: Archdeaconry of Hertford
A526: 2018 | C526: =IF(GETPIVOTDATA("PS % recovery",Sheet4!$B$5,"Parish Name",K526)>99.949%,"OK","No") -> No | D526: =VLOOKUP(J526,'Ref2'!C:E,3,0) -> #N/A | E526: 49 | I526: =VLOOKUP(J526,Ref!L:M,2,0) -> #N/A | J526: 121470 | K526: Knebworth | L526: Knebworth | M526: Stevenage Deanery | N526: Archdeaconry of Hertford | R526: 55584 | S526: 44500
A527: 2018 | C527: =IF(GETPIVOTDATA("PS % recovery",Sheet4!$B$5,"Parish Name",K527)>99.949%,"OK","No") -> OK | D527: =VLOOKUP(J527,'Ref2'!C:E,3,0) -> #N/A | E527: 151 | I527: =VLOOKUP(J527,Ref!L:M,2,0) -> #N/A | J527: 122442 | K527: Stevenage, All Saints, Pin Green | L527: Stevenage, All Saints, Pin Green | M527: Stevenage Deanery | N527: Archdeaconry of Hertford | R527: 22042 | S527: 22041.96
A528: 2018 | C528: =IF(GETPIVOTDATA("PS % recovery",Sheet4!$B$5,"Parish Name",K528)>99.949%,"OK","No") -> OK | D528: =VLOOKUP(J528,'Ref2'!C:E,3,0) -> #N/A | E528: 152 | I528: =VLOOKUP(J528,Ref!L:M,2,0) -> #N/A | J528: 122441 | K528: Stevenage, Holy Trinity | L528: Stevenage, Holy Trinity | M528: Stevenage Deanery | N528: Archdeaconry of Hertford | R528: 58070 | S528: 58069.96
A529: 2018 | C529: =IF(GETPIVOTDATA("PS % recovery",Sheet4!$B$5,"Parish Name",K529)>99.949%,"OK","No") -> No | D529: =VLOOKUP(J529,'Ref2'!C:E,3,0) -> #N/A | E529: 91 | I529: =VLOOKUP(J529,Ref!L:M,2,0) -> #N/A | J529: 122443 | K529: Stevenage, St Andrew and St George | L529: Stevenage, St Andrew and St George | M529: Stevenage Deanery | N529: Archdeaconry of Hertford | R529: 51226 | S529: 51226.5
A530: 2018 | C530: =IF(GETPIVOTDATA("PS % recovery",Sheet4!$B$5,"Parish Name",K530)>99.949%,"OK","No") -> OK | D530: =VLOOKUP(J530,'Ref2'!C:E,3,0) -> #N/A | E530: 139 | I530: =VLOOKUP(J530,Ref!L:M,2,0) -> #N/A | J530: 122444 | K530: Stevenage, St Hugh and St John, Chells (LEP) | L530: Stevenage, St Hugh and St John, Chells | M530: Stevenage Deanery | N530: Archdeaconry of Hertford | R530: 45343 | S530: 45343
A531: 2018 | C531: =IF(GETPIVOTDATA("PS % recovery",Sheet4!$B$5,"Parish Name",K531)>99.949%,"OK","No") -> No | D531: =VLOOKUP(J531,'Ref2'!C:E,3,0) -> LLF | E531: 93 | I531: =VLOOKUP(J531,Ref!L:M,2,0) -> #N/A | J531: 122446 | K531: Stevenage, St Nicholas | L531: Stevenage, St Nicholas and Graveley | M531: Stevenage Deanery | N531: Archdeaconry of Hertford | R531: 66930 | S531: 66930
A532: 2018 | C532: =IF(GETPIVOTDATA("PS % recovery",Sheet4!$B$5,"Parish Name",K532)>99.949%,"OK","No") -> OK | D532: =VLOOKUP(J532,'Ref2'!C:E,3,0) -> #N/A | E532: 153 | I532: =VLOOKUP(J532,Ref!L:M,2,0) -> Yes | J532: 122447 | K532: Stevenage, St Peter, Broadwater | L532: Stevenage, St Peter, Broadwater | M532: Stevenage Deanery | N532: Archdeaconry of Hertford | R532: 56456 | S532: 56456
A533: 2018 | C533: =IF(GETPIVOTDATA("PS % recovery",Sheet4!$B$5,"Parish Name",K533)>99.949%,"OK","No") -> OK | D533: =VLOOKUP(J533,'Ref2'!C:E,3,0) -> #N/A | E533: 153 | I533: =VLOOKUP(J533,Ref!L:M,2,0) -> #N/A | J533: 150050 | K533: Ampthill | L533: Ampthill with Millbrook and Steppingley | M533: Ampthill and Shefford Deanery | N533: Archdeaconry of Bedford | R533: 46611 | S533: 46611
A534: 2018 | C534: =IF(GETPIVOTDATA("PS % recovery",Sheet4!$B$5,"Parish Name",K534)>99.949%,"OK","No") -> No | D534: =VLOOKUP(J534,'Ref2'!C:E,3,0) -> #N/A | E534: 25 | I534: =VLOOKUP(J534,Ref!L:M,2,0) -> #N/A | J534: 151810 | K534: Millbrook | L534: Ampthill with Millbrook and Steppingley | M534: Ampthill and Shefford Deanery | N534: Archdeaconry of Bedford | R534: 7007 | S534: 3162
A535: 2018 | C535: =IF(GETPIVOTDATA("PS % recovery",Sheet4!$B$5,"Parish Name",K535)>99.949%,"OK","No") -> OK | D535: =VLOOKUP(J535,'Ref2'!C:E,3,0) -> #N/A | E535: 153 | I535: =VLOOKUP(J535,Ref!L:M,2,0) -> #N/A | J535: 152430 | K535: Steppingley | L535: Ampthill with Millbrook and Steppingley | M535: Ampthill and Shefford Deanery | N535: Archdeaconry of Bedford | R535: 2872 | S535: 2872
A536: 2018 | C536: =IF(GETPIVOTDATA("PS % recovery",Sheet4!$B$5,"Parish Name",K536)>99.949%,"OK","No") -> No | D536: =VLOOKUP(J536,'Ref2'!C:E,3,0) -> #N/A | E536: 30 | I536: =VLOOKUP(J536,Ref!L:M,2,0) -> #N/A | J536: 150130 | K536: Aspley Guise | L536: Aspley Guise with Husborne Crawley and Ridgmont | M536: Ampthill and Shefford Deanery | N536: Archdeaconry of Bedford | R536: 30482 | S536: 21766
A537: 2018 | C537: =IF(GETPIVOTDATA("PS % recovery",Sheet4!$B$5,"Parish Name",K537)>99.949%,"OK","No") -> No | D537: =VLOOKUP(J537,'Ref2'!C:E,3,0) -> #N/A | E537: 1 | I537: =VLOOKUP(J537,Ref!L:M,2,0) -> #N/A | J537: 151380 | K537: Husborne Crawley | L537: Aspley Guise with Husborne Crawley and Ridgmont | M537: Ampthill and Shefford Deanery | N537: Archdeaconry of Bedford | R537: 6394 | S537: 0
...

Sheet Formula
A1: Calculated Field
A2: Solve Order | B2: Field | C2: Formula
A3: 1 | B3: PS % recovery | C3: =Received/Request
A5: Calculated Item
A6: Solve Order | B6: Item | C6: Formula
A9: Note: | B9: When a cell is updated by more than one formula,
B10: the value is set by the formula with the last solve order.
B12: To change the solve order for multiple calculated items or fields,
B13: on the Options tab, in the Calculations group, click Fields, Items, & Sets, and then click Solve Order.

Sheet Home Page
E3: Please click on the deanery below to view the report
E5: Archdeaconry of St Albans | F5: Archdeaconry of Hertford | G5: Archdeaconry of Bedford
E6: Berkhamsted Deanery | F6: Barnet Deanery | G6: Ampthill and Shefford Deanery
E7: Hitchin Deanery | F7: Bishop's Stortford Deanery | G7: Bedford Deanery
E8: Rickmansworth Deanery | F8: Buntingford Deanery | G8: Biggleswade Deanery
E9: St Albans Deanery | F9: Cheshunt Deanery | G9: Dunstable Deanery
E10: Watford Deanery | F10: Welwyn Hatfield Deanery | G10: Luton Deanery
E11: Wheathampstead Deanery | F11: Hertford and Ware Deanery | G11: Sharnbrook Deanery
E12: Hemel Hempstead Deanery | F12: Stevenage Deanery
E17: Please click below to view additional reports
F19: Top Level Summary
F20: Parish share report for the Diocese
F21: 2023 Parish share income by month
F22: Parish Share income received 2024 for prior years

Sheet Top level Summary
A1: Click here to return to homepage
A3: Parish Share report 31.12.2024
A5: Year | B5: 2024
A8: Archdeaconry | B8: Deanery | C8: Sum of Full year Req £ | D8: Sum of Request YTD £ | E8: Sum of Received £ | F8: Sum of PS % recovery YTD
A9: Archdeaconry of Bedford | B9: Ampthill and Shefford Deanery | C9: 774545.32 | D9: 774545.32 | E9: 657108.12 | F9: 0.84837918
B10: Bedford Deanery | C10: 1105612 | D10: 1105612 | E10: 957457 | F10: 0.86599729
B11: Biggleswade Deanery | C11: 492280 | D11: 492280 | E11: 414313.8 | F11: 0.84162225
B12: Dunstable Deanery | C12: 696563 | D12: 696563 | E12: 582364.98 | F12: 0.836055
B13: Luton Deanery | C13: 758488 | D13: 758488 | E13: 591136.26 | F13: 0.77936139
B14: Sharnbrook Deanery | C14: 542099.6 | D14: 542099.6 | E14: 445394.76 | F14: 0.82161057
A15: Archdeaconry of Bedford Total | C15: 4369587.9 | D15: 4369587.9 | E15: 3647774.9 | F15: 0.83480982
A16: Archdeaconry of Hertford | B16: Barnet Deanery | C16: 702545 | D16: 702545 | E16: 671003.9 | F16: 0.95510451
B17: Bishop's Stortford Deanery | C17: 614733 | D17: 614733 | E17: 554240.03 | F17: 0.90159472
B18: Buntingford Deanery | C18: 536127.45 | D18: 536127.45 | E18: 512790.91 | F18: 0.95647203
B19: Cheshunt Deanery | C19: 439687 | D19: 439687 | E19: 371559 | F19: 0.84505341
B20: Welwyn Hatfield Deanery | C20: 739136.33 | D20: 739136.33 | E20: 702708.31 | F20: 0.95071542
B21: Hertford and Ware Deanery | C21: 765731.72 | D21: 765731.72 | E21: 726636.42 | F21: 0.94894387
B22: Stevenage Deanery | C22: 485176 | D22: 485176 | E22: 437549.28 | F22: 0.9018362
A23: Archdeaconry of Hertford Total | C23: 4283136.5 | D23: 4283136.5 | E23: 3976487.9 | F23: 0.92840559
A24: Archdeaconry of St Albans | B24: Berkhamsted Deanery | C24: 623865 | D24: 623865 | E24: 621117.97 | F24: 0.99559676
B25: Hitchin Deanery | C25: 789951 | D25: 789951 | E25: 731127.68 | F25: 0.92553548
B26: Rickmansworth Deanery | C26: 829070 | D26: 829070 | E26: 809713.28 | F26: 0.97665249
B27: St Albans Deanery | C27: 1132002 | D27: 1132002 | E27: 1116857.4 | F27: 0.98662141
B28: Watford Deanery | C28: 798699 | D28: 798699 | E28: 730238.96 | F28: 0.91428556
B29: Wheathampstead Deanery | C29: 762869 | D29: 762869 | E29: 760051 | F29: 0.99630605
B30: Hemel Hempstead Deanery | C30: 458285.5 | D30: 458285.5 | E30: 423317.5 | F30: 0.92369822
A31: Archdeaconry of St Albans Total | C31: 5394741.5 | D31: 5394741.5 | E31: 5192423.8 | F31: 0.96249724
A32: Grand Total | C32: 14047466 | D32: 14047466 | E32: 12816687 | F32: 0.91238424
E47: =GETPIVOTDATA("Sum of Received £",Ampthill!$A$25)+GETPIVOTDATA("Sum of Received £",Bedford!$A$25)+GETPIVOTDATA("Sum of Received £",Biggleswade!$A$25)+GETPIVOTDATA("Sum of Received £",Dunstable!$A$25)+GETPIVOTDATA("Sum of Received £",Luton!$A$25)+GETPIVOTDATA("Sum of Received £",Sharnbrook!$A$25) -> 3647774.9 | F47: =GETPIVOTDATA("Sum of Received £",$A$7,"Archdeaconry","Archdeaconry of Bedford")-E47 -> 0
E48: =GETPIVOTDATA("Sum of Received £",Barnet!$A$25)+GETPIVOTDATA("Sum of Received £",'Bishop''s Stortford'!$A$25)+GETPIVOTDATA("Sum of Received £",Buntingford!$A$25)+GETPIVOTDATA("Sum of Received £",Cheshunt!$A$25)+GETPIVOTDATA("Sum of Received £",Welwyn!$A$25)+GETPIVOTDATA("Sum of Received £",'Hertford and Ware'!$A$25)+GETPIVOTDATA("Sum of Received £",Stevenage!$A$25) -> 3976487.9 | F48: =GETPIVOTDATA("Sum of Received £",$A$7,"Archdeaconry","Archdeaconry of Hertford")-E48 -> 0
E49: =GETPIVOTDATA("Sum of Received £",Berkhamstead!$A$25)+GETPIVOTDATA("Sum of Received £",Hitchin!$A$25)+GETPIVOTDATA("Sum of Received £",Rickmandsworth!$A$25)+GETPIVOTDATA("Sum of Received £",'St Albans'!$A$25)+GETPIVOTDATA("Sum of Received £",Watford!$A$25)+GETPIVOTDATA("Sum of Received £",Wheathampstead!$A$25)+GETPIVOTDATA("Sum of Received £",'Hemel Hempstead'!$A$25) -> 5192423.8 | F49: =GETPIVOTDATA("Sum of Received £",$A$7,"Archdeaconry","Archdeaconry of St Albans ")-E49 -> 0
E50: =SUM(E47:E49) -> 12816687 | F50: =GETPIVOTDATA("Sum of Received £",$A$7)-E50 -> 0
E51: Check all in order

Sheet Diocese
A1: Click here to return to homepage
A3: ='Top level Summary'!A3 -> Parish Share report 31.12.2024
A4: Year | B4: 2024
A5: Archdeaconry | B5: (All)
A6: Benefice | B6: (All)
A9: Deanery | B9: Parish Name | C9: Sum of Full year Req £ | D9: Sum of Request YTD £ | E9: Sum of Received £ | F9: Sum of Balance YTD | G9: Sum of PS % recovery YTD
A10: Berkhamsted Deanery | B10: Bourne End | C10: 11719 | D10: 11719 | E10: 11719 | F10: 0 | G10: 1
B11: Great Berkhamsted | C11: 127875 | D11: 127875 | E11: 127875 | F11: 0 | G11: 1
B12: Great Gaddesden | C12: 24300 | D12: 24300 | E12: 24300 | F12: 0 | G12: 1
B13: Little Gaddesden | C13: 41508 | D13: 41508 | E13: 41508 | F13: 0 | G13: 1
B14: Nettleden | C14: 7701 | D14: 7701 | E14: 7701 | F14: 0 | G14: 1
B15: Northchurch | C15: 56994 | D15: 56994 | E15: 56993.97 | F15: -0.03 | G15: 0.99999947
B16: Potten End, Holy Trinity | C16: 48662 | D16: 48662 | E16: 48662 | F16: 0 | G16: 1
B17: Sunnyside, St Michael and All Angels | C17: 90723 | D17: 90723 | E17: 90723 | F17: 0 | G17: 1
B18: Tring Team Parish | C18: 177636 | D18: 177636 | E18: 177636 | F18: 0 | G18: 1
B19: Wigginton | C19: 36747 | D19: 36747 | E19: 34000 | F19: -2747 | G19: 0.9252456
A20: Berkhamsted Deanery Total | C20: 623865 | D20: 623865 | E20: 621117.97 | F20: -2747.03 | G20: 0.99559676
A21: Hitchin Deanery | B21: Great Wymondley | C21: 5980 | D21: 5980 | E21: 5980 | F21: 0 | G21: 1
B22: Hitchin | C22: 0 | D22: 0 | E22: 0 | F22: 0 | G22: #DIV/0!
B23: Holwell | C23: 4732 | D23: 4732 | E23: 0 | F23: -4732 | G23: 0
B24: Holy Saviour Hitchin | C24: 56850 | D24: 56850 | E24: 56850 | F24: 0 | G24: 1
B25: Ickleford | C25: 31422 | D25: 31422 | E25: 31422 | F25: 0 | G25: 1
B26: Kings Walden | C26: 16633 | D26: 16633 | E26: 16633 | F26: 0 | G26: 1
B27: Letchworth, St Paul | C27: 96983 | D27: 96983 | E27: 96983 | F27: 0 | G27: 1
B28: Lilley | C28: 15802 | D28: 15802 | E28: 15802 | F28: 0 | G28: 1
B29: Little Wymondley | C29: 8063 | D29: 8063 | E29: 2900 | F29: -5163 | G29: 0.35966762
B30: Norton | C30: 69924 | D30: 69924 | E30: 69924 | F30: 0 | G30: 1
B31: Offley | C31: 16759 | D31: 16759 | E31: 12856 | F31: -3903 | G31: 0.76711021
B32: Old Letchworth | C32: 2136 | D32: 2136 | E32: 2136 | F32: 0 | G32: 1
B33: Pirton | C33: 27119 | D33: 27119 | E33: 27119 | F33: 0 | G33: 1
B34: Radwell | C34: 1847 | D34: 1847 | E34: 1847 | F34: 0 | G34: 1
... B43: Willian | C43: 15486 | D43: 15486 | E43: 15486 | F43: 0 | G43: 1
A44: Hitchin Deanery Total | C44: 789951 | D44: 789951 | E44: 731127.68 | F44: -58823.32 | G44: 0.92553548
A45: Rickmansworth Deanery | B45: Bovingdon | C45: 48984 | D45: 48984 | E45: 48984 | F45: 0 | G45: 1
B46: Chipperfield | C46: 50586 | D46: 50586 | E46: 50586 | F46: 0 | G46: 1
B47: Chorleywood, Christ Church | C47: 224124 | D47: 224124 | E47: 224124 | F47: 0 | G47: 1
B48: Chorleywood, St Andrew | C48: 176316 | D48: 176316 | E48: 176316 | F48: 0 | G48: 1
B49: Croxley Green, All Saints | C49: 64593 | D49: 64593 | E49: 64593 | F49: 0 | G49: 1
B50: Croxley Green, St Oswald | C50: 70200 | D50: 70200 | E50: 70200 | F50: 0 | G50: 1
B51: Mill End and Heronsgate with West Hyde | C51: 53881 | D51: 53881 | E51: 53881.28 | F51: 0.28 | G51: 1.0000052
B52: Rickmansworth | C52: 93429 | D52: 93429 | E52: 93429 | F52: 0 | G52: 1
B53: Sarratt | C53: 46957 | D53: 46957 | E53: 27600 | F53: -19357 | G53: 0.58777179
A54: Rickmansworth Deanery Total | C54: 829070 | D54: 829070 | E54: 809713.28 | F54: -19356.72 | G54: 0.97665249
A55: St Albans Deanery | B55: Aldenham | C55: 32763 | D55: 32763 | E55: 32763 | F55: 0 | G55: 1
B56: Bricket Wood | C56: 57384 | D56: 57384 | E56: 57384 | F56: 0 | G56: 1
B57: Colney Heath, St Mark | C57: 72752 | D57: 72752 | E57: 72752 | F57: 0 | G57: 1
B58: Frogmore, Holy Trinity | C58: 54930 | D58: 54930 | E58: 54930 | F58: 0 | G58: 1
B59: London Colney, St Peter | C59: 33812 | D59: 33812 | E59: 33812 | F59: 0 | G59: 1
B60: Radlett | C60: 116544 | D60: 116544 | E60: 116544 | F60: 0 | G60: 1
B61: Shenley | C61: 40144 | D61: 40144 | E61: 25000 | F61: -15144 | G61: 0.62275807
B62: St Albans, Christ Church | C62: 76608 | D62: 76608 | E62: 76608 | F62: 0 | G62: 1
B63: St Albans, St Luke | C63: 71001 | D63: 71001 | E63: 71001 | F63: 0 | G63: 1
B64: St Albans, St Mary Marshalswick | C64: 64059 | D64: 64059 | E64: 64059 | F64: 0 | G64: 1
B65: St Albans, St Michael | C65: 95565 | D65: 95565 | E65: 95565 | F65: 0 | G65: 1
B66: St Albans, St Paul | C66: 164451 | D66: 164451 | E66: 164451 | F66: 0 | G66: 1
B67: St Albans, St Peter | C67: 100602 | D67: 100602 | E67: 100601.73 | F67: -0.27 | G67: 0.99999732
... B69: St Albans, St Stephen | C69: 79983 | D69: 79983 | E69: 79982.68 | F69: -0.32 | G69: 0.999996
A70: St Albans Deanery Total | C70: 1132002 | D70: 1132002 | E70: 1116857.4 | F70: -15144.59 | G70: 0.98662141
A71: Watford Deanery | B71: Abbots Langley | C71: 90003 | D71: 90003 | E71: 90003 | F71: 0 | G71: 1
B72: Bushey | C72: 83028 | D72: 83028 | E72: 45000 | F72: -38028 | G72: 0.54198584
B73: Bushey Heath, St Peter | C73: 47596 | D73: 47596 | E73: 42596 | F73: -5000 | G73: 0.89494916
B74: Langleybury, St Paul | C74: 38180 | D74: 38180 | E74: 38180 | F74: 0 | G74: 1
B75: Leavesden, All Saints | C75: 40248 | D75: 40248 | E75: 40248 | F75: 0 | G75: 1
B76: Oxhey, All Saints | C76: 42966 | D76: 42966 | E76: 42966 | F76: 0 | G76: 1
B77: Oxhey, St Matthew | C77: 47854 | D77: 47854 | E77: 47854 | F77: 0 | G77: 1
B78: Watford | C78: 85444 | D78: 85444 | E78: 85444 | F78: 0 | G78: 1
B79: Watford, Christ Church | C79: 33233 | D79: 33233 | E79: 33233 | F79: 0 | G79: 1
B80: Watford, St Andrew (LEP) | C80: 32162 | D80: 32162 | E80: 32162 | F80: 0 | G80: 1
B81: Watford, St John | C81: 36410 | D81: 36410 | E81: 30844.96 | F81: -5565.04 | G81: 0.84715628
B82: Watford, St Luke | C82: 120953 | D82: 120953 | E82: 120953 | F82: 0 | G82: 1
B83: Watford, St Michael and All Angels (LEP) | C83: 51022 | D83: 51022 | E83: 51022 | F83: 0 | G83: 1
B84: Watford, St Peter | C84: 49600 | D84: 49600 | E84: 29733 | F84: -19867 | G84: 0.59945565
A85: Watford Deanery Total | C85: 798699 | D85: 798699 | E85: 730238.96 | F85: -68460.04 | G85: 0.91428556
A86: Wheathampstead Deanery | B86: Ayot St Lawrence | C86: 4673 | D86: 4673 | E86: 2750 | F86: -1923 | G86: 0.58848705
B87: Flamstead | C87: 37185 | D87: 37185 | E87: 37185 | F87: 0 | G87: 1
B88: Harpenden | C88: 287603 | D88: 287603 | E88: 287603 | F88: 0 | G88: 1
B89: Harpenden, St John | C89: 91757 | D89: 91757 | E89: 91757 | F89: 0 | G89: 1
B90: Kimpton | C90: 41008 | D90: 41008 | E90: 40113 | F90: -895 | G90: 0.97817499
B91: Markyate Street, St John the Baptist | C91: 31708 | D91: 31708 | E91: 31708 | F91: 0 | G91: 1
B92: Redbourn | C92: 123852 | D92: 123852 | E92: 123852 | F92: 0 | G92: 1
B93: Sandridge | C93: 43911 | D93: 43911 | E93: 43911 | F93: 0 | G93: 1
B94: Wheathampstead | C94: 101172 | D94: 101172 | E94: 101172 | F94: 0 | G94: 1
A95: Wheathampstead Deanery Total | C95: 762869 | D95: 762869 | E95: 760051 | F95: -2818 | G95: 0.99630605
A96: Hemel Hempstead Deanery | B96: Apsley End | C96: 44373 | D96: 44373 | E96: 44373 | F96: 0 | G96: 1
B97: Bennetts End | C97: 5981 | D97: 5981 | E97: 5981 | F97: 0 | G97: 1
B98: Boxmoor | C98: 88453.5 | D98: 88453.5 | E98: 88453.5 | F98: 0 | G98: 1
B99: Hammerfield, St Francis of Assisi | C99: 4737 | D99: 4737 | E99: 4737 | F99: 0 | G99: 1
B100: Hemel Hempstead, Grovehill and Woodhall Farm | C100: 29277 | D100: 29277 | E100: 29277 | F100: 0 | G100: 1
B101: Hemel Hempstead, St Barnabas, Adeyfield | C101: 52845 | D101: 52845 | E101: 52845 | F101: 0 | G101: 1
B102: Hemel Hempstead, St Mary and St Paul | C102: 57117 | D102: 57117 | E102: 57117 | F102: 0 | G102: 1
B103: Hemel Hempstead, Warners End and Gadebridge | C103: 44568 | D103: 44568 | E103: 9600 | F103: -34968 | G103: 0.21540118
B104: Kings Langley | C104: 65098 | D104: 65098 | E104: 65098 | F104: 0 | G104: 1
B105: Leverstock Green | C105: 65836 | D105: 65836 | E105: 65836 | F105: 0 | G105: 1
A106: Hemel Hempstead Deanery Total | C106: 458285.5 | D106: 458285.5 | E106: 423317.5 | F106: -34968 | G106: 0.92369822
A107: Barnet Deanery | B107: Chipping Barnet | C107: 147909 | D107: 147909 | E107: 147909 | F107: 0 | G107: 1
B108: East Barnet | C108: 69666 | D108: 69666 | E108: 69666 | F108: 0 | G108: 1
B109: Elstree and Borehamwood | C109: 82410 | D109: 82410 | E109: 67548.9 | F109: -14861.1 | G109: 0.81966873
B110: Little Heath, Christ Church | C110: 87654 | D110: 87654 | E110: 87654 | F110: 0 | G110: 1
B111: Lyonsdown, Holy Trinity | C111: 36616 | D111: 36616 | E111: 28889 | F111: -7727 | G111: 0.78897203
B112: New Barnet, St James | C112: 74205 | D112: 74205 | E112: 74205 | F112: 0 | G112: 1
...

Sheet Parish Share Income Pattern
A1: Click here to return to homepage
A2: Category | B2: (blank)
A3: Archdeaconry | B3: (All)
A5: Sum of Received £ | D5: Year | E5: Month
D6: 2023 | Q6: 2023 Total | R6: 2024 | AE6: 2024 Total | AF6: Grand Total
A7: Deanery | B7: Benefice | C7: Parish Name | D7: 1 | E7: 2 | F7: 3 | G7: 4 | H7: 5 | I7: 6 | J7: 7 | K7: 8 | L7: 9 | M7: 10 | N7: 11 | O7: 12 | P7: 13 | R7: 1 | S7: 2 | T7: 3 | U7: 4 | V7: 5 | W7: 6 | X7: 7 | Y7: 8 | Z7: 9 | AA7: 10 | AB7: 11 | AC7: 12 | AD7: 13
A8: Berkhamsted Deanery | B8: Berkhamsted Team Ministry | C8: Great Berkhamsted | D8: 11000 | E8: 11000 | F8: 11000 | G8: 11000 | H8: 11000 | I8: 11000 | J8: 11000 | K8: 11000 | L8: 10654 | M8: 10654 | N8: 10654 | O8: 10655 | Q8: 130617 | R8: 10544 | S8: 10544 | T8: 10544 | U8: 10544 | V8: 10544 | W8: 10648 | X8: 10751 | Y8: 10751 | Z8: 10751 | AA8: 10751 | AB8: 10751 | AC8: 10752 | AE8: 127875 | AF8: 258492
C9: Great Gaddesden | D9: 0 | E9: 0 | F9: 5854.25 | G9: 0 | H9: 0 | I9: 5854.25 | J9: 0 | K9: 0 | L9: 5854.25 | M9: 0 | N9: 0 | O9: 5854.25 | Q9: 23417 | R9: 0 | S9: 0 | T9: 6075 | U9: 0 | V9: 0 | W9: 6075 | X9: 0 | Y9: 0 | Z9: 6075 | AB9: 0 | AC9: 6075 | AE9: 24300 | AF9: 47717
C10: Little Gaddesden | D10: 3338 | E10: 3338 | F10: 3338 | G10: 3338 | H10: 3338 | I10: 3338 | J10: 3338 | K10: 3338 | L10: 3338 | M10: 3338 | N10: 3338 | O10: 3336 | Q10: 40054 | R10: 3459 | S10: 3459 | T10: 3459 | U10: 3459 | V10: 3459 | W10: 3459 | X10: 3459 | Y10: 3459 | Z10: 3459 | AA10: 3459 | AB10: 3459 | AC10: 3459 | AE10: 41508 | AF10: 81562
C11: Nettleden | D11: 617.75 | E11: 617.75 | F11: 617.75 | G11: 617.75 | H11: 617.75 | I11: 617.75 | J11: 617.75 | K11: 617.75 | L11: 617.75 | M11: 617.75 | N11: 617.75 | O11: 617.75 | Q11: 7413 | R11: 641.75 | S11: 641.75 | T11: 641.75 | U11: 641.75 | V11: 641.75 | W11: 641.75 | X11: 641.75 | Y11: 641.75 | Z11: 641.75 | AA11: 641.75 | AB11: 641.75 | AC11: 641.75 | AE11: 7701 | AF11: 15114
C12: Potten End, Holy Trinity | D12: 4098 | E12: 4098 | F12: 4098 | G12: 4098 | H12: 4098 | I12: 4098 | J12: 4098 | K12: 4098 | L12: 3699 | M12: 3699 | N12: 3699 | O12: 3699 | Q12: 47580 | R12: 3830 | S12: 3830 | T12: 3830 | U12: 3830 | V12: 3830 | W12: 4038 | X12: 4246 | Y12: 6246 | Z12: 4246 | AA12: 4246 | AB12: 4246 | AC12: 2244 | AE12: 48662 | AF12: 96242
B13: Berkhamsted Team Ministry Total | D13: 19053.75 | E13: 19053.75 | F13: 24908 | G13: 19053.75 | H13: 19053.75 | I13: 24908 | J13: 19053.75 | K13: 19053.75 | L13: 24163 | M13: 18308.75 | N13: 18308.75 | O13: 24162 | Q13: 249081 | R13: 18474.75 | S13: 18474.75 | T13: 24549.75 | U13: 18474.75 | V13: 18474.75 | W13: 24861.75 | X13: 19097.75 | Y13: 21097.75 | Z13: 25172.75 | AA13: 19097.75 | AB13: 19097.75 | AC13: 23171.75 | AE13: 250046 | AF13: 499127
B14: Northchurch and Wigginton | C14: Northchurch | D14: 4800 | E14: 4800 | F14: 4800 | G14: 4800 | H14: 4800 | I14: 4800 | J14: 4800 | K14: 4800 | L14: 4800 | M14: 4800 | N14: 4800 | O14: 4540 | Q14: 57340 | R14: 4540 | S14: 4540 | T14: 4540 | U14: 4819.33 | V14: 4819.33 | W14: 4819.33 | X14: 4819.33 | Y14: 4819.33 | Z14: 4819.33 | AA14: 4819.33 | AB14: 4819.33 | AC14: 4819.33 | AE14: 56993.97 | AF14: 114333.97
C15: Wigginton | D15: 2250 | E15: 2250 | F15: 2250 | G15: 2250 | H15: 2250 | I15: 2250 | J15: 2250 | K15: 2250 | L15: 2250 | M15: 2250 | N15: 2250 | O15: 8250 | Q15: 33000 | R15: 2250 | S15: 2250 | T15: 2250 | U15: 2250 | V15: 2250 | W15: 2250 | X15: 2250 | Y15: 2250 | Z15: 2250 | AA15: 2250 | AB15: 2250 | AC15: 9250 | AE15: 34000 | AF15: 67000
B16: Northchurch and Wigginton Total | D16: 7050 | E16: 7050 | F16: 7050 | G16: 7050 | H16: 7050 | I16: 7050 | J16: 7050 | K16: 7050 | L16: 7050 | M16: 7050 | N16: 7050 | O16: 12790 | Q16: 90340 | R16: 6790 | S16: 6790 | T16: 6790 | U16: 7069.33 | V16: 7069.33 | W16: 7069.33 | X16: 7069.33 | Y16: 7069.33 | Z16: 7069.33 | AA16: 7069.33 | AB16: 7069.33 | AC16: 14069.33 | AE16: 90993.97 | AF16: 181333.97
B17: Sunnyside with Bourne End | C17: Bourne End | D17: 956 | E17: 956 | F17: 956 | G17: 956 | H17: 956 | I17: 956 | J17: 956 | K17: 956 | L17: 956 | M17: 956 | N17: 956 | O17: 952 | Q17: 11468 | R17: 977 | S17: 977 | T17: 977 | U17: 977 | V17: 977 | W17: 977 | X17: 977 | Y17: 977 | Z17: 977 | AA17: 977 | AB17: 977 | AC17: 972 | AE17: 11719 | AF17: 23187
C18: Sunnyside, St Michael and All Angels | D18: 7163 | E18: 7163 | F18: 2138 | G18: 5488 | H18: 5488 | I18: 5488 | J18: 5488 | K18: 5488 | L18: 5488 | M18: 7163 | N18: 7731 | O18: 7731 | Q18: 72017 | R18: 7560 | S18: 7560 | T18: 7560 | U18: 7560 | V18: 7560 | W18: 7560 | X18: 7560 | Y18: 7560 | Z18: 7560 | AA18: 7560 | AB18: 7560 | AC18: 7563 | AE18: 90723 | AF18: 162740
B19: Sunnyside with Bourne End Total | D19: 8119 | E19: 8119 | F19: 3094 | G19: 6444 | H19: 6444 | I19: 6444 | J19: 6444 | K19: 6444 | L19: 6444 | M19: 8119 | N19: 8687 | O19: 8683 | Q19: 83485 | R19: 8537 | S19: 8537 | T19: 8537 | U19: 8537 | V19: 8537 | W19: 8537 | X19: 8537 | Y19: 8537 | Z19: 8537 | AA19: 8537 | AB19: 8537 | AC19: 8535 | AE19: 102442 | AF19: 185927
B20: Tring (Team Ministry) | C20: Tring Team Parish | D20: 13500 | E20: 13500 | F20: 13500 | G20: 13500 | H20: 15000 | I20: 15000 | J20: 15000 | K20: 15000 | L20: 15000 | M20: 15000 | N20: 15000 | O20: 15000 | Q20: 174000 | R20: 15000 | S20: 15000 | T20: 15000 | U20: 15000 | V20: 15000 | W20: 15000 | X20: 15000 | Y20: 15000 | Z20: 15000 | AA20: 15000 | AB20: 15000 | AC20: 12636 | AE20: 177636 | AF20: 351636
B21: Tring (Team Ministry) Total | D21: 13500 | E21: 13500 | F21: 13500 | G21: 13500 | H21: 15000 | I21: 15000 | J21: 15000 | K21: 15000 | L21: 15000 | M21: 15000 | N21: 15000 | O21: 15000 | Q21: 174000 | R21: 15000 | S21: 15000 | T21: 15000 | U21: 15000 | V21: 15000 | W21: 15000 | X21: 15000 | Y21: 15000 | Z21: 15000 | AA21: 15000 | AB21: 15000 | AC21: 12636 | AE21: 177636 | AF21: 351636
A22: Berkhamsted Deanery Total | D22: 47722.75 | E22: 47722.75 | F22: 48552 | G22: 46047.75 | H22: 47547.75 | I22: 53402 | J22: 47547.75 | K22: 47547.75 | L22: 52657 | M22: 48477.75 | N22: 49045.75 | O22: 60635 | Q22: 596906 | R22: 48801.75 | S22: 48801.75 | T22: 54876.75 | U22: 49081.08 | V22: 49081.08 | W22: 55468.08 | X22: 49704.08 | Y22: 51704.08 | Z22: 55779.08 | AA22: 49704.08 | AB22: 49704.08 | AC22: 58412.08 | AE22: 621117.97 | AF22: 1218024
A23: Hitchin Deanery | B23: Hitchin & St Paul's Walden (Team Ministry) | C23: Hitchin | D23: 10000 | E23: 10000 | F23: 10000 | G23: 0 | H23: 10000 | I23: 0 | J23: 0 | K23: 0 | L23: 30631 | M23: 0 | N23: 0 | Q23: 70631 | R23: 0 | S23: 0 | U23: 0 | Y23: 0 | Z23: 0 | AC23: 0 | AE23: 0 | AF23: 70631
C24: Holy Saviour Hitchin | D24: 0 | E24: 0 | F24: 0 | G24: 0 | H24: 0 | I24: 0 | J24: 0 | K24: 0 | L24: 28088 | M24: 0 | N24: 0 | O24: 14044 | Q24: 42132 | R24: 0 | S24: 0 | U24: 12000 | V24: 0 | W24: 6000 | X24: 3000 | Y24: 3000 | Z24: 3000 | AA24: 3000 | AB24: 3000 | AC24: 23850 | AE24: 56850 | AF24: 98982
C25: St Faith's Hitchin | D25: 0 | E25: 0 | F25: 0 | G25: 0 | H25: 0 | I25: 0 | J25: 0 | K25: 0 | L25: 1800 | M25: 0 | N25: 15000 | O25: 10000 | Q25: 26800 | R25: 0 | S25: 4000 | T25: 4000 | U25: 4000 | V25: 4000 | X25: 4000 | Y25: 0 | Z25: 4000 | AA25: 8066.66 | AB25: 0 | AC25: 8000 | AE25: 40066.66 | AF25: 66866.66
C26: St Mark's Hitchin | D26: 0 | E26: 0 | F26: 0 | G26: 0 | H26: 11282.44 | I26: 5641.22 | J26: 5641.22 | K26: 5641.22 | L26: 0 | M26: 11282.44 | N26: 5641.22 | P26: 5641.22 | Q26: 50770.98 | R26: 5939 | S26: 10939 | U26: 11878 | V26: 5939 | X26: 11878 | Y26: 0 | Z26: 11878 | AA26: 5939 | AB26: 0 | AC26: 6878.02 | AE26: 71268.02 | AF26: 122039
C27: St Mary's Hitchin | D27: 0 | E27: 0 | F27: 0 | G27: 0 | H27: 0 | I27: 0 | J27: 25000 | K27: 5000 | L27: 35000 | M27: 5000 | N27: 5000 | O27: 9117 | Q27: 84117 | R27: 5000 | S27: 5000 | T27: 5000 | U27: 5000 | V27: 5000 | W27: 5000 | X27: 5000 | Y27: 5000 | Z27: 5000 | AA27: 5000 | AB27: 23500 | AC27: 5000 | AE27: 78500 | AF27: 162617
C28: St Paul's Walden | D28: 1696 | E28: 1696 | F28: 1696 | G28: 1696 | H28: 1696 | I28: 1696 | J28: 1696 | K28: 1696 | L28: 1696 | M28: 1696 | N28: 1696 | O28: 1694 | Q28: 20350 | R28: 1781 | S28: 1781 | T28: 1781 | U28: 1781 | V28: 1781 | W28: 1781 | X28: 1781 | Y28: 1781 | Z28: 1781 | AA28: 1781 | AB28: 1781 | AC28: 1777 | AE28: 21368 | AF28: 41718
C29: The Hub, Hitchin | S29: 0 | T29: 6542 | U29: 0 | V29: 0 | X29: 6542 | Y29: 0 | Z29: 0 | AA29: 6542 | AB29: 0 | AC29: 6543 | AE29: 26169 | AF29: 26169
B30: Hitchin & St Paul's Walden (Team Ministry) Total | D30: 11696 | E30: 11696 | F30: 11696 | G30: 1696 | H30: 22978.44 | I30: 7337.22 | J30: 32337.22 | K30: 12337.22 | L30: 97215 | M30: 17978.44 | N30: 27337.22 | O30: 34855 | P30: 5641.22 | Q30: 294800.98 | R30: 12720 | S30: 21720 | T30: 17323 | U30: 34659 | V30: 16720 | W30: 12781 | X30: 32201 | Y30: 9781 | Z30: 25659 | AA30: 30328.66 | AB30: 28281 | AC30: 52048.02 | AE30: 294221.68 | AF30: 589022.66
B31: Holwell, Ickleford and Pirton | C31: Holwell | D31: 0 | E31: 0 | F31: 200 | G31: 0 | H31: 0 | I31: 0 | J31: 200 | K31: 0 | L31: 0 | M31: 0 | N31: 200 | O31: 1000 | Q31: 1600 | R31: 0 | S31: 0 | U31: 0 | Y31: 0 | Z31: 0 | AC31: 0 | AE31: 0 | AF31: 1600
C32: Ickleford | D32: 3605 | E32: 3605 | F32: 3605 | G32: 3605 | H32: 3605 | I32: 3605 | J32: 3605 | K32: 3605 | L32: 3605 | M32: 3605 | N32: 3605 | O32: 3608 | Q32: 43263 | R32: 2619 | S32: 2619 | T32: 2619 | U32: 2619 | V32: 2619 | W32: 2619 | X32: 2619 | Y32: 2619 | Z32: 2619 | AA32: 2619 | AB32: 2619 | AC32: 2613 | AE32: 31422 | AF32: 74685
C33: Pirton | D33: 2211 | E33: 2211 | F33: 2211 | G33: 2211 | H33: 2211 | I33: 2211 | J33: 2211 | K33: 2211 | L33: 2211 | M33: 2211 | N33: 2211 | O33: 2211 | Q33: 26532 | R33: 2260 | S33: 2260 | T33: 2260 | U33: 2260 | V33: 2260 | W33: 2260 | X33: 2260 | Y33: 2260 | Z33: 2260 | AA33: 2260 | AB33: 2260 | AC33: 2259 | AE33: 27119 | AF33: 53651
B34: Holwell, Ickleford and Pirton Total | D34: 5816 | E34: 5816 | F34: 6016 | G34: 5816 | H34: 5816 | I34: 5816 | J34: 6016 | K34: 5816 | L34: 5816 | M34: 5816 | N34: 6016 | O34: 6819 | Q34: 71395 | R34: 4879 | S34: 4879 | T34: 4879 | U34: 4879 | V34: 4879 | W34: 4879 | X34: 4879 | Y34: 4879 | Z34: 4879 | AA34: 4879 | AB34: 4879 | AC34: 4872 | AE34: 58541 | AF34: 129936
B35: King's Walden and Offley with Lilley | C35: Kings Walden | D35: 825 | E35: 825 | F35: 825 | G35: 825 | H35: 825 | I35: 825 | J35: 825 | K35: 825 | L35: 1000 | M35: 1000 | N35: 1000 | O35: 1000 | Q35: 10600 | R35: 1600 | S35: 1600 | T35: 1600 | U35: 1600 | V35: 1600 | W35: 1000 | X35: 1600 | Y35: 1000 | Z35: 1600 | AA35: 1600 | AB35: 1600 | AC35: 233 | AE35: 16633 | AF35: 27233
C36: Lilley | D36: 500 | E36: 500 | F36: 500 | G36: 500 | H36: 5500 | I36: 500 | J36: 500 | K36: 4500 | L36: 500 | M36: 500 | N36: 2500 | O36: 897 | Q36: 17397 | R36: 500 | S36: 750 | T36: 750 | U36: 750 | V36: 5750 | W36: 750 | X36: 750 | Y36: 750 | Z36: 750 | AA36: 2755 | AB36: 750 | AC36: 797 | AE36: 15802 | AF36: 33199
C37: Offley | D37: 0 | E37: 0 | F37: 0 | G37: 0 | H37: 0 | I37: 0 | J37: 12400 | K37: 0 | L37: 0 | M37: 0 | N37: 0 | O37: 6492 | Q37: 18892 | R37: 0 | S37: 0 | U37: 0 | X37: 8356 | Y37: 0 | Z37: 0 | AB37: 4500 | AC37: 0 | AE37: 12856 | AF37: 31748
B38: King's Walden and Offley with Lilley Total | D38: 1325 | E38: 1325 | F38: 1325 | G38: 1325 | H38: 6325 | I38: 1325 | J38: 13725 | K38: 5325 | L38: 1500 | M38: 1500 | N38: 3500 | O38: 8389 | Q38: 46889 | R38: 2100 | S38: 2350 | T38: 2350 | U38: 2350 | V38: 7350 | W38: 1750 | X38: 10706 | Y38: 1750 | Z38: 2350 | AA38: 4355 | AB38: 6850 | AC38: 1030 | AE38: 45291 | AF38: 92180
B39: Letchworth, St Paul with Willian and Old Letchworth | C39: Letchworth, St Paul | D39: 7526 | E39: 7526 | F39: 7526 | G39: 7526 | H39: 7526 | I39: 7526 | J39: 7526 | K39: 7526 | L39: 7526 | M39: 7526 | N39: 7526 | O39: 7527 | Q39: 90313 | R39: 8082 | S39: 8082 | T39: 8082 | U39: 8082 | V39: 8082 | W39: 8082 | X39: 8082 | Y39: 8082 | Z39: 8082 | AA39: 8082 | AB39: 8082 | AC39: 8081 | AE39: 96983 | AF39: 187296
C40: Old Letchworth | D40: 0 | E40: 0 | F40: 1520.75 | G40: 506.92 | H40: 506.92 | I40: 506.92 | J40: 506.92 | K40: 506.92 | L40: 506.92 | M40: 506.92 | N40: 506.92 | P40: 506.89 | Q40: 6083 | R40: 0 | S40: 0 | T40: 534 | U40: 0 | V40: 0 | X40: 534 | Y40: 0 | Z40: 0 | AA40: 534 | AB40: 0 | AC40: 534 | AE40: 2136 | AF40: 8219
C41: Willian | D41: 1267 | E41: 1267 | F41: 1267 | G41: 1267 | H41: 1267 | I41: 1267 | J41: 1267 | K41: 1267 | L41: 1267 | M41: 1267 | N41: 1267 | O41: 1270 | Q41: 15207 | R41: 1291 | S41: 1291 | T41: 1291 | U41: 1291 | V41: 1291 | W41: 1291 | X41: 1291 | Y41: 1291 | Z41: 1291 | AA41: 1291 | AB41: 1291 | AC41: 1285 | AE41: 15486 | AF41: 30693
B42: Letchworth, St Paul with Willian and Old Letchworth Total | D42: 8793 | E42: 8793 | F42: 10313.75 | G42: 9299.92 | H42: 9299.92 | I42: 9299.92 | J42: 9299.92 | K42: 9299.92 | L42: 9299.92 | M42: 9299.92 | N42: 9299.92 | O42: 8797 | P42: 506.89 | Q42: 111603 | R42: 9373 | S42: 9373 | T42: 9907 | U42: 9373 | V42: 9373 | W42: 9373 | X42: 9907 | Y42: 9373 | Z42: 9373 | AA42: 9907 | AB42: 9373 | AC42: 9900 | AE42: 114605 | AF42: 226208
B43: Norton | C43: Norton | D43: 5663.11 | E43: 5663.11 | F43: 6445.31 | G43: 5923.83 | H43: 5923.83 | I43: 4424.97 | J43: 4424.97 | K43: 4424.97 | L43: 4424.97 | M43: 7681.93 | N43: 5500 | O43: 5500 | Q43: 66001 | R43: 5500 | S43: 5566.16 | T43: 5533.08 | U43: 5533.08 | V43: 5533.08 | W43: 5533.08 | X43: 5533.08 | Y43: 5533.08 | Z43: 6414.84 | AA43: 6414.84 | AB43: 6414.84 | AC43: 6414.84 | AE43: 69924 | AF43: 135925
B44: Norton Total | D44: 5663.11 | E44: 5663.11 | F44: 6445.31 | G44: 5923.83 | H44: 5923.83 | I44: 4424.97 | J44: 4424.97 | K44: 4424.97 | L44: 4424.97 | M44: 7681.93 | N44: 5500 | O44: 5500 | Q44: 66001 | R44: 5500 | S44: 5566.16 | T44: 5533.08 | U44: 5533.08 | V44: 5533.08 | W44: 5533.08 | X44: 5533.08 | Y44: 5533.08 | Z44: 6414.84 | AA44: 6414.84 | AB44: 6414.84 | AC44: 6414.84 | AE44: 69924 | AF44: 135925
B45: St Ippolyts with Great and Little Wymondley | C45: Great Wymondley | D45: 350 | E45: 350 | F45: 350 | G45: 350 | H45: 350 | I45: 350 | J45: 610.17 | K45: 610.17 | L45: 610.17 | M45: 610.17 | N45: 610.17 | O45: 610.17 | Q45: 5761.02 | R45: 488.08 | S45: 498.33 | T45: 498.33 | U45: 498.33 | V45: 498.33 | W45: 498.33 | X45: 498.33 | Y45: 498.33 | Z45: 498.33 | AA45: 498.33 | AB45: 498.33 | AC45: 508.62 | AE45: 5980 | AF45: 11741.02
C46: Little Wymondley | D46: 200 | E46: 200 | F46: 200 | G46: 200 | H46: 200 | I46: 200 | J46: 200 | K46: 200 | L46: 200 | M46: 200 | N46: 200 | O46: 200 | Q46: 2400 | R46: 200 | S46: 200 | T46: 200 | U46: 200 | V46: 200 | W46: 200 | X46: 200 | Y46: 200 | Z46: 200 | AA46: 200 | AB46: 200 | AC46: 700 | AE46: 2900 | AF46: 5300
C47: St Ippolyts | D47: 3488 | E47: 3488 | F47: 3488 | G47: 3488 | H47: 3488 | I47: 3488 | J47: 3488 | K47: 3488 | L47: 3488 | M47: 3488 | N47: 3488 | O47: 3485 | Q47: 41853 | R47: 3542 | S47: 3542 | T47: 3542 | U47: 3542 | V47: 3542 | W47: 3542 | X47: 3542 | Y47: 3542 | Z47: 3542 | AA47: 3542 | AB47: 3542 | AC47: 3542 | AE47: 42504 | AF47: 84357
B48: St Ippolyts with Great and Little Wymondley Total | D48: 4038 | E48: 4038 | F48: 4038 | G48: 4038 | H48: 4038 | I48: 4038 | J48: 4298.17 | K48: 4298.17 | L48: 4298.17 | M48: 4298.17 | N48: 4298.17 | O48: 4295.17 | Q48: 50014.02 | R48: 4230.08 | S48: 4240.33 | T48: 4240.33 | U48: 4240.33 | V48: 4240.33 | W48: 4240.33 | X48: 4240.33 | Y48: 4240.33 | Z48: 4240.33 | AA48: 4240.33 | AB48: 4240.33 | AC48: 4750.62 | AE48: 51384 | AF48: 101398.02
B49: Stotfold with Radwell | C49: Radwell | D49: 0 | E49: 0 | F49: 0 | G49: 0 | H49: 0 | I49: 439.75 | J49: 0 | K49: 439.75 | L49: 439.75 | N49: 0 | O49: 439.75 | Q49: 1759 | R49: 0 | S49: 0 | U49: 0 | V49: 1385.25 | X49: 0 | Y49: 0 | Z49: 0 | AA49: 461.75 | AB49: 0 | AC49: 0 | AE49: 1847 | AF49: 3606
C50: Stotfold | D50: 4427 | E50: 4427 | F50: 4427 | G50: 4427 | H50: 4427 | I50: 4427 | J50: 4427 | K50: 4427 | L50: 4427 | M50: 4427 | N50: 4427 | O50: 4428 | Q50: 53125 | R50: 4580 | S50: 4580 | T50: 4580 | U50: 4580 | V50: 4580 | W50: 4580 | X50: 4580 | Y50: 4580 | Z50: 4580 | AA50: 4580 | AB50: 4580 | AC50: 4577 | AE50: 54957 | AF50: 108082
B51: Stotfold with Radwell Total | D51: 4427 | E51: 4427 | F51: 4427 | G51: 4427 | H51: 4427 | I51: 4866.75 | J51: 4427 | K51: 4866.75 | L51: 4866.75 | M51: 4427 | N51: 4427 | O51: 4867.75 | Q51: 54884 | R51: 4580 | S51: 4580 | T51: 4580 | U51: 4580 | V51: 5965.25 | W51: 4580 | X51: 4580 | Y51: 4580 | Z51: 4580 | AA51: 5041.75 | AB51: 4580 | AC51: 4577 | AE51: 56804 | AF51: 111688
B52: Wilbury | C52: Wilbury | D52: 3270 | E52: 3250 | F52: 3250 | G52: 3250 | H52: 3250 | I52: 3250 | J52: 3250 | K52: 3250 | L52: 3250 | M52: 3250 | N52: 3250 | O52: 3213 | Q52: 38983 | R52: 3370 | S52: 3370 | T52: 3370 | U52: 3370 | V52: 3370 | W52: 3370 | X52: 3370 | Y52: 3370 | Z52: 3370 | AA52: 3370 | AB52: 3370 | AC52: 3287 | AE52: 40357 | AF52: 79340
B53: Wilbury Total | D53: 3270 | E53: 3250 | F53: 3250 | G53: 3250 | H53: 3250 | I53: 3250 | J53: 3250 | K53: 3250 | L53: 3250 | M53: 3250 | N53: 3250 | O53: 3213 | Q53: 38983 | R53: 3370 | S53: 3370 | T53: 3370 | U53: 3370 | V53: 3370 | W53: 3370 | X53: 3370 | Y53: 3370 | Z53: 3370 | AA53: 3370 | AB53: 3370 | AC53: 3287 | AE53: 40357 | AF53: 79340
A54: Hitchin Deanery Total | D54: 45028.11 | E54: 45008.11 | F54: 47511.06 | G54: 35775.75 | H54: 62058.19 | I54: 40357.86 | J54: 77778.28 | K54: 49618.03 | L54: 130670.81 | M54: 54251.46 | N54: 63628.31 | O54: 76735.92 | P54: 6148.11 | Q54: 734570 | R54: 46752.08 | S54: 56078.49 | T54: 52182.41 | U54: 68984.41 | V54: 57430.66 | W54: 46506.41 | X54: 75416.41 | Y54: 43506.41 | Z54: 60866.17 | AA54: 68536.58 | AB54: 67988.17 | AC54: 86879.48 | AE54: 731127.68 | AF54: 1465697.7
A55: Rickmansworth Deanery | B55: Bovingdon | C55: Bovingdon | D55: 4028 | E55: 4028 | F55: 4028 | G55: 4028 | H55: 4028 | I55: 4028 | J55: 4028 | K55: 4028 | L55: 4028 | M55: 4028 | N55: 4028 | O55: 4025 | Q55: 48333 | R55: 4082 | S55: 4082 | T55: 4082 | U55: 4082 | V55: 4082 | W55: 4082 | X55: 4082 | Y55: 4082 | Z55: 4082 | AA55: 4082 | AB55: 4082 | AC55: 4082 | AE55: 48984 | AF55: 97317
B56: Bovingdon Total | D56: 4028 | E56: 4028 | F56: 4028 | G56: 4028 | H56: 4028 | I56: 4028 | J56: 4028 | K56: 4028 | L56: 4028 | M56: 4028 | N56: 4028 | O56: 4025 | Q56: 48333 | R56: 4082 | S56: 4082 | T56: 4082 | U56: 4082 | V56: 4082 | W56: 4082 | X56: 4082 | Y56: 4082 | Z56: 4082 | AA56: 4082 | AB56: 4082 | AC56: 4082 | AE56: 48984 | AF56: 97317
B57: Chorleywood, Christ Church | C57: Chorleywood, Christ Church | D57: 17853 | E57: 17853 | F57: 0 | G57: 35706 | H57: 17853 | I57: 0 | J57: 35706 | K57: 17853 | L57: 17853 | M57: 17853 | N57: 17853 | O57: 17854 | Q57: 214237 | R57: 0 | S57: 36063 | T57: 18031 | U57: 18031 | V57: 0 | W57: 36062 | X57: 18031 | Y57: 18031 | Z57: 18031 | AA57: 18031 | AB57: 18031 | AC57: 25782 | AE57: 224124 | AF57: 438361
B58: Chorleywood, Christ Church Total | D58: 17853 | E58: 17853 | F58: 0 | G58: 35706 | H58: 17853 | I58: 0 | J58: 35706 | K58: 17853 | L58: 17853 | M58: 17853 | N58: 17853 | O58: 17854 | Q58: 214237 | R58: 0 | S58: 36063 | T58: 18031 | U58: 18031 | V58: 0 | W58: 36062 | X58: 18031 | Y58: 18031 | Z58: 18031 | AA58: 18031 | AB58: 18031 | AC58: 25782 | AE58: 224124 | AF58: 438361
B59: Chorleywood, St Andrew | C59: Chorleywood, St Andrew | D59: 11342 | E59: 11342 | F59: 11342 | G59: 11342 | H59: 11342 | I59: 11342 | J59: 11342 | K59: 11342 | L59: 11342 | M59: 11342 | N59: 11342 | O59: 43943 | Q59: 168705 | R59: 11424 | S59: 11424 | T59: 11424 | U59: 11424 | V59: 11424 | W59: 11424 | X59: 11424 | Y59: 11424 | Z59: 11424 | AA59: 11424 | AB59: 11424 | AC59: 50652 | AE59: 176316 | AF59: 345021
B60: Chorleywood, St Andrew Total | D60: 11342 | E60: 11342 | F60: 11342 | G60: 11342 | H60: 11342 | I60: 11342 | J60: 11342 | K60: 11342 | L60: 11342 | M60: 11342 | N60: 11342 | O60: 43943 | Q60: 168705 | R60: 11424 | S60: 11424 | T60: 11424 | U60: 11424 | V60: 11424 | W60: 11424 | X60: 11424 | Y60: 11424 | Z60: 11424 | AA60: 11424 | AB60: 11424 | AC60: 50652 | AE60: 176316 | AF60: 345021
B61: Croxley Green, All Saints | C61: Croxley Green, All Saints | D61: 5342 | E61: 5344 | F61: 5344 | G61: 5344 | H61: 5344 | I61: 5344 | J61: 5344 | K61: 5344 | L61: 5344 | M61: 5344 | N61: 5344 | O61: 5344 | Q61: 64126 | R61: 0 | S61: 10763 | T61: 5383 | U61: 5383 | V61: 5383 | W61: 5383 | X61: 5383 | Y61: 5383 | Z61: 5383 | AA61: 5383 | AB61: 5383 | AC61: 5383 | AE61: 64593 | AF61: 128719
B62: Croxley Green, All Saints Total | D62: 5342 | E62: 5344 | F62: 5344 | G62: 5344 | H62: 5344 | I62: 5344 | J62: 5344 | K62: 5344 | L62: 5344 | M62: 5344 | N62: 5344 | O62: 5344 | Q62: 64126 | R62: 0 | S62: 10763 | T62: 5383 | U62: 5383 | V62: 5383 | W62: 5383 | X62: 5383 | Y62: 5383 | Z62: 5383 | AA62: 5383 | AB62: 5383 | AC62: 5383 | AE62: 64593 | AF62: 128719
B63: Croxley Green, St Oswald | C63: Croxley Green, St Oswald | D63: 6036.45 | E63: 5706.25 | F63: 5706.25 | G63: 5706.25 | H63: 5706.25 | I63: 5706.25 | J63: 5706.25 | K63: 5706.25 | L63: 5706.25 | M63: 5706.25 | N63: 5706.25 | O63: 5706.25 | Q63: 68805.2 | R63: 5850 | S63: 5850 | T63: 5850 | U63: 5850 | V63: 5850 | W63: 5850 | X63: 5850 | Y63: 5850 | Z63: 5850 | AA63: 5850 | AB63: 5850 | AC63: 5850 | AE63: 70200 | AF63: 139005.2
B64: Croxley Green, St Oswald Total | D64: 6036.45 | E64: 5706.25 | F64: 5706.25 | G64: 5706.25 | H64: 5706.25 | I64: 5706.25 | J64: 5706.25 | K64: 5706.25 | L64: 5706.25 | M64: 5706.25 | N64: 5706.25 | O64: 5706.25 | Q64: 68805.2 | R64: 5850 | S64: 5850 | T64: 5850 | U64: 5850 | V64: 5850 | W64: 5850 | X64: 5850 | Y64: 5850 | Z64: 5850 | AA64: 5850 | AB64: 5850 | AC64: 5850 | AE64: 70200 | AF64: 139005.2
B65: Mill End and Heronsgate with West Hyde | C65: Mill End and Heronsgate with West Hyde | D65: 4325 | E65: 4320 | F65: 4320 | G65: 4320 | H65: 4320 | I65: 4320 | J65: 4320 | K65: 4320 | L65: 4320 | M65: 4320 | N65: 4320 | O65: 4263 | Q65: 51788 | R65: 5667 | S65: 5677 | T65: 5672 | U65: 5672 | V65: 5672 | W65: 5672 | X65: 5672 | Y65: 5672 | Z65: 5672 | AA65: 810 | AB65: 810 | AC65: 1213.28 | AE65: 53881.28 | AF65: 105669.28
B66: Mill End and Heronsgate with West Hyde Total | D66: 4325 | E66: 4320 | F66: 4320 | G66: 4320 | H66: 4320 | I66: 4320 | J66: 4320 | K66: 4320 | L66: 4320 | M66: 4320 | N66: 4320 | O66: 4263 | Q66: 51788 | R66: 5667 | S66: 5677 | T66: 5672 | U66: 5672 | V66: 5672 | W66: 5672 | X66: 5672 | Y66: 5672 | Z66: 5672 | AA66: 810 | AB66: 810 | AC66: 1213.28 | AE66: 53881.28 | AF66: 105669.28
B67: Rickmansworth | C67: Rickmansworth | D67: 7105 | E67: 7105 | F67: 7105 | G67: 7105 | H67: 7105 | I67: 7105 | J67: 7105 | K67: 7105 | L67: 7105 | M67: 7705 | N67: 7705 | O67: 7706 | Q67: 87061 | R67: 7786 | S67: 7786 | T67: 7786 | U67: 7786 | V67: 7786 | W67: 7786 | X67: 7786 | Y67: 7786 | Z67: 7786 | AA67: 7786 | AB67: 7786 | AC67: 7783 | AE67: 93429 | AF67: 180490
B68: Rickmansworth Total | D68: 7105 | E68: 7105 | F68: 7105 | G68: 7105 | H68: 7105 | I68: 7105 | J68: 7105 | K68: 7105 | L68: 7105 | M68: 7705 | N68: 7705 | O68: 7706 | Q68: 87061 | R68: 7786 | S68: 7786 | T68: 7786 | U68: 7786 | V68: 7786 | W68: 7786 | X68: 7786 | Y68: 7786 | Z68: 7786 | AA68: 7786 | AB68: 7786 | AC68: 7783 | AE68: 93429 | AF68: 180490
B69: Sarratt and Chipperfield | C69: Chipperfield | D69: 3788 | E69: 3788 | F69: 0 | G69: 7576 | H69: 3788 | I69: 3788 | J69: 4054 | K69: 4054 | L69: 4054 | M69: 4054 | N69: 4054 | O69: 4055 | Q69: 47053 | R69: 4216 | S69: 4216 | T69: 4216 | U69: 4216 | V69: 4216 | W69: 4216 | X69: 4216 | Y69: 4216 | Z69: 4216 | AA69: 4216 | AB69: 4216 | AC69: 4210 | AE69: 50586 | AF69: 97639
C70: Sarratt | D70: 2917 | E70: 2917 | F70: 1917 | G70: 1917 | H70: 1917 | I70: 1917 | J70: 1917 | K70: 1917 | L70: 1917 | M70: 1917 | N70: 1917 | O70: 1913 | P70: 7500 | Q70: 32500 | R70: 2300 | S70: 2300 | T70: 2300 | U70: 2300 | V70: 2300 | W70: 2300 | X70: 2300 | Y70: 2300 | Z70: 2300 | AA70: 2300 | AB70: 2300 | AC70: 2300 | AE70: 27600 | AF70: 60100
B71: Sarratt and Chipperfield Total | D71: 6705 | E71: 6705 | F71: 1917 | G71: 9493 | H71: 5705 | I71: 5705 | J71: 5971 | K71: 5971 | L71: 5971 | M71: 5971 | N71: 5971 | O71: 5968 | P71: 7500 | Q71: 79553 | R71: 6516 | S71: 6516 | T71: 6516 | U71: 6516 | V71: 6516 | W71: 6516 | X71: 6516 | Y71: 6516 | Z71: 6516 | AA71: 6516 | AB71: 6516 | AC71: 6510 | AE71: 78186 | AF71: 157739
A72: Rickmansworth Deanery Total | D72: 62736.45 | E72: 62403.25 | F72: 39762.25 | G72: 83044.25 | H72: 61403.25 | I72: 43550.25 | J72: 79522.25 | K72: 61669.25 | L72: 61669.25 | M72: 62269.25 | N72: 62269.25 | O72: 94809.25 | P72: 7500 | Q72: 782608.2 | R72: 41325 | S72: 88161 | T72: 64744 | U72: 64744 | V72: 46713 | W72: 82775 | X72: 64744 | Y72: 64744 | Z72: 64744 | AA72: 59882 | AB72: 59882 | AC72: 107255.28 | AE72: 809713.28 | AF72: 1592321.5
A73: St Albans Deanery | B73: Aldenham, Radlett and Shenley Team Ministry | C73: Aldenham | D73: 2583 | E73: 2583 | F73: 2583 | G73: 2583 | H73: 2583 | I73: 2583 | J73: 2583 | K73: 2583 | L73: 2583 | M73: 2583 | N73: 2583 | O73: 2583 | Q73: 30996 | R73: 2867 | S73: 2867 | T73: 2867 | U73: 2867 | V73: 2867 | W73: 2867 | X73: 2867 | Y73: 0 | Z73: 5734 | AA73: 2867 | AB73: 2867 | AC73: 2867 | AD73: -1641 | AE73: 32763 | AF73: 63759
C74: Radlett | D74: 9649 | E74: 9649 | F74: 9649 | G74: 9649 | H74: 9649 | I74: 9649 | J74: 9649 | K74: 9649 | L74: 9649 | M74: 9649 | N74: 9649 | O74: 9650 | Q74: 115789 | R74: 9712 | S74: 9712 | T74: 9712 | U74: 9712 | V74: 9712 | X74: 9712 | Y74: 0 | Z74: 0 | AA74: 9712 | AB74: 29136 | AC74: 19424 | AE74: 116544 | AF74: 232333
C75: Shenley | D75: 0 | E75: 0 | F75: 0 | G75: 6000 | H75: 0 | I75: 0 | J75: 6000 | K75: 0 | L75: 0 | M75: 0 | N75: 0 | Q75: 12000 | R75: 0 | S75: 0 | U75: 0 | X75: 12000 | Y75: 0 | Z75: 0 | AB75: 0 | AC75: 13000 | AE75: 25000 | AF75: 37000
B76: Aldenham, Radlett and Shenley Team Ministry Total | D76: 12232 | E76: 12232 | F76: 12232 | G76: 18232 | H76: 12232 | I76: 12232 | J76: 18232 | K76: 12232 | L76: 12232 | M76: 12232 | N76: 12232 | O76: 12233 | Q76: 158785 | R76: 12579 | S76: 12579 | T76: 12579 | U76: 12579 | V76: 12579 | W76: 2867 | X76: 24579 | Y76: 0 | Z76: 5734 | AA76: 12579 | AB76: 32003 | AC76: 35291 | AD76: -1641 | AE76: 174307 | AF76: 333092
B77: Bricket Wood | C77: Bricket Wood | D77: 4694.17 | E77: 4694.17 | F77: 4931.92 | G77: 4773.42 | H77: 4773.42 | I77: 4773.42 | J77: 4773.42 | K77: 4773.42 | L77: 4773.42 | M77: 4773.42 | N77: 4773.42 | O77: 4773.42 | Q77: 57281.04 | R77: 4773.42 | S77: 4773.42 | T77: 4773.42 | U77: 4807.74 | V77: 4782 | W77: 4782 | X77: 4782 | Y77: 4782 | Z77: 4782 | AA77: 4782 | AB77: 4782 | AC77: 4782 | AE77: 57384 | AF77: 114665.04
B78: Bricket Wood Total | D78: 4694.17 | E78: 4694.17 | F78: 4931.92 | G78: 4773.42 | H78: 4773.42 | I78: 4773.42 | J78: 4773.42 | K78: 4773.42 | L78: 4773.42 | M78: 4773.42 | N78: 4773.42 | O78: 4773.42 | Q78: 57281.04 | R78: 4773.42 | S78: 4773.42 | T78: 4773.42 | U78: 4807.74 | V78: 4782 | W78: 4782 | X78: 4782 | Y78: 4782 | Z78: 4782 | AA78: 4782 | AB78: 4782 | AC78: 4782 | AE78: 57384 | AF78: 114665.04
B79: Colney Heath, St Mark | C79: Colney Heath, St Mark | D79: 5800 | E79: 5800 | F79: 6273 | G79: 5800 | H79: 5800 | I79: 5800 | J79: 5800 | K79: 5800 | L79: 5800 | M79: 5800 | N79: 5800 | O79: 5800 | Q79: 70073 | R79: 5800 | S79: 6000 | T79: 6952 | U79: 6000 | V79: 6000 | W79: 6000 | X79: 6000 | Y79: 6000 | Z79: 6000 | AA79: 6000 | AB79: 6000 | AC79: 6000 | AE79: 72752 | AF79: 142825
B80: Colney Heath, St Mark Total | D80: 5800 | E80: 5800 | F80: 6273 | G80: 5800 | H80: 5800 | I80: 5800 | J80: 5800 | K80: 5800 | L80: 5800 | M80: 5800 | N80: 5800 | O80: 5800 | Q80: 70073 | R80: 5800 | S80: 6000 | T80: 6952 | U80: 6000 | V80: 6000 | W80: 6000 | X80: 6000 | Y80: 6000 | Z80: 6000 | AA80: 6000 | AB80: 6000 | AC80: 6000 | AE80: 72752 | AF80: 142825
B81: Frogmore, Holy Trinity | C81: Frogmore, Holy Trinity | D81: 5045 | E81: 5045 | F81: 5045 | G81: 5045 | H81: 5045 | I81: 5045 | J81: 5045 | K81: 5045 | L81: 5045 | M81: 5045 | N81: 5045 | O81: 5047 | Q81: 60542 | R81: 4578 | S81: 4578 | T81: 4578 | U81: 4578 | V81: 4578 | W81: 4578 | X81: 4578 | Y81: 4578 | Z81: 4578 | AA81: 4578 | AB81: 4578 | AC81: 4572 | AE81: 54930 | AF81: 115472
B82: Frogmore, Holy Trinity Total | D82: 5045 | E82: 5045 | F82: 5045 | G82: 5045 | H82: 5045 | I82: 5045 | J82: 5045 | K82: 5045 | L82: 5045 | M82: 5045 | N82: 5045 | O82: 5047 | Q82: 60542 | R82: 4578 | S82: 4578 | T82: 4578 | U82: 4578 | V82: 4578 | W82: 4578 | X82: 4578 | Y82: 4578 | Z82: 4578 | AA82: 4578 | AB82: 4578 | AC82: 4572 | AE82: 54930 | AF82: 115472
B83: London Colney, St Peter | C83: London Colney, St Peter | D83: 2000 | E83: 2000 | F83: 2000 | G83: 2000 | H83: 2000 | I83: 2000 | J83: 2000 | K83: 2000 | L83: 2000 | M83: 2000 | N83: 2000 | O83: 2000 | Q83: 24000 | R83: 2000 | S83: 2000 | T83: 2000 | U83: 2000 | V83: 2000 | W83: 2000 | X83: 2000 | Y83: 4790.6 | Z83: 4790.6 | AA83: 4790.6 | AB83: 4790.6 | AC83: 649.6 | AE83: 33812 | AF83: 57812
B84: London Colney, St Peter Total | D84: 2000 | E84: 2000 | F84: 2000 | G84: 2000 | H84: 2000 | I84: 2000 | J84: 2000 | K84: 2000 | L84: 2000 | M84: 2000 | N84: 2000 | O84: 2000 | Q84: 24000 | R84: 2000 | S84: 2000 | T84: 2000 | U84: 2000 | V84: 2000 | W84: 2000 | X84: 2000 | Y84: 4790.6 | Z84: 4790.6 | AA84: 4790.6 | AB84: 4790.6 | AC84: 649.6 | AE84: 33812 | AF84: 57812
B85: St Albans, Christ Church | C85: St Albans, Christ Church | D85: 6353 | E85: 6353 | F85: 6353 | G85: 6353 | H85: 6353 | I85: 6353 | J85: 6353 | K85: 6353 | L85: 6353 | M85: 6353 | N85: 6353 | O85: 6352 | Q85: 76235 | R85: 6384 | S85: 6384 | T85: 6384 | U85: 6384 | V85: 6384 | X85: 0 | Y85: 0 | Z85: 19152 | AA85: 6384 | AB85: 12768 | AC85: 6384 | AE85: 76608 | AF85: 152843
B86: St Albans, Christ Church Total | D86: 6353 | E86: 6353 | F86: 6353 | G86: 6353 | H86: 6353 | I86: 6353 | J86: 6353 | K86: 6353 | L86: 6353 | M86: 6353 | N86: 6353 | O86: 6352 | Q86: 76235 | R86: 6384 | S86: 6384 | T86: 6384 | U86: 6384 | V86: 6384 | X86: 0 | Y86: 0 | Z86: 19152 | AA86: 6384 | AB86: 12768 | AC86: 6384 | AE86: 76608 | AF86: 152843
B87: St Albans, St Luke | C87: St Albans, St Luke | D87: 5861 | E87: 5861 | F87: 5861 | G87: 5861 | H87: 5861 | I87: 5861 | J87: 5861 | K87: 5861 | L87: 5861 | M87: 5861 | N87: 5861 | O87: 5855 | Q87: 70326 | R87: 5917 | S87: 5917 | T87: 5917 | U87: 5917 | V87: 5917 | W87: 5917 | X87: 5917 | Y87: 5917 | Z87: 5917 | AA87: 5917 | AB87: 5917 | AC87: 5914 | AE87: 71001 | AF87: 141327
B88: St Albans, St Luke Total | D88: 5861 | E88: 5861 | F88: 5861 | G88: 5861 | H88: 5861 | I88: 5861 | J88: 5861 | K88: 5861 | L88: 5861 | M88: 5861 | N88: 5861 | O88: 5855 | Q88: 70326 | R88: 5917 | S88: 5917 | T88: 5917 | U88: 5917 | V88: 5917 | W88: 5917 | X88: 5917 | Y88: 5917 | Z88: 5917 | AA88: 5917 | AB88: 5917 | AC88: 5914 | AE88: 71001 | AF88: 141327
B89: St Albans, St Mary Marshalswick | C89: St Albans, St Mary Marshalswick | D89: 5079 | E89: 5079 | F89: 5079 | G89: 5079 | H89: 5079 | I89: 5079 | J89: 5079 | K89: 5079 | L89: 5079 | M89: 5079 | N89: 5079 | O89: 5074 | Q89: 60943 | R89: 5338 | S89: 5338 | T89: 5338 | U89: 5338 | V89: 5338 | W89: 5338 | X89: 5338 | Y89: 5338 | Z89: 5338 | AA89: 4500 | AB89: 6000 | AC89: 5517 | AE89: 64059 | AF89: 125002
B90: St Albans, St Mary Marshalswick Total | D90: 5079 | E90: 5079 | F90: 5079 | G90: 5079 | H90: 5079 | I90: 5079 | J90: 5079 | K90: 5079 | L90: 5079 | M90: 5079 | N90: 5079 | O90: 5074 | Q90: 60943 | R90: 5338 | S90: 5338 | T90: 5338 | U90: 5338 | V90: 5338 | W90: 5338 | X90: 5338 | Y90: 5338 | Z90: 5338 | AA90: 4500 | AB90: 6000 | AC90: 5517 | AE90: 64059 | AF90: 125002
B91: St Albans, St Michael | C91: St Albans, St Michael | D91: 7589 | E91: 7589 | F91: 7589 | G91: 7589 | H91: 7589 | I91: 7589 | J91: 7589 | K91: 7589 | L91: 7589 | M91: 7589 | N91: 7589 | O91: 7592 | Q91: 91071 | R91: 7964 | S91: 7964 | T91: 7964 | U91: 7964 | V91: 7964 | W91: 7964 | X91: 7964 | Y91: 7964 | Z91: 7964 | AA91: 7964 | AB91: 7964 | AC91: 7961 | AE91: 95565 | AF91: 186636
B92: St Albans, St Michael Total | D92: 7589 | E92: 7589 | F92: 7589 | G92: 7589 | H92: 7589 | I92: 7589 | J92: 7589 | K92: 7589 | L92: 7589 | M92: 7589 | N92: 7589 | O92: 7592 | Q92: 91071 | R92: 7964 | S92: 7964 | T92: 7964 | U92: 7964 | V92: 7964 | W92: 7964 | X92: 7964 | Y92: 7964 | Z92: 7964 | AA92: 7964 | AB92: 7964 | AC92: 7961 | AE92: 95565 | AF92: 186636
B93: St Albans, St Paul | C93: St Albans, St Paul | D93: 10000 | E93: 10000 | F93: 0 | G93: 20000 | H93: 10000 | I93: 10000 | J93: 10000 | K93: 10000 | L93: 10000 | M93: 10000 | N93: 10000 | O93: 52980 | Q93: 162980 | R93: 10000 | S93: 10000 | T93: 10000 | U93: 10000 | V93: 10000 | W93: 10000 | X93: 10000 | Y93: 10000 | Z93: 10000 | AA93: 10000 | AB93: 10000 | AC93: 54451 | AE93: 164451 | AF93: 327431
B94: St Albans, St Paul Total | D94: 10000 | E94: 10000 | F94: 0 | G94: 20000 | H94: 10000 | I94: 10000 | J94: 10000 | K94: 10000 | L94: 10000 | M94: 10000 | N94: 10000 | O94: 52980 | Q94: 162980 | R94: 10000 | S94: 10000 | T94: 10000 | U94: 10000 | V94: 10000 | W94: 10000 | X94: 10000 | Y94: 10000 | Z94: 10000 | AA94: 10000 | AB94: 10000 | AC94: 54451 | AE94: 164451 | AF94: 327431
B95: St Albans, St Peter | C95: St Albans, St Peter | D95: 0 | E95: 16767.34 | F95: 8383.67 | G95: 8383.67 | H95: 8383.67 | I95: 8383.67 | J95: 8383.67 | K95: 8383.67 | L95: 8383.67 | M95: 8383.67 | N95: 8383.67 | O95: 8383.63 | Q95: 100604 | R95: 8542.25 | S95: 8542.25 | T95: 8542.25 | U95: 8542.25 | V95: 8542.25 | W95: 8542.25 | X95: 8542.25 | Y95: 8542.25 | Z95: 8542.25 | AA95: 8542.25 | AB95: 8542.25 | AC95: 8542.25 | AD95: -1905.27 | AE95: 100601.73 | AF95: 201205.73
B96: St Albans, St Peter Total | D96: 0 | E96: 16767.34 | F96: 8383.67 | G96: 8383.67 | H96: 8383.67 | I96: 8383.67 | J96: 8383.67 | K96: 8383.67 | L96: 8383.67 | M96: 8383.67 | N96: 8383.67 | O96: 8383.63 | Q96: 100604 | R96: 8542.25 | S96: 8542.25 | T96: 8542.25 | U96: 8542.25 | V96: 8542.25 | W96: 8542.25 | X96: 8542.25 | Y96: 8542.25 | Z96: 8542.25 | AA96: 8542.25 | AB96: 8542.25 | AC96: 8542.25 | AD96: -1905.27 | AE96: 100601.73 | AF96: 201205.73
B97: St Albans, St Saviour | C97: St Albans, St Saviour | D97: 5569 | E97: 5569 | F97: 5569 | G97: 5569 | H97: 5569 | I97: 5569 | J97: 5569 | K97: 5569 | L97: 5569 | M97: 5569 | N97: 5569 | O97: 5572 | Q97: 66831 | R97: 5950 | S97: 5950 | T97: 5950 | U97: 5950 | V97: 5950 | W97: 5950 | X97: 5950 | Y97: 5950 | Z97: 5950 | AA97: 5950 | AB97: 5950 | AC97: 5954 | AE97: 71404 | AF97: 138235
B98: St Albans, St Saviour Total | D98: 5569 | E98: 5569 | F98: 5569 | G98: 5569 | H98: 5569 | I98: 5569 | J98: 5569 | K98: 5569 | L98: 5569 | M98: 5569 | N98: 5569 | O98: 5572 | Q98: 66831 | R98: 5950 | S98: 5950 | T98: 5950 | U98: 5950 | V98: 5950 | W98: 5950 | X98: 5950 | Y98: 5950 | Z98: 5950 | AA98: 5950 | AB98: 5950 | AC98: 5954 | AE98: 71404 | AF98: 138235
B99: St Albans, St Stephen | C99: St Albans, St Stephen | D99: 7052 | E99: 7052 | F99: 7052 | G99: 7052 | H99: 7052 | I99: 7052 | J99: 7052 | K99: 7052 | L99: 7052 | M99: 7052 | N99: 0 | P99: 14104 | Q99: 84624 | R99: 0 | S99: 0 | U99: 0 | V99: 34815 | W99: 6963 | X99: 6963 | Y99: 6963 | Z99: 6963 | AA99: 6963 | AB99: 6963 | AC99: 3389.68 | AE99: 79982.68 | AF99: 164606.68
B100: St Albans, St Stephen Total | D100: 7052 | E100: 7052 | F100: 7052 | G100: 7052 | H100: 7052 | I100: 7052 | J100: 7052 | K100: 7052 | L100: 7052 | M100: 7052 | N100: 0 | P100: 14104 | Q100: 84624 | R100: 0 | S100: 0 | U100: 0 | V100: 34815 | W100: 6963 | X100: 6963 | Y100: 6963 | Z100: 6963 | AA100: 6963 | AB100: 6963 | AC100: 3389.68 | AE100: 79982.68 | AF100: 164606.68
A101: St Albans Deanery Total | D101: 77274.17 | E101: 94041.51 | F101: 76368.59 | G101: 101737.09 | H101: 85737.09 | I101: 85737.09 | J101: 91737.09 | K101: 85737.09 | L101: 85737.09 | M101: 85737.09 | N101: 78685.09 | O101: 121662.05 | P101: 14104 | Q101: 1084295 | R101: 79825.67 | S101: 80025.67 | T101: 80977.67 | U101: 80059.99 | V101: 114849.25 | W101: 70901.25 | X101: 92613.25 | Y101: 70824.85 | Z101: 95710.85 | AA101: 88949.85 | AB101: 116257.85 | AC101: 149407.53 | AD101: -3546.27 | AE101: 1116857.4 | AF101: 2201152.5
...

Sheet Parish Share Income prior years
A1: Click here to return to homepage
A2: period historical received | B2: 2024
A3: Year Historic shortfall | B3: (All)
A4: Category | B4: historical
A5: Deanery | B5: (All)
A6: Benefice | B6: (All)
A8: Sum of Received £ | C8: Month
A9: Acct Code2 | B9: Parish Name | C9: 1 | D9: 2 | E9: 3 | F9: 4 | G9: 5 | H9: 6 | I9: 7 | J9: 9 | K9: 12 | L9: 13 | M9: Grand Total
A10: 020672 | B10: Chipping Barnet | C10: 304 | M10: 304
A11: 020850 | B11: East Barnet | D11: 45549 | M11: 45549
A12: 032621 | B12: Tring Team Parish | K12: 2364 | L12: 840 | M12: 3204
A13: 032880 | B13: Wigginton | C13: 2390 | J13: 3476 | M13: 5866
A14: 041000 | B14: Gilston with Eastwick | C14: 2696.75 | M14: 2696.75
A15: 050581 | B15: Bygrave | C15: 218 | M15: 218
A16: 071140 | B16: Hatfield Hyde, St Mary Magdalene | C16: 3599.99 | M16: 3599.99
A17: 080210 | B17: Bayford | F17: 2054.13 | J17: 224.96 | M17: 2279.09
A18: 081040 | B18: Great Amwell with St Margarets | K18: 580.5 | M18: 580.5
A19: 082420 | B19: Stanstead Abbots | K19: 0.5 | M19: 0.5
A20: 091460 | B20: Kings Walden | K20: 1314 | M20: 1314
A21: 091670 | B21: Little Wymondley | G21: 400 | M21: 400
A22: 110040 | B22: Aldenham | C22: 10 | M22: 10
A23: 110740 | B23: London Colney, St Peter | K23: 4141 | M23: 4141
A24: 112220 | B24: St Albans, St Peter | E24: 4510 | M24: 4510
A25: 112240 | B25: St Albans, St Stephen | K25: 1 | M25: 1
A26: 132760 | B26: Watford, St John | H26: 614 | M26: 614
A27: 150100 | B27: Arlesey with Astwick | I27: 13916 | M27: 13916
A28: 151230 | B28: Hexton | C28: 3000 | M28: 3000
A29: 151790 | B29: Meppershall | C29: 3000 | M29: 3000
A30: 152940 | B30: Woburn Sands | I30: 7284 | M30: 7284
A31: 160290 | B31: Bedford, St Martin | C31: 3693 | M31: 3693
A32: 160780 | B32: Cranfield | K32: 3 | M32: 3
A33: 161770 | B33: Marston Morteyne with Lidlington | K33: 2 | M33: 2
A34: 180640 | B34: Chalgrave | E34: 3974.25 | M34: 3974.25
A35: 181160 | B35: Heath and Reach with Egginton | C35: 1500 | L35: 2.73 | M35: 1502.73
A36: 181530 | B36: Leighton Buzzard | C36: 601 | M36: 601
A37: 200590 | B37: Caddington | E37: 20000 | M37: 20000
A38: 201510 | B38: Leagrave, St Luke | D38: 4000 | M38: 4000
A39: 202461 | B39: Bushmead | F39: 1755.17 | J39: 2244.83 | M39: 4000
A40: 211921 | B40: Oakley (LEP) | K40: 0.04 | M40: 0.04
A41: 212890 | B41: Wilden | C41: 1500 | M41: 1500
A42: 091280 | B42: The Hub, Hitchin | E42: 4232 | M42: 4232
A43: Grand Total | C43: 22512.74 | D43: 49549 | E43: 32716.25 | F43: 3809.3 | G43: 400 | H43: 614 | I43: 21200 | J43: 5945.79 | K43: 8406.04 | L43: 842.73 | M43: 145995.85

Sheet Sheet3
A1: Calculated Field
A2: Solve Order | B2: Field | C2: Formula
A3: 1 | B3: PS % recovery | C3: =Received/Request
A4: 2 | B4: Balance YTD | C4: =Received-Request
A5: 3 | B5: Variance to prior year | C5: =Received-'Prior YTD received'
A7: Calculated Item
A8: Solve Order | B8: Item | C8: Formula
A11: Note: | B11: When a cell is updated by more than one formula,
B12: the value is set by the formula with the last solve order.
B14: To change the solve order for multiple calculated items or fields,
B15: on the Options tab, in the Calculations group, click Fields, Items, & Sets, and then click Solve Order.

Sheet Berkhamstead
A1: Click here to return to homepage
A3: ='Top level Summary'!A3 -> Parish Share report 31.12.2024
B6: Updates
B8: None to note
A22: Year | B22: 2024
A23: Deanery | B23: Berkhamsted Deanery | I23: Deanery | J23: Berkhamsted Deanery
I25: Sum of Historical shortfall | K25: Year Historic shortfall
A26: Benefice | B26: Parish Name | C26: Sum of Full year Req £ | D26: Sum of Request YTD £ | E26: Sum of Received £ | F26: Sum of Balance YTD | G26: Sum of PS % recovery YTD | I26: Benefice | J26: Parish Name | K26: 2023 | L26: 2022 | M26: 2021 & earlier | N26: Grand Total
A27: Berkhamsted Team Ministry | B27: Great Berkhamsted | C27: 127875 | D27: 127875 | E27: 127875 | F27: 0 | G27: 1 | I27: Berkhamsted Team Ministry | J27: Great Berkhamsted | Q27: =J27=B27 -> TRUE
B28: Great Gaddesden | C28: 24300 | D28: 24300 | E28: 24300 | F28: 0 | G28: 1 | J28: Great Gaddesden | Q28: =J28=B28 -> TRUE
B29: Little Gaddesden | C29: 41508 | D29: 41508 | E29: 41508 | F29: 0 | G29: 1 | J29: Little Gaddesden | Q29: =J29=B29 -> TRUE
B30: Nettleden | C30: 7701 | D30: 7701 | E30: 7701 | F30: 0 | G30: 1 | J30: Nettleden | Q30: =J30=B30 -> TRUE
B31: Potten End, Holy Trinity | C31: 48662 | D31: 48662 | E31: 48662 | F31: 0 | G31: 1 | J31: Potten End, Holy Trinity | Q31: =J31=B31 -> TRUE
A32: Berkhamsted Team Ministry Total | C32: 250046 | D32: 250046 | E32: 250046 | F32: 0 | G32: 1 | I32: Berkhamsted Team Ministry Total | Q32: =J32=B32 -> TRUE
A33: Northchurch and Wigginton | B33: Northchurch | C33: 56994 | D33: 56994 | E33: 56993.97 | F33: -0.03 | G33: 0.99999947 | I33: Northchurch and Wigginton | J33: Northchurch | Q33: =J33=B33 -> TRUE
B34: Wigginton | C34: 36747 | D34: 36747 | E34: 34000 | F34: -2747 | G34: 0.9252456 | J34: Wigginton | K34: 0 | L34: 0 | M34: 5142 | N34: 5142 | Q34: =J34=B34 -> TRUE
A35: Northchurch and Wigginton Total | C35: 93741 | D35: 93741 | E35: 90993.97 | F35: -2747.03 | G35: 0.97069553 | I35: Northchurch and Wigginton Total | K35: 0 | L35: 0 | M35: 5142 | N35: 5142 | Q35: =J35=B35 -> TRUE
A36: Sunnyside with Bourne End | B36: Bourne End | C36: 11719 | D36: 11719 | E36: 11719 | F36: 0 | G36: 1 | I36: Sunnyside with Bourne End | J36: Bourne End | Q36: =J36=B36 -> TRUE
B37: Sunnyside, St Michael and All Angels | C37: 90723 | D37: 90723 | E37: 90723 | F37: 0 | G37: 1 | J37: Sunnyside, St Michael and All Angels | Q37: =J37=B37 -> TRUE
A38: Sunnyside with Bourne End Total | C38: 102442 | D38: 102442 | E38: 102442 | F38: 0 | G38: 1 | I38: Sunnyside with Bourne End Total | Q38: =J38=B38 -> TRUE
A39: Tring (Team Ministry) | B39: Tring Team Parish | C39: 177636 | D39: 177636 | E39: 177636 | F39: 0 | G39: 1 | I39: Tring (Team Ministry) | J39: Tring Team Parish | K39: 0 | N39: 0 | Q39: =J39=B39 -> TRUE
A40: Tring (Team Ministry) Total | C40: 177636 | D40: 177636 | E40: 177636 | F40: 0 | G40: 1 | I40: Tring (Team Ministry) Total | K40: 0 | N40: 0 | Q40: =J40=B40 -> TRUE
A41: Grand Total | C41: 623865 | D41: 623865 | E41: 621117.97 | F41: -2747.03 | G41: 0.99559676 | I41: Grand Total | K41: 0 | L41: 0 | M41: 5142 | N41: 5142
A44: Click here to return to homepage

Sheet Hitchin
A1: Click here to return to homepage
A3: ='Top level Summary'!A3 -> Parish Share report 31.12.2024
B6: Updates
A22: Year | B22: 2024
A23: Deanery | B23: Hitchin Deanery | I23: Deanery | J23: Hitchin Deanery
I25: Sum of Historical shortfall | K25: Year Historic shortfall
A26: Benefice | B26: Parish Name | C26: Sum of Full year Req £ | D26: Sum of Request YTD £ | E26: Sum of Received £ | F26: Sum of Balance YTD | G26: Sum of PS % recovery YTD | I26: Benefice | J26: Parish Name | K26: 2023 | L26: 2022 | M26: 2021 & earlier | N26: Grand Total
A27: Hitchin & St Paul's Walden (Team Ministry) | B27: Hitchin | C27: 0 | D27: 0 | E27: 0 | F27: 0 | G27: #DIV/0! | I27: Hitchin & St Paul's Walden (Team Ministry) | J27: Hitchin | M27: 0 | N27: 0 | Q27: =J27=B27 -> TRUE
B28: Holy Saviour Hitchin | C28: 56850 | D28: 56850 | E28: 56850 | F28: 0 | G28: 1 | J28: Holy Saviour Hitchin | Q28: =J28=B28 -> TRUE
B29: St Faith's Hitchin | C29: 56039 | D29: 56039 | E29: 40066.66 | F29: -15972.34 | G29: 0.71497814 | J29: St Faith's Hitchin | K29: 15365 | N29: 15365 | Q29: =J29=B29 -> TRUE
B30: St Mark's Hitchin | C30: 71268 | D30: 71268 | E30: 71268.02 | F30: 0.02 | G30: 1.0000003 | J30: St Mark's Hitchin | K30: 0.02 | N30: 0.02 | Q30: =J30=B30 -> TRUE
B31: St Mary's Hitchin | C31: 107553 | D31: 107553 | E31: 78500 | F31: -29053 | G31: 0.72987271 | J31: St Mary's Hitchin | Q31: =J31=B31 -> TRUE
B32: St Paul's Walden | C32: 21368 | D32: 21368 | E32: 21368 | F32: 0 | G32: 1 | J32: St Paul's Walden | Q32: =J32=B32 -> TRUE
B33: The Hub, Hitchin | C33: 26169 | D33: 26169 | E33: 26169 | F33: 0 | G33: 1 | J33: The Hub, Hitchin | Q33: =J33=B33 -> TRUE
A34: Hitchin & St Paul's Walden (Team Ministry) Total | C34: 339247 | D34: 339247 | E34: 294221.68 | F34: -45025.32 | G34: 0.86727865 | I34: Hitchin & St Paul's Walden (Team Ministry) Total | K34: 15365.02 | M34: 0 | N34: 15365.02 | Q34: =J34=B34 -> TRUE
A35: Holwell, Ickleford and Pirton | B35: Holwell | C35: 4732 | D35: 4732 | E35: 0 | F35: -4732 | G35: 0 | I35: Holwell, Ickleford and Pirton | J35: Holwell | K35: 3111 | M35: 5493.5 | N35: 8604.5 | Q35: =J35=B35 -> TRUE
B36: Ickleford | C36: 31422 | D36: 31422 | E36: 31422 | F36: 0 | G36: 1 | J36: Ickleford | Q36: =J36=B36 -> TRUE
B37: Pirton | C37: 27119 | D37: 27119 | E37: 27119 | F37: 0 | G37: 1 | J37: Pirton | Q37: =J37=B37 -> TRUE
A38: Holwell, Ickleford and Pirton Total | C38: 63273 | D38: 63273 | E38: 58541 | F38: -4732 | G38: 0.92521297 | I38: Holwell, Ickleford and Pirton Total | K38: 3111 | M38: 5493.5 | N38: 8604.5 | Q38: =J38=B38 -> TRUE
A39: King's Walden and Offley with Lilley | B39: Kings Walden | C39: 16633 | D39: 16633 | E39: 16633 | F39: 0 | G39: 1 | I39: King's Walden and Offley with Lilley | J39: Kings Walden | K39: 6581 | L39: 9134 | M39: 16760 | N39: 32475 | Q39: =J39=B39 -> TRUE
B40: Lilley | C40: 15802 | D40: 15802 | E40: 15802 | F40: 0 | G40: 1 | J40: Lilley | Q40: =J40=B40 -> TRUE
B41: Offley | C41: 16759 | D41: 16759 | E41: 12856 | F41: -3903 | G41: 0.76711021 | J41: Offley | L41: 7948 | M41: 13581.25 | N41: 21529.25 | Q41: =J41=B41 -> TRUE
A42: King's Walden and Offley with Lilley Total | C42: 49194 | D42: 49194 | E42: 45291 | F42: -3903 | G42: 0.92066106 | I42: King's Walden and Offley with Lilley Total | K42: 6581 | L42: 17082 | M42: 30341.25 | N42: 54004.25 | Q42: =J42=B42 -> TRUE
A43: Letchworth, St Paul with Willian and Old Letchworth | B43: Letchworth, St Paul | C43: 96983 | D43: 96983 | E43: 96983 | F43: 0 | G43: 1 | I43: Letchworth, St Paul with Willian and Old Letchworth | J43: Letchworth, St Paul | Q43: =J43=B43 -> TRUE
B44: Old Letchworth | C44: 2136 | D44: 2136 | E44: 2136 | F44: 0 | G44: 1 | J44: Old Letchworth | Q44: =J44=B44 -> TRUE
B45: Willian | C45: 15486 | D45: 15486 | E45: 15486 | F45: 0 | G45: 1 | J45: Willian | Q45: =J45=B45 -> TRUE
A46: Letchworth, St Paul with Willian and Old Letchworth Total | C46: 114605 | D46: 114605 | E46: 114605 | F46: 0 | G46: 1 | I46: Letchworth, St Paul with Willian and Old Letchworth Total | Q46: =J46=B46 -> TRUE
A47: Norton | B47: Norton | C47: 69924 | D47: 69924 | E47: 69924 | F47: 0 | G47: 1 | I47: Norton | J47: Norton | Q47: =J47=B47 -> TRUE
A48: Norton Total | C48: 69924 | D48: 69924 | E48: 69924 | F48: 0 | G48: 1 | I48: Norton Total | Q48: =J48=B48 -> TRUE
A49: St Ippolyts with Great and Little Wymondley | B49: Great Wymondley | C49: 5980 | D49: 5980 | E49: 5980 | F49: 0 | G49: 1 | I49: St Ippolyts with Great and Little Wymondley | J49: Great Wymondley | K49: -0.02 | N49: -0.02 | Q49: =J49=B49 -> TRUE
B50: Little Wymondley | C50: 8063 | D50: 8063 | E50: 2900 | F50: -5163 | G50: 0.35966762 | J50: Little Wymondley | K50: 5153 | L50: 5743 | M50: 33834.5 | N50: 44730.5 | Q50: =J50=B50 -> TRUE
B51: St Ippolyts | C51: 42504 | D51: 42504 | E51: 42504 | F51: 0 | G51: 1 | J51: St Ippolyts | Q51: =J51=B51 -> TRUE
A52: St Ippolyts with Great and Little Wymondley Total | C52: 56547 | D52: 56547 | E52: 51384 | F52: -5163 | G52: 0.90869542 | I52: St Ippolyts with Great and Little Wymondley Total | K52: 5152.98 | L52: 5743 | M52: 33834.5 | N52: 44730.48 | Q52: =J52=B52 -> TRUE
A53: Stotfold with Radwell | B53: Radwell | C53: 1847 | D53: 1847 | E53: 1847 | F53: 0 | G53: 1 | I53: Stotfold with Radwell | J53: Radwell | M53: 2589 | N53: 2589 | Q53: =J53=B53 -> TRUE
B54: Stotfold | C54: 54957 | D54: 54957 | E54: 54957 | F54: 0 | G54: 1 | J54: Stotfold | Q54: =J54=B54 -> TRUE
A55: Stotfold with Radwell Total | C55: 56804 | D55: 56804 | E55: 56804 | F55: 0 | G55: 1 | I55: Stotfold with Radwell Total | M55: 2589 | N55: 2589 | Q55: =J55=B55 -> TRUE
A56: Wilbury | B56: Wilbury | C56: 40357 | D56: 40357 | E56: 40357 | F56: 0 | G56: 1 | I56: Wilbury | J56: Wilbury | K56: 0 | N56: 0 | Q56: =J56=B56 -> TRUE
A57: Wilbury Total | C57: 40357 | D57: 40357 | E57: 40357 | F57: 0 | G57: 1 | I57: Wilbury Total | K57: 0 | N57: 0 | Q57: =J57=B57 -> TRUE
A58: Grand Total | C58: 789951 | D58: 789951 | E58: 731127.68 | F58: -58823.32 | G58: 0.92553548 | I58: Grand Total | K58: 30210 | L58: 22825 | M58: 72258.25 | N58: 125293.25 | Q58: =J58=B58 -> TRUE
A60: Click here to return to homepage

Sheet Rickmandsworth
A1: Click here to return to homepage
A3: ='Top level Summary'!A3 -> Parish Share report 31.12.2024
B6: Updates
A22: Year | B22: 2024
A23: Deanery | B23: Rickmansworth Deanery | I23: Deanery | J23: Rickmansworth Deanery
I25: Sum of Historical shortfall | K25: Year Historic shortfall
A26: Benefice | B26: Parish Name | C26: Sum of Full year Req £ | D26: Sum of Request YTD £ | E26: Sum of Received £ | F26: Sum of Balance YTD | G26: Sum of PS % recovery YTD | I26: Benefice | J26: Parish Name | K26: 2023 | L26: 2022 | M26: 2021 & earlier | N26: Grand Total
A27: Bovingdon | B27: Bovingdon | C27: 48984 | D27: 48984 | E27: 48984 | F27: 0 | G27: 1 | I27: Bovingdon | J27: Bovingdon | Q27: =J27=B27 -> TRUE
A28: Bovingdon Total | C28: 48984 | D28: 48984 | E28: 48984 | F28: 0 | G28: 1 | I28: Bovingdon Total | Q28: =J28=B28 -> TRUE
A29: Chorleywood, Christ Church | B29: Chorleywood, Christ Church | C29: 224124 | D29: 224124 | E29: 224124 | F29: 0 | G29: 1 | I29: Chorleywood, Christ Church | J29: Chorleywood, Christ Church | Q29: =J29=B29 -> TRUE
A30: Chorleywood, Christ Church Total | C30: 224124 | D30: 224124 | E30: 224124 | F30: 0 | G30: 1 | I30: Chorleywood, Christ Church Total | Q30: =J30=B30 -> TRUE
A31: Chorleywood, St Andrew | B31: Chorleywood, St Andrew | C31: 176316 | D31: 176316 | E31: 176316 | F31: 0 | G31: 1 | I31: Chorleywood, St Andrew | J31: Chorleywood, St Andrew | Q31: =J31=B31 -> TRUE
A32: Chorleywood, St Andrew Total | C32: 176316 | D32: 176316 | E32: 176316 | F32: 0 | G32: 1 | I32: Chorleywood, St Andrew Total | Q32: =J32=B32 -> TRUE
A33: Croxley Green, All Saints | B33: Croxley Green, All Saints | C33: 64593 | D33: 64593 | E33: 64593 | F33: 0 | G33: 1 | I33: Croxley Green, All Saints | J33: Croxley Green, All Saints | M33: 0 | N33: 0 | Q33: =J33=B33 -> TRUE
A34: Croxley Green, All Saints Total | C34: 64593 | D34: 64593 | E34: 64593 | F34: 0 | G34: 1 | I34: Croxley Green, All Saints Total | M34: 0 | N34: 0 | Q34: =J34=B34 -> TRUE
A35: Croxley Green, St Oswald | B35: Croxley Green, St Oswald | C35: 70200 | D35: 70200 | E35: 70200 | F35: 0 | G35: 1 | I35: Croxley Green, St Oswald | J35: Croxley Green, St Oswald | K35: -0.2 | N35: -0.2 | Q35: =J35=B35 -> TRUE
A36: Croxley Green, St Oswald Total | C36: 70200 | D36: 70200 | E36: 70200 | F36: 0 | G36: 1 | I36: Croxley Green, St Oswald Total | K36: -0.2 | N36: -0.2 | Q36: =J36=B36 -> TRUE
A37: Mill End and Heronsgate with West Hyde | B37: Mill End and Heronsgate with West Hyde | C37: 53881 | D37: 53881 | E37: 53881.28 | F37: 0.28 | G37: 1.0000052 | I37: Mill End and Heronsgate with West Hyde | J37: Mill End and Heronsgate with West Hyde | Q37: =J37=B37 -> TRUE
A38: Mill End and Heronsgate with West Hyde Total | C38: 53881 | D38: 53881 | E38: 53881.28 | F38: 0.28 | G38: 1.0000052 | I38: Mill End and Heronsgate with West Hyde Total | Q38: =J38=B38 -> TRUE
A39: Rickmansworth | B39: Rickmansworth | C39: 93429 | D39: 93429 | E39: 93429 | F39: 0 | G39: 1 | I39: Rickmansworth | J39: Rickmansworth | Q39: =J39=B39 -> TRUE
A40: Rickmansworth Total | C40: 93429 | D40: 93429 | E40: 93429 | F40: 0 | G40: 1 | I40: Rickmansworth Total | Q40: =J40=B40 -> TRUE
A41: Sarratt and Chipperfield | B41: Chipperfield | C41: 50586 | D41: 50586 | E41: 50586 | F41: 0 | G41: 1 | I41: Sarratt and Chipperfield | J41: Chipperfield | Q41: =J41=B41 -> TRUE
B42: Sarratt | C42: 46957 | D42: 46957 | E42: 27600 | F42: -19357 | G42: 0.58777179 | J42: Sarratt | K42: 13443 | L42: 11331 | M42: 18920 | N42: 43694 | Q42: =J42=B42 -> TRUE
A43: Sarratt and Chipperfield Total | C43: 97543 | D43: 97543 | E43: 78186 | F43: -19357 | G43: 0.80155419 | I43: Sarratt and Chipperfield Total | K43: 13443 | L43: 11331 | M43: 18920 | N43: 43694 | Q43: =J43=B43 -> TRUE
A44: Grand Total | C44: 829070 | D44: 829070 | E44: 809713.28 | F44: -19356.72 | G44: 0.97665249 | I44: Grand Total | K44: 13442.8 | L44: 11331 | M44: 18920 | N44: 43693.8 | Q44: =J44=B44 -> TRUE
A47: Click here to return to homepage

Sheet St Albans
A1: Click here to return to homepage
A3: ='Top level Summary'!A3 -> Parish Share report 31.12.2024
B6: Updates
A22: Year | B22: 2024
A23: Deanery | B23: St Albans Deanery | I23: Deanery | J23: St Albans Deanery
I25: Sum of Historical shortfall | K25: Year Historic shortfall
A26: Benefice | B26: Parish Name | C26: Sum of Full year Req £ | D26: Sum of Request YTD £ | E26: Sum of Received £ | F26: Sum of Balance YTD | G26: Sum of PS % recovery YTD | I26: Benefice | J26: Parish Name | K26: 2023 | L26: 2022 | M26: 2021 & earlier | N26: Grand Total
A27: Aldenham, Radlett and Shenley Team Ministry | B27: Aldenham | C27: 32763 | D27: 32763 | E27: 32763 | F27: 0 | G27: 1 | I27: Aldenham, Radlett and Shenley Team Ministry | J27: Aldenham | K27: 0 | N27: 0 | Q27: =J27=B27 -> TRUE
B28: Radlett | C28: 116544 | D28: 116544 | E28: 116544 | F28: 0 | G28: 1 | J28: Radlett | Q28: =J28=B28 -> TRUE
B29: Shenley | C29: 40144 | D29: 40144 | E29: 25000 | F29: -15144 | G29: 0.62275807 | J29: Shenley | K29: 27408 | L29: 9717 | M29: 15442 | N29: 52567 | Q29: =J29=B29 -> TRUE
A30: Aldenham, Radlett and Shenley Team Ministry Total | C30: 189451 | D30: 189451 | E30: 174307 | F30: -15144 | G30: 0.92006376 | I30: Aldenham, Radlett and Shenley Team Ministry Total | K30: 27408 | L30: 9717 | M30: 15442 | N30: 52567 | Q30: =J30=B30 -> TRUE
A31: Bricket Wood | B31: Bricket Wood | C31: 57384 | D31: 57384 | E31: 57384 | F31: 0 | G31: 1 | I31: Bricket Wood | J31: Bricket Wood | K31: -0.04 | N31: -0.04 | Q31: =J31=B31 -> TRUE
A32: Bricket Wood Total | C32: 57384 | D32: 57384 | E32: 57384 | F32: 0 | G32: 1 | I32: Bricket Wood Total | K32: -0.04 | N32: -0.04 | Q32: =J32=B32 -> TRUE
A33: Colney Heath, St Mark | B33: Colney Heath, St Mark | C33: 72752 | D33: 72752 | E33: 72752 | F33: 0 | G33: 1 | I33: Colney Heath, St Mark | J33: Colney Heath, St Mark | Q33: =J33=B33 -> TRUE
A34: Colney Heath, St Mark Total | C34: 72752 | D34: 72752 | E34: 72752 | F34: 0 | G34: 1 | I34: Colney Heath, St Mark Total | Q34: =J34=B34 -> TRUE
A35: Frogmore, Holy Trinity | B35: Frogmore, Holy Trinity | C35: 54930 | D35: 54930 | E35: 54930 | F35: 0 | G35: 1 | I35: Frogmore, Holy Trinity | J35: Frogmore, Holy Trinity | Q35: =J35=B35 -> TRUE
A36: Frogmore, Holy Trinity Total | C36: 54930 | D36: 54930 | E36: 54930 | F36: 0 | G36: 1 | I36: Frogmore, Holy Trinity Total | Q36: =J36=B36 -> TRUE
A37: London Colney, St Peter | B37: London Colney, St Peter | C37: 33812 | D37: 33812 | E37: 33812 | F37: 0 | G37: 1 | I37: London Colney, St Peter | J37: London Colney, St Peter | K37: 0 | M37: 0 | N37: 0 | Q37: =J37=B37 -> TRUE
A38: London Colney, St Peter Total | C38: 33812 | D38: 33812 | E38: 33812 | F38: 0 | G38: 1 | I38: London Colney, St Peter Total | K38: 0 | M38: 0 | N38: 0 | Q38: =J38=B38 -> TRUE
A39: St Albans, Christ Church | B39: St Albans, Christ Church | C39: 76608 | D39: 76608 | E39: 76608 | F39: 0 | G39: 1 | I39: St Albans, Christ Church | J39: St Albans, Christ Church | Q39: =J39=B39 -> TRUE
A40: St Albans, Christ Church Total | C40: 76608 | D40: 76608 | E40: 76608 | F40: 0 | G40: 1 | I40: St Albans, Christ Church Total | Q40: =J40=B40 -> TRUE
A41: St Albans, St Luke | B41: St Albans, St Luke | C41: 71001 | D41: 71001 | E41: 71001 | F41: 0 | G41: 1 | I41: St Albans, St Luke | J41: St Albans, St Luke | Q41: =J41=B41 -> TRUE
A42: St Albans, St Luke Total | C42: 71001 | D42: 71001 | E42: 71001 | F42: 0 | G42: 1 | I42: St Albans, St Luke Total | Q42: =J42=B42 -> TRUE
A43: St Albans, St Mary Marshalswick | B43: St Albans, St Mary Marshalswick | C43: 64059 | D43: 64059 | E43: 64059 | F43: 0 | G43: 1 | I43: St Albans, St Mary Marshalswick | J43: St Albans, St Mary Marshalswick | Q43: =J43=B43 -> TRUE
A44: St Albans, St Mary Marshalswick Total | C44: 64059 | D44: 64059 | E44: 64059 | F44: 0 | G44: 1 | I44: St Albans, St Mary Marshalswick Total | Q44: =J44=B44 -> TRUE
A45: St Albans, St Michael | B45: St Albans, St Michael | C45: 95565 | D45: 95565 | E45: 95565 | F45: 0 | G45: 1 | I45: St Albans, St Michael | J45: St Albans, St Michael | Q45: =J45=B45 -> TRUE
A46: St Albans, St Michael Total | C46: 95565 | D46: 95565 | E46: 95565 | F46: 0 | G46: 1 | I46: St Albans, St Michael Total | Q46: =J46=B46 -> TRUE
A47: St Albans, St Paul | B47: St Albans, St Paul | C47: 164451 | D47: 164451 | E47: 164451 | F47: 0 | G47: 1 | I47: St Albans, St Paul | J47: St Albans, St Paul | Q47: =J47=B47 -> TRUE
A48: St Albans, St Paul Total | C48: 164451 | D48: 164451 | E48: 164451 | F48: 0 | G48: 1 | I48: St Albans, St Paul Total | Q48: =J48=B48 -> TRUE
A49: St Albans, St Peter | B49: St Albans, St Peter | C49: 100602 | D49: 100602 | E49: 100601.73 | F49: -0.27 | G49: 0.99999732 | I49: St Albans, St Peter | J49: St Albans, St Peter | K49: 1.4551915e-11 | L49: 0 | N49: 1.4551915e-11 | Q49: =J49=B49 -> TRUE
A50: St Albans, St Peter Total | C50: 100602 | D50: 100602 | E50: 100601.73 | F50: -0.27 | G50: 0.99999732 | I50: St Albans, St Peter Total | K50: 1.4551915e-11 | L50: 0 | N50: 1.4551915e-11 | Q50: =J50=B50 -> TRUE
A51: St Albans, St Saviour | B51: St Albans, St Saviour | C51: 71404 | D51: 71404 | E51: 71404 | F51: 0 | G51: 1 | I51: St Albans, St Saviour | J51: St Albans, St Saviour | Q51: =J51=B51 -> TRUE
A52: St Albans, St Saviour Total | C52: 71404 | D52: 71404 | E52: 71404 | F52: 0 | G52: 1 | I52: St Albans, St Saviour Total | Q52: =J52=B52 -> TRUE
A53: St Albans, St Stephen | B53: St Albans, St Stephen | C53: 79983 | D53: 79983 | E53: 79982.68 | F53: -0.32 | G53: 0.999996 | I53: St Albans, St Stephen | J53: St Albans, St Stephen | K53: 0 | N53: 0 | Q53: =J53=B53 -> TRUE
A54: St Albans, St Stephen Total | C54: 79983 | D54: 79983 | E54: 79982.68 | F54: -0.32 | G54: 0.999996 | I54: St Albans, St Stephen Total | K54: 0 | N54: 0 | Q54: =J54=B54 -> TRUE
A55: Grand Total | C55: 1132002 | D55: 1132002 | E55: 1116857.4 | F55: -15144.59 | G55: 0.98662141 | I55: Grand Total | K55: 27407.96 | L55: 9717 | M55: 15442 | N55: 52566.96
A58: Click here to return to homepage

Sheet Watford
A1: Click here to return to homepage
A3: ='Top level Summary'!A3 -> Parish Share report 31.12.2024
B6: Updates
A22: Year | B22: 2024
A23: Deanery | B23: Watford Deanery | I23: Deanery | J23: Watford Deanery
I25: Sum of Historical shortfall | K25: Year Historic shortfall
A26: Benefice | B26: Parish Name | C26: Sum of Full year Req £ | D26: Sum of Request YTD £ | E26: Sum of Received £ | F26: Sum of Balance YTD | G26: Sum of PS % recovery YTD | I26: Benefice | J26: Parish Name | K26: 2023 | L26: 2022 | M26: 2021 & earlier | N26: Grand Total
A27: Abbots Langley | B27: Abbots Langley | C27: 90003 | D27: 90003 | E27: 90003 | F27: 0 | G27: 1 | I27: Abbots Langley | J27: Abbots Langley | Q27: =J27=B27 -> TRUE
A28: Abbots Langley Total | C28: 90003 | D28: 90003 | E28: 90003 | F28: 0 | G28: 1 | I28: Abbots Langley Total | Q28: =J28=B28 -> TRUE
A29: Bushey | B29: Bushey | C29: 83028 | D29: 83028 | E29: 45000 | F29: -38028 | G29: 0.54198584 | I29: Bushey | J29: Bushey | Q29: =J29=B29 -> TRUE
A30: Bushey Total | C30: 83028 | D30: 83028 | E30: 45000 | F30: -38028 | G30: 0.54198584 | I30: Bushey Total | Q30: =J30=B30 -> TRUE
A31: Bushey Heath, St Peter | B31: Bushey Heath, St Peter | C31: 47596 | D31: 47596 | E31: 42596 | F31: -5000 | G31: 0.89494916 | I31: Bushey Heath, St Peter | J31: Bushey Heath, St Peter | L31: 5764 | M31: 0 | N31: 5764 | Q31: =J31=B31 -> TRUE
A32: Bushey Heath, St Peter Total | C32: 47596 | D32: 47596 | E32: 42596 | F32: -5000 | G32: 0.89494916 | I32: Bushey Heath, St Peter Total | L32: 5764 | M32: 0 | N32: 5764 | Q32: =J32=B32 -> TRUE
A33: Langleybury, St Paul | B33: Langleybury, St Paul | C33: 38180 | D33: 38180 | E33: 38180 | F33: 0 | G33: 1 | I33: Langleybury, St Paul | J33: Langleybury, St Paul | Q33: =J33=B33 -> TRUE
A34: Langleybury, St Paul Total | C34: 38180 | D34: 38180 | E34: 38180 | F34: 0 | G34: 1 | I34: Langleybury, St Paul Total | Q34: =J34=B34 -> TRUE
A35: Leavesden, All Saints | B35: Leavesden, All Saints | C35: 40248 | D35: 40248 | E35: 40248 | F35: 0 | G35: 1 | I35: Leavesden, All Saints | J35: Leavesden, All Saints | K35: 33144.5 | M35: 0 | N35: 33144.5 | Q35: =J35=B35 -> TRUE
A36: Leavesden, All Saints Total | C36: 40248 | D36: 40248 | E36: 40248 | F36: 0 | G36: 1 | I36: Leavesden, All Saints Total | K36: 33144.5 | M36: 0 | N36: 33144.5 | Q36: =J36=B36 -> TRUE
A37: Oxhey, St Matthew | B37: Oxhey, St Matthew | C37: 47854 | D37: 47854 | E37: 47854 | F37: 0 | G37: 1 | I37: Oxhey, St Matthew | J37: Oxhey, St Matthew | Q37: =J37=B37 -> TRUE
A38: Oxhey, St Matthew Total | C38: 47854 | D38: 47854 | E38: 47854 | F38: 0 | G38: 1 | I38: Oxhey, St Matthew Total | Q38: =J38=B38 -> TRUE
A39: South Oxhey and Carpenders Park | B39: Oxhey, All Saints | C39: 42966 | D39: 42966 | E39: 42966 | F39: 0 | G39: 1 | I39: South Oxhey and Carpenders Park | J39: Oxhey, All Saints | Q39: =J39=B39 -> TRUE
A40: South Oxhey and Carpenders Park Total | C40: 42966 | D40: 42966 | E40: 42966 | F40: 0 | G40: 1 | I40: South Oxhey and Carpenders Park Total | Q40: =J40=B40 -> TRUE
A41: Watford | B41: Watford | C41: 85444 | D41: 85444 | E41: 85444 | F41: 0 | G41: 1 | I41: Watford | J41: Watford | K41: 0.02 | N41: 0.02 | Q41: =J41=B41 -> TRUE
A42: Watford Total | C42: 85444 | D42: 85444 | E42: 85444 | F42: 0 | G42: 1 | I42: Watford Total | K42: 0.02 | N42: 0.02 | Q42: =J42=B42 -> TRUE
A43: Watford, Christ Church | B43: Watford, Christ Church | C43: 33233 | D43: 33233 | E43: 33233 | F43: 0 | G43: 1 | I43: Watford, Christ Church | J43: Watford, Christ Church | L43: 22894 | M43: 29250 | N43: 52144 | Q43: =J43=B43 -> TRUE
A44: Watford, Christ Church Total | C44: 33233 | D44: 33233 | E44: 33233 | F44: 0 | G44: 1 | I44: Watford, Christ Church Total | L44: 22894 | M44: 29250 | N44: 52144 | Q44: =J44=B44 -> TRUE
A45: Watford, St Andrew | B45: Watford, St Andrew (LEP) | C45: 32162 | D45: 32162 | E45: 32162 | F45: 0 | G45: 1 | I45: Watford, St Andrew | J45: Watford, St Andrew (LEP) | Q45: =J45=B45 -> TRUE
A46: Watford, St Andrew Total | C46: 32162 | D46: 32162 | E46: 32162 | F46: 0 | G46: 1 | I46: Watford, St Andrew Total | Q46: =J46=B46 -> TRUE
A47: Watford, St John | B47: Watford, St John | C47: 36410 | D47: 36410 | E47: 30844.96 | F47: -5565.04 | G47: 0.84715628 | I47: Watford, St John | J47: Watford, St John | K47: 0 | L47: 0 | M47: 0 | N47: 0 | Q47: =J47=B47 -> TRUE
A48: Watford, St John Total | C48: 36410 | D48: 36410 | E48: 30844.96 | F48: -5565.04 | G48: 0.84715628 | I48: Watford, St John Total | K48: 0 | L48: 0 | M48: 0 | N48: 0 | Q48: =J48=B48 -> TRUE
A49: Watford, St Luke | B49: Watford, St Luke | C49: 120953 | D49: 120953 | E49: 120953 | F49: 0 | G49: 1 | I49: Watford, St Luke | J49: Watford, St Luke | Q49: =J49=B49 -> TRUE
A50: Watford, St Luke Total | C50: 120953 | D50: 120953 | E50: 120953 | F50: 0 | G50: 1 | I50: Watford, St Luke Total | Q50: =J50=B50 -> TRUE
A51: Watford, St Michael | B51: Watford, St Michael and All Angels (LEP) | C51: 51022 | D51: 51022 | E51: 51022 | F51: 0 | G51: 1 | I51: Watford, St Michael | J51: Watford, St Michael and All Angels (LEP) | Q51: =J51=B51 -> TRUE
A52: Watford, St Michael Total | C52: 51022 | D52: 51022 | E52: 51022 | F52: 0 | G52: 1 | I52: Watford, St Michael Total | Q52: =J52=B52 -> TRUE
A53: Watford, St Peter | B53: Watford, St Peter | C53: 49600 | D53: 49600 | E53: 29733 | F53: -19867 | G53: 0.59945565 | I53: Watford, St Peter | J53: Watford, St Peter | M53: 7255 | N53: 7255 | Q53: =J53=B53 -> TRUE
A54: Watford, St Peter Total | C54: 49600 | D54: 49600 | E54: 29733 | F54: -19867 | G54: 0.59945565 | I54: Watford, St Peter Total | M54: 7255 | N54: 7255 | Q54: =J54=B54 -> TRUE
A55: Grand Total | C55: 798699 | D55: 798699 | E55: 730238.96 | F55: -68460.04 | G55: 0.91428556 | I55: Grand Total | K55: 33144.52 | L55: 28658 | M55: 36505 | N55: 98307.52
A58: Click here to return to homepage

Sheet Wheathampstead
A1: Click here to return to homepage
A3: ='Top level Summary'!A3 -> Parish Share report 31.12.2024
B6: Updates
A22: Year | B22: 2024
A23: Deanery | B23: Wheathampstead Deanery | I23: Deanery | J23: Wheathampstead Deanery
I25: Sum of Historical shortfall | K25: Year Historic shortfall
A26: Benefice | B26: Parish Name | C26: Sum of Full year Req £ | D26: Sum of Request YTD £ | E26: Sum of Received £ | F26: Sum of Balance YTD | G26: Sum of PS % recovery YTD | I26: Benefice | J26: Parish Name | K26: 2023 | L26: 2022 | M26: 2021 & earlier | N26: Grand Total
A27: Flamstead and Markyate Street | B27: Flamstead | C27: 37185 | D27: 37185 | E27: 37185 | F27: 0 | G27: 1 | I27: Flamstead and Markyate Street | J27: Flamstead | M27: 10505.25 | N27: 10505.25 | Q27: =J27=B27 -> TRUE
B28: Markyate Street, St John the Baptist | C28: 31708 | D28: 31708 | E28: 31708 | F28: 0 | G28: 1 | J28: Markyate Street, St John the Baptist | Q28: =J28=B28 -> TRUE
A29: Flamstead and Markyate Street Total | C29: 68893 | D29: 68893 | E29: 68893 | F29: 0 | G29: 1 | I29: Flamstead and Markyate Street Total | M29: 10505.25 | N29: 10505.25 | Q29: =J29=B29 -> TRUE
A30: Harpenden | B30: Harpenden | C30: 287603 | D30: 287603 | E30: 287603 | F30: 0 | G30: 1 | I30: Harpenden | J30: Harpenden | Q30: =J30=B30 -> TRUE
A31: Harpenden Total | C31: 287603 | D31: 287603 | E31: 287603 | F31: 0 | G31: 1 | I31: Harpenden Total | Q31: =J31=B31 -> TRUE
A32: Harpenden, St John | B32: Harpenden, St John | C32: 91757 | D32: 91757 | E32: 91757 | F32: 0 | G32: 1 | I32: Harpenden, St John | J32: Harpenden, St John | Q32: =J32=B32 -> TRUE
A33: Harpenden, St John Total | C33: 91757 | D33: 91757 | E33: 91757 | F33: 0 | G33: 1 | I33: Harpenden, St John Total | Q33: =J33=B33 -> TRUE
A34: Kimpton with Ayot St Lawrence | B34: Ayot St Lawrence | C34: 4673 | D34: 4673 | E34: 2750 | F34: -1923 | G34: 0.58848705 | I34: Kimpton with Ayot St Lawrence | J34: Ayot St Lawrence | K34: 2942 | L34: 2975 | M34: 12776 | N34: 18693 | Q34: =J34=B34 -> TRUE
B35: Kimpton | C35: 41008 | D35: 41008 | E35: 40113 | F35: -895 | G35: 0.97817499 | J35: Kimpton | Q35: =J35=B35 -> TRUE
A36: Kimpton with Ayot St Lawrence Total | C36: 45681 | D36: 45681 | E36: 42863 | F36: -2818 | G36: 0.93831133 | I36: Kimpton with Ayot St Lawrence Total | K36: 2942 | L36: 2975 | M36: 12776 | N36: 18693 | Q36: =J36=B36 -> TRUE
A37: Redbourn | B37: Redbourn | C37: 123852 | D37: 123852 | E37: 123852 | F37: 0 | G37: 1 | I37: Redbourn | J37: Redbourn | Q37: =J37=B37 -> TRUE
A38: Redbourn Total | C38: 123852 | D38: 123852 | E38: 123852 | F38: 0 | G38: 1 | I38: Redbourn Total | Q38: =J38=B38 -> TRUE
A39: Sandridge | B39: Sandridge | C39: 43911 | D39: 43911 | E39: 43911 | F39: 0 | G39: 1 | I39: Sandridge | J39: Sandridge | Q39: =J39=B39 -> TRUE
A40: Sandridge Total | C40: 43911 | D40: 43911 | E40: 43911 | F40: 0 | G40: 1 | I40: Sandridge Total | Q40: =J40=B40 -> TRUE
A41: Wheathampstead | B41: Wheathampstead | C41: 101172 | D41: 101172 | E41: 101172 | F41: 0 | G41: 1 | I41: Wheathampstead | J41: Wheathampstead | Q41: =J41=B41 -> TRUE
A42: Wheathampstead Total | C42: 101172 | D42: 101172 | E42: 101172 | F42: 0 | G42: 1 | I42: Wheathampstead Total | Q42: =J42=B42 -> TRUE
A43: Grand Total | C43: 762869 | D43: 762869 | E43: 760051 | F43: -2818 | G43: 0.99630605 | I43: Grand Total | K43: 2942 | L43: 2975 | M43: 23281.25 | N43: 29198.25
A46: Click here to return to homepage

Sheet Hemel Hempstead
A1: Click here to return to homepage
A3: ='Top level Summary'!A3 -> Parish Share report 31.12.2024
B6: Updates
A22: Year | B22: 2024
A23: Deanery | B23: Hemel Hempstead Deanery | I23: Deanery | J23: Hemel Hempstead Deanery
I25: Sum of Historical shortfall | K25: Year Historic shortfall
A26: Benefice | B26: Parish Name | C26: Sum of Full year Req £ | D26: Sum of Request YTD £ | E26: Sum of Received £ | F26: Sum of Balance YTD | G26: Sum of PS % recovery YTD | I26: Benefice | J26: Parish Name | K26: 2023 | L26: 2022 | M26: 2021 & earlier | N26: Grand Total
A27: Boxmoor | B27: Boxmoor | C27: 88453.5 | D27: 88453.5 | E27: 88453.5 | F27: 0 | G27: 1 | I27: Boxmoor | J27: Boxmoor | M27: 0 | N27: 0 | Q27: =J27=B27 -> TRUE
B28: Hammerfield, St Francis of Assisi | C28: 4737 | D28: 4737 | E28: 4737 | F28: 0 | G28: 1 | J28: Hammerfield, St Francis of Assisi | Q28: =J28=B28 -> TRUE
A29: Boxmoor Total | C29: 93190.5 | D29: 93190.5 | E29: 93190.5 | F29: 0 | G29: 1 | I29: Boxmoor Total | M29: 0 | N29: 0 | Q29: =J29=B29 -> TRUE
A30: Hemel Hempstead Team Ministry | B30: Hemel Hempstead, Grovehill and Woodhall Farm | C30: 29277 | D30: 29277 | E30: 29277 | F30: 0 | G30: 1 | I30: Hemel Hempstead Team Ministry | J30: Hemel Hempstead, Grovehill and Woodhall Farm | M30: 0 | N30: 0 | Q30: =J30=B30 -> TRUE
B31: Hemel Hempstead, St Barnabas, Adeyfield | C31: 52845 | D31: 52845 | E31: 52845 | F31: 0 | G31: 1 | J31: Hemel Hempstead, St Barnabas, Adeyfield | Q31: =J31=B31 -> TRUE
B32: Hemel Hempstead, St Mary and St Paul | C32: 57117 | D32: 57117 | E32: 57117 | F32: 0 | G32: 1 | J32: Hemel Hempstead, St Mary and St Paul | Q32: =J32=B32 -> TRUE
B33: Hemel Hempstead, Warners End and Gadebridge | C33: 44568 | D33: 44568 | E33: 9600 | F33: -34968 | G33: 0.21540118 | J33: Hemel Hempstead, Warners End and Gadebridge | K33: 34114 | L33: 23962 | M33: 80229.34 | N33: 138305.34 | Q33: =J33=B33 -> TRUE
A34: Hemel Hempstead Team Ministry Total | C34: 183807 | D34: 183807 | E34: 148839 | F34: -34968 | G34: 0.80975697 | I34: Hemel Hempstead Team Ministry Total | K34: 34114 | L34: 23962 | M34: 80229.34 | N34: 138305.34 | Q34: =J34=B34 -> TRUE
A35: Langelei Team Ministry | B35: Apsley End | C35: 44373 | D35: 44373 | E35: 44373 | F35: 0 | G35: 1 | I35: Langelei Team Ministry | J35: Apsley End | Q35: =J35=B35 -> TRUE
B36: Bennetts End | C36: 5981 | D36: 5981 | E36: 5981 | F36: 0 | G36: 1 | J36: Bennetts End | K36: 14088 | L36: 15078 | M36: 15486.33 | N36: 44652.33 | Q36: =J36=B36 -> TRUE
B37: Kings Langley | C37: 65098 | D37: 65098 | E37: 65098 | F37: 0 | G37: 1 | J37: Kings Langley | Q37: =J37=B37 -> TRUE
B38: Leverstock Green | C38: 65836 | D38: 65836 | E38: 65836 | F38: 0 | G38: 1 | J38: Leverstock Green | Q38: =J38=B38 -> TRUE
A39: Langelei Team Ministry Total | C39: 181288 | D39: 181288 | E39: 181288 | F39: 0 | G39: 1 | I39: Langelei Team Ministry Total | K39: 14088 | L39: 15078 | M39: 15486.33 | N39: 44652.33 | Q39: =J39=B39 -> TRUE
A40: Grand Total | C40: 458285.5 | D40: 458285.5 | E40: 423317.5 | F40: -34968 | G40: 0.92369822 | I40: Grand Total | K40: 48202 | L40: 39040 | M40: 95715.67 | N40: 182957.67
A43: Click here to return to homepage

Sheet Barnet
A1: Click here to return to homepage
A3: ='Top level Summary'!A3 -> Parish Share report 31.12.2024
B6: Updates
A22: Year | B22: 2024
A23: Deanery | B23: Barnet Deanery | I23: Deanery | J23: Barnet Deanery
I25: Sum of Historical shortfall | K25: Year Historic shortfall
A26: Benefice | B26: Parish Name | C26: Sum of Full year Req £ | D26: Sum of Request YTD £ | E26: Sum of Received £ | F26: Sum of Balance YTD | G26: Sum of PS % recovery YTD | I26: Benefice | J26: Parish Name | K26: 2023 | L26: 2022 | M26: 2021 & earlier | N26: Grand Total
A27: Chipping Barnet Team Ministry | B27: Chipping Barnet | C27: 147909 | D27: 147909 | E27: 147909 | F27: 0 | G27: 1 | I27: Chipping Barnet Team Ministry | J27: Chipping Barnet | K27: 0 | N27: 0 | Q27: =J27=B27 -> TRUE
A28: Chipping Barnet Team Ministry Total | C28: 147909 | D28: 147909 | E28: 147909 | F28: 0 | G28: 1 | I28: Chipping Barnet Team Ministry Total | K28: 0 | N28: 0 | Q28: =J28=B28 -> TRUE
A29: East Barnet | B29: East Barnet | C29: 69666 | D29: 69666 | E29: 69666 | F29: 0 | G29: 1 | I29: East Barnet | J29: East Barnet | K29: 0 | N29: 0 | Q29: =J29=B29 -> TRUE
A30: East Barnet Total | C30: 69666 | D30: 69666 | E30: 69666 | F30: 0 | G30: 1 | I30: East Barnet Total | K30: 0 | N30: 0 | Q30: =J30=B30 -> TRUE
A31: Elstree and Borehamwood Team Ministry | B31: Elstree and Borehamwood | C31: 82410 | D31: 82410 | E31: 67548.9 | F31: -14861.1 | G31: 0.81966873 | I31: Elstree and Borehamwood Team Ministry | J31: Elstree and Borehamwood | K31: 25550 | L31: 50343 | M31: 2.9802322e-08 | N31: 75893 | Q31: =J31=B31 -> TRUE
A32: Elstree and Borehamwood Team Ministry Total | C32: 82410 | D32: 82410 | E32: 67548.9 | F32: -14861.1 | G32: 0.81966873 | I32: Elstree and Borehamwood Team Ministry Total | K32: 25550 | L32: 50343 | M32: 2.9802322e-08 | N32: 75893 | Q32: =J32=B32 -> TRUE
A33: Little Heath, Christ Church | B33: Little Heath, Christ Church | C33: 87654 | D33: 87654 | E33: 87654 | F33: 0 | G33: 1 | I33: Little Heath, Christ Church | J33: Little Heath, Christ Church | Q33: =J33=B33 -> TRUE
A34: Little Heath, Christ Church Total | C34: 87654 | D34: 87654 | E34: 87654 | F34: 0 | G34: 1 | I34: Little Heath, Christ Church Total | Q34: =J34=B34 -> TRUE
A35: Lyonsdown, Holy Trinity | B35: Lyonsdown, Holy Trinity | C35: 36616 | D35: 36616 | E35: 28889 | F35: -7727 | G35: 0.78897203 | I35: Lyonsdown, Holy Trinity | J35: Lyonsdown, Holy Trinity | L35: 99789 | M35: 91577.66 | N35: 191366.66 | Q35: =J35=B35 -> TRUE
A36: Lyonsdown, Holy Trinity Total | C36: 36616 | D36: 36616 | E36: 28889 | F36: -7727 | G36: 0.78897203 | I36: Lyonsdown, Holy Trinity Total | L36: 99789 | M36: 91577.66 | N36: 191366.66 | Q36: =J36=B36 -> TRUE
A37: New Barnet, St James | B37: New Barnet, St James | C37: 74205 | D37: 74205 | E37: 74205 | F37: 0 | G37: 1 | I37: New Barnet, St James | J37: New Barnet, St James | L37: 0 | N37: 0 | Q37: =J37=B37 -> TRUE
A38: New Barnet, St James Total | C38: 74205 | D38: 74205 | E38: 74205 | F38: 0 | G38: 1 | I38: New Barnet, St James Total | L38: 0 | N38: 0 | Q38: =J38=B38 -> TRUE
A39: Potters Bar | B39: Potters Bar | C39: 73389 | D39: 73389 | E39: 73389 | F39: 0 | G39: 1 | I39: Potters Bar | J39: Potters Bar | Q39: =J39=B39 -> TRUE
A40: Potters Bar Total | C40: 73389 | D40: 73389 | E40: 73389 | F40: 0 | G40: 1 | I40: Potters Bar Total | Q40: =J40=B40 -> TRUE
A41: Potters Bar, King Charles the Martyr | B41: Potters Bar, King Charles the Martyr | C41: 64109 | D41: 64109 | E41: 64109 | F41: 0 | G41: 1 | I41: Potters Bar, King Charles the Martyr | J41: Potters Bar, King Charles the Martyr | Q41: =J41=B41 -> TRUE
A42: Potters Bar, King Charles the Martyr Total | C42: 64109 | D42: 64109 | E42: 64109 | F42: 0 | G42: 1 | I42: Potters Bar, King Charles the Martyr Total | Q42: =J42=B42 -> TRUE
A43: South Mymms and Ridge | B43: Ridge | C43: 4005 | D43: 4005 | E43: 4005 | F43: 0 | G43: 1 | I43: South Mymms and Ridge | J43: Ridge | Q43: =J43=B43 -> TRUE
B44: South Mymms | C44: 8265 | D44: 8265 | E44: 8265 | F44: 0 | G44: 1 | J44: South Mymms | Q44: =J44=B44 -> TRUE
A45: South Mymms and Ridge Total | C45: 12270 | D45: 12270 | E45: 12270 | F45: 0 | G45: 1 | I45: South Mymms and Ridge Total | Q45: =J45=B45 -> TRUE
A46: Totteridge | B46: Totteridge | C46: 54317 | D46: 54317 | E46: 45364 | F46: -8953 | G46: 0.83517131 | I46: Totteridge | J46: Totteridge | K46: 17266 | L46: 13196 | M46: 103912.37 | N46: 134374.37 | Q46: =J46=B46 -> TRUE
A47: Totteridge Total | C47: 54317 | D47: 54317 | E47: 45364 | F47: -8953 | G47: 0.83517131 | I47: Totteridge Total | K47: 17266 | L47: 13196 | M47: 103912.37 | N47: 134374.37 | Q47: =J47=B47 -> TRUE
A48: Grand Total | C48: 702545 | D48: 702545 | E48: 671003.9 | F48: -31541.1 | G48: 0.95510451 | I48: Grand Total | K48: 42816 | L48: 163328 | M48: 195490.03 | N48: 401634.03
A51: Click here to return to homepage

Sheet Bishop's Stortford
A1: Click here to return to homepage
A3: ='Top level Summary'!A3 -> Parish Share report 31.12.2024
B6: Updates
A22: Year | B22: 2024
A23: Deanery | B23: Bishop's Stortford Deanery | I23: Deanery | J23: Bishop's Stortford Deanery
I25: Sum of Historical shortfall | K25: Year Historic shortfall
A26: Benefice | B26: Parish Name | C26: Sum of Full year Req £ | D26: Sum of Request YTD £ | E26: Sum of Received £ | F26: Sum of Balance YTD | G26: Sum of PS % recovery YTD | I26: Benefice | J26: Parish Name | K26: 2023 | L26: 2022 | M26: 2021 & earlier | N26: Grand Total
A27: Albury, Little Hadham and Much Hadham | B27: Albury | C27: 10889 | D27: 10889 | E27: 0 | F27: -10889 | G27: 0 | I27: Albury, Little Hadham and Much Hadham | J27: Albury | K27: 11622 | L27: 11794 | M27: 38068 | N27: 61484 | Q27: =J27=B27 -> TRUE
B28: Little Hadham | C28: 14642 | D28: 14642 | E28: 9000 | F28: -5642 | G28: 0.61467013 | J28: Little Hadham | K28: 7059 | L28: 7296 | M28: 17219.75 | N28: 31574.75 | Q28: =J28=B28 -> TRUE
B29: Much Hadham | C29: 48302 | D29: 48302 | E29: 48302 | F29: 0 | G29: 1 | J29: Much Hadham | K29: 7219 | L29: 11916 | M29: 48024 | N29: 67159 | Q29: =J29=B29 -> TRUE
A30: Albury, Little Hadham and Much Hadham Total | C30: 73833 | D30: 73833 | E30: 57302 | F30: -16531 | G30: 0.77610283 | I30: Albury, Little Hadham and Much Hadham Total | K30: 25900 | L30: 31006 | M30: 103311.75 | N30: 160217.75 | Q30: =J30=B30 -> TRUE
A31: Bishop's Stortford | B31: Bishop's Stortford | C31: 105978 | D31: 105978 | E31: 105978 | F31: 0 | G31: 1 | I31: Bishop's Stortford | J31: Bishop's Stortford | Q31: =J31=B31 -> TRUE
A32: Bishop's Stortford Total | C32: 105978 | D32: 105978 | E32: 105978 | F32: 0 | G32: 1 | I32: Bishop's Stortford Total | Q32: =J32=B32 -> TRUE
A33: Bishop's Stortford, Holy Trinity | B33: Bishop's Stortford, Holy Trinity | C33: 39675 | D33: 39675 | E33: 18000 | F33: -21675 | G33: 0.4536862 | I33: Bishop's Stortford, Holy Trinity | J33: Bishop's Stortford, Holy Trinity | K33: 21416 | L33: 10215 | M33: 54365 | N33: 85996 | Q33: =J33=B33 -> TRUE
A34: Bishop's Stortford, Holy Trinity Total | C34: 39675 | D34: 39675 | E34: 18000 | F34: -21675 | G34: 0.4536862 | I34: Bishop's Stortford, Holy Trinity Total | K34: 21416 | L34: 10215 | M34: 54365 | N34: 85996 | Q34: =J34=B34 -> TRUE
A35: Braughing, Furneux Pelham and Stocking Pelham | B35: Braughing | C35: 20324 | D35: 20324 | E35: 15000 | F35: -5324 | G35: 0.73804369 | I35: Braughing, Furneux Pelham and Stocking Pelham | J35: Braughing | K35: 7183 | L35: 10578 | M35: 39649.73 | N35: 57410.73 | Q35: =J35=B35 -> TRUE
B36: Furneux Pelham | C36: 8064 | D36: 8064 | E36: 0 | F36: -8064 | G36: 0 | J36: Furneux Pelham | K36: 8150.25 | L36: 6629 | M36: 14491 | N36: 29270.25 | Q36: =J36=B36 -> TRUE
B37: Stocking Pelham | C37: 2352 | D37: 2352 | E37: 1476.5 | F37: -875.5 | G37: 0.62776361 | J37: Stocking Pelham | K37: 2247 | M37: 1621.6 | N37: 3868.6 | Q37: =J37=B37 -> TRUE
A38: Braughing, Furneux Pelham and Stocking Pelham Total | C38: 30740 | D38: 30740 | E38: 16476.5 | F38: -14263.5 | G38: 0.53599545 | I38: Braughing, Furneux Pelham and Stocking Pelham Total | K38: 17580.25 | L38: 17207 | M38: 55762.33 | N38: 90549.58 | Q38: =J38=B38 -> TRUE
A39: High Wych and Gilston with Eastwick | B39: Gilston with Eastwick | C39: 11120 | D39: 11120 | E39: 5560 | F39: -5560 | G39: 0.5 | I39: High Wych and Gilston with Eastwick | J39: Gilston with Eastwick | K39: 0 | M39: 60147.5 | N39: 60147.5 | Q39: =J39=B39 -> TRUE
B40: High Wych, St James | C40: 38909 | D40: 38909 | E40: 38909 | F40: 0 | G40: 1 | J40: High Wych, St James | M40: 7792 | N40: 7792 | Q40: =J40=B40 -> TRUE
A41: High Wych and Gilston with Eastwick Total | C41: 50029 | D41: 50029 | E41: 44469 | F41: -5560 | G41: 0.88886446 | I41: High Wych and Gilston with Eastwick Total | K41: 0 | M41: 67939.5 | N41: 67939.5 | Q41: =J41=B41 -> TRUE
A42: Hockerill, All Saints | B42: Hockerill, All Saints | C42: 55309 | D42: 55309 | E42: 55308.84 | F42: -0.16 | G42: 0.99999711 | I42: Hockerill, All Saints | J42: Hockerill, All Saints | M42: 0 | N42: 0 | Q42: =J42=B42 -> TRUE
A43: Hockerill, All Saints Total | C43: 55309 | D43: 55309 | E43: 55308.84 | F43: -0.16 | G43: 0.99999711 | I43: Hockerill, All Saints Total | M43: 0 | N43: 0 | Q43: =J43=B43 -> TRUE
A44: Sawbridgeworth | B44: Sawbridgeworth | C44: 69920 | D44: 69920 | E44: 69920.16 | F44: 0.16 | G44: 1.0000023 | I44: Sawbridgeworth | J44: Sawbridgeworth | Q44: =J44=B44 -> TRUE
A45: Sawbridgeworth Total | C45: 69920 | D45: 69920 | E45: 69920.16 | F45: 0.16 | G45: 1.0000023 | I45: Sawbridgeworth Total | Q45: =J45=B45 -> TRUE
A46: Standon and the Mundens with Sacombe | B46: Mundens, The | C46: 21953 | D46: 21953 | E46: 19490 | F46: -2463 | G46: 0.88780577 | I46: Standon and the Mundens with Sacombe | J46: Mundens, The | Q46: =J46=B46 -> TRUE
B47: Sacombe | C47: 7666 | D47: 7666 | E47: 7666 | F47: 0 | G47: 1 | J47: Sacombe | Q47: =J47=B47 -> TRUE
B48: Standon | C48: 62653 | D48: 62653 | E48: 62653 | F48: 0 | G48: 1 | J48: Standon | Q48: =J48=B48 -> TRUE
A49: Standon and the Mundens with Sacombe Total | C49: 92272 | D49: 92272 | E49: 89809 | F49: -2463 | G49: 0.97330718 | I49: Standon and the Mundens with Sacombe Total | Q49: =J49=B49 -> TRUE
A50: Thorley | B50: Thorley | C50: 96977 | D50: 96977 | E50: 96976.53 | F50: -0.47 | G50: 0.99999515 | I50: Thorley | J50: Thorley | Q50: =J50=B50 -> TRUE
A51: Thorley Total | C51: 96977 | D51: 96977 | E51: 96976.53 | F51: -0.47 | G51: 0.99999515 | I51: Thorley Total | Q51: =J51=B51 -> TRUE
A52: Grand Total | C52: 614733 | D52: 614733 | E52: 554240.03 | F52: -60492.97 | G52: 0.90159472 | I52: Grand Total | K52: 64896.25 | L52: 58428 | M52: 281378.58 | N52: 404702.83
A55: Click here to return to homepage

Sheet Buntingford
A1: Click here to return to homepage
A3: ='Top level Summary'!A3 -> Parish Share report 31.12.2024
B6: Updates
A22: Year | B22: 2024
A23: Deanery | B23: Buntingford Deanery | I23: Deanery | J23: Buntingford Deanery
I25: Sum of Historical shortfall | K25: Year Historic shortfall
A26: Benefice | B26: Parish Name | C26: Sum of Full year Req £ | D26: Sum of Request YTD £ | E26: Sum of Received £ | F26: Sum of Balance YTD | G26: Sum of PS % recovery YTD | I26: Benefice | J26: Parish Name | K26: 2023 | L26: 2022 | M26: 2021 & earlier | N26: Grand Total
A27: Ardeley, Benington, Cottered with Throcking and Walkern | B27: Ardeley | C27: 16709 | D27: 16709 | E27: 16709 | F27: 0 | G27: 1 | I27: Ardeley, Benington, Cottered with Throcking and Walkern | J27: Ardeley | Q27: =J27=B27 -> TRUE
B28: Benington (LEP) | C28: 18143 | D28: 18143 | E28: 18143 | F28: 0 | G28: 1 | J28: Benington (LEP) | Q28: =J28=B28 -> TRUE
B29: Cottered | C29: 11128 | D29: 11128 | E29: 11128 | F29: 0 | G29: 1 | J29: Cottered | M29: 0 | N29: 0 | Q29: =J29=B29 -> TRUE
B30: Throcking | C30: 334 | D30: 334 | E30: 334 | F30: 0 | G30: 1 | J30: Throcking | K30: 2424 | L30: 1678 | M30: 0 | N30: 4102 | Q30: =J30=B30 -> TRUE
B31: Walkern (LEP) | C31: 26006 | D31: 26006 | E31: 6501.5 | F31: -19504.5 | G31: 0.25 | J31: Walkern (LEP) | K31: 12584.5 | N31: 12584.5 | Q31: =J31=B31 -> TRUE
A32: Ardeley, Benington, Cottered with Throcking and Walkern Total | C32: 72320 | D32: 72320 | E32: 52815.5 | F32: -19504.5 | G32: 0.73030282 | I32: Ardeley, Benington, Cottered with Throcking and Walkern Total | K32: 15008.5 | L32: 1678 | M32: 0 | N32: 16686.5 | Q32: =J32=B32 -> TRUE
A33: Ashwell with Hinxworth and Newnham | B33: Ashwell | C33: 69332 | D33: 69332 | E33: 69332 | F33: 0 | G33: 1 | I33: Ashwell with Hinxworth and Newnham | J33: Ashwell | Q33: =J33=B33 -> TRUE
B34: Hinxworth | C34: 6580 | D34: 6580 | E34: 6579.96 | F34: -0.04 | G34: 0.99999392 | J34: Hinxworth | K34: -0.04 | N34: -0.04 | Q34: =J34=B34 -> TRUE
B35: Newnham | C35: 2143 | D35: 2143 | E35: 2143 | F35: 0 | G35: 1 | J35: Newnham | Q35: =J35=B35 -> TRUE
A36: Ashwell with Hinxworth and Newnham Total | C36: 78055 | D36: 78055 | E36: 78054.96 | F36: -0.04 | G36: 0.99999949 | I36: Ashwell with Hinxworth and Newnham Total | K36: -0.04 | N36: -0.04 | Q36: =J36=B36 -> TRUE
A37: Aspenden, Buntingford and Westmill | B37: Aspenden | C37: 17032 | D37: 17032 | E37: 13200 | F37: -3832 | G37: 0.77501174 | I37: Aspenden, Buntingford and Westmill | J37: Aspenden | K37: 9483 | L37: 7717 | M37: 0 | N37: 17200 | Q37: =J37=B37 -> TRUE
B38: Buntingford with Layston | C38: 19885 | D38: 19885 | E38: 19885 | F38: 0 | G38: 1 | J38: Buntingford with Layston | Q38: =J38=B38 -> TRUE
B39: Westmill | C39: 12587 | D39: 12587 | E39: 12587 | F39: 0 | G39: 1 | J39: Westmill | K39: -0.25 | N39: -0.25 | Q39: =J39=B39 -> TRUE
A40: Aspenden, Buntingford and Westmill Total | C40: 49504 | D40: 49504 | E40: 45672 | F40: -3832 | G40: 0.92259211 | I40: Aspenden, Buntingford and Westmill Total | K40: 9482.75 | L40: 7717 | M40: 0 | N40: 17199.75 | Q40: =J40=B40 -> TRUE
A41: Baldock with Bygrave | B41: Baldock | C41: 61685 | D41: 61685 | E41: 61685 | F41: 0 | G41: 1 | I41: Baldock with Bygrave | J41: Baldock | Q41: =J41=B41 -> TRUE
B42: Bygrave | C42: 5852 | D42: 5852 | E42: 5852 | F42: 0 | G42: 1 | J42: Bygrave | K42: 0 | N42: 0 | Q42: =J42=B42 -> TRUE
A43: Baldock with Bygrave Total | C43: 67537 | D43: 67537 | E43: 67537 | F43: 0 | G43: 1 | I43: Baldock with Bygrave Total | K43: 0 | N43: 0 | Q43: =J43=B43 -> TRUE
A44: Barkway, Barley, Reed and Buckland | B44: Barkway | C44: 19320 | D44: 19320 | E44: 19320 | F44: 0 | G44: 1 | I44: Barkway, Barley, Reed and Buckland | J44: Barkway | Q44: =J44=B44 -> TRUE
B45: Barley | C45: 17539 | D45: 17539 | E45: 17539 | F45: 0 | G45: 1 | J45: Barley | Q45: =J45=B45 -> TRUE
B46: Reed and Buckland | C46: 18241 | D46: 18241 | E46: 18241 | F46: 0 | G46: 1 | J46: Reed and Buckland | Q46: =J46=B46 -> TRUE
A47: Barkway, Barley, Reed and Buckland Total | C47: 55100 | D47: 55100 | E47: 55100 | F47: 0 | G47: 1 | I47: Barkway, Barley, Reed and Buckland Total | Q47: =J47=B47 -> TRUE
A48: Hormead, Wyddial, Anstey, Brent Pelham and Meesden | B48: Anstey | C48: 10997 | D48: 10997 | E48: 10997 | F48: 0 | G48: 1 | I48: Hormead, Wyddial, Anstey, Brent Pelham and Meesden | J48: Anstey | Q48: =J48=B48 -> TRUE
B49: Brent Pelham | C49: 8759 | D49: 8759 | E49: 8759 | F49: 0 | G49: 1 | J49: Brent Pelham | M49: 0 | N49: 0 | Q49: =J49=B49 -> TRUE
B50: Hormead with Wyddial | C50: 30250 | D50: 30250 | E50: 30250 | F50: 0 | G50: 1 | J50: Hormead with Wyddial | Q50: =J50=B50 -> TRUE
B51: Meesden | C51: 3033.45 | D51: 3033.45 | E51: 3033.45 | F51: 0 | G51: 1 | J51: Meesden | Q51: =J51=B51 -> TRUE
A52: Hormead, Wyddial, Anstey, Brent Pelham and Meesden Total | C52: 53039.45 | D52: 53039.45 | E52: 53039.45 | F52: 0 | G52: 1 | I52: Hormead, Wyddial, Anstey, Brent Pelham and Meesden Total | M52: 0 | N52: 0 | Q52: =J52=B52 -> TRUE
A53: Royston | B53: Royston | C53: 80613 | D53: 80613 | E53: 80613 | F53: 0 | G53: 1 | I53: Royston | J53: Royston | K53: 2246.01 | M53: 20144 | N53: 22390.01 | Q53: =J53=B53 -> TRUE
A54: Royston Total | C54: 80613 | D54: 80613 | E54: 80613 | F54: 0 | G54: 1 | I54: Royston Total | K54: 2246.01 | M54: 20144 | N54: 22390.01 | Q54: =J54=B54 -> TRUE
A55: The Kingswood Benefice | B55: Clothall | C55: 6933 | D55: 6933 | E55: 6933 | F55: 0 | G55: 1 | I55: The Kingswood Benefice | J55: Clothall | Q55: =J55=B55 -> TRUE
B56: Rushden | C56: 10192 | D56: 10192 | E56: 10192 | F56: 0 | G56: 1 | J56: Rushden | Q56: =J56=B56 -> TRUE
B57: Sandon | C57: 14894 | D57: 14894 | E57: 14894 | F57: 0 | G57: 1 | J57: Sandon | Q57: =J57=B57 -> TRUE
B58: Wallington | C58: 6965 | D58: 6965 | E58: 6965 | F58: 0 | G58: 1 | J58: Wallington | Q58: =J58=B58 -> TRUE
B59: Weston | C59: 28246 | D59: 28246 | E59: 28246 | F59: 0 | G59: 1 | J59: Weston | Q59: =J59=B59 -> TRUE
A60: The Kingswood Benefice Total | C60: 67230 | D60: 67230 | E60: 67230 | F60: 0 | G60: 1 | I60: The Kingswood Benefice Total | Q60: =J60=B60 -> TRUE
A61: Therfield with Kelshall | B61: Kelshall | C61: 3947 | D61: 3947 | E61: 3947 | F61: 0 | G61: 1 | I61: Therfield with Kelshall | J61: Kelshall | Q61: =J61=B61 -> TRUE
B62: Therfield | C62: 8782 | D62: 8782 | E62: 8782 | F62: 0 | G62: 1 | J62: Therfield | Q62: =J62=B62 -> TRUE
A63: Therfield with Kelshall Total | C63: 12729 | D63: 12729 | E63: 12729 | F63: 0 | G63: 1 | I63: Therfield with Kelshall Total | Q63: =J63=B63 -> TRUE
A64: Grand Total | C64: 536127.45 | D64: 536127.45 | E64: 512790.91 | F64: -23336.54 | G64: 0.95647203 | I64: Grand Total | K64: 26737.22 | L64: 9395 | M64: 20144 | N64: 56276.22
A67: Click here to return to homepage

Sheet Cheshunt
A1: Click here to return to homepage
A3: ='Top level Summary'!A3 -> Parish Share report 31.12.2024
B6: Updates
A22: Year | B22: 2024
A23: Deanery | B23: Cheshunt Deanery | I23: Deanery | J23: Cheshunt Deanery
I25: Sum of Historical shortfall | K25: Year Historic shortfall
A26: Benefice | B26: Parish Name | C26: Sum of Full year Req £ | D26: Sum of Request YTD £ | E26: Sum of Received £ | F26: Sum of Balance YTD | G26: Sum of PS % recovery YTD | I26: Benefice | J26: Parish Name | K26: 2022 | L26: 2023 | M26: 2021 & earlier | N26: Grand Total
A27: Broxbourne with Wormley | B27: Broxbourne with Wormley | C27: 101665 | D27: 101665 | E27: 68267 | F27: -33398 | G27: 0.6714897 | I27: Broxbourne with Wormley | J27: Broxbourne with Wormley | Q27: =J27=B27 -> TRUE
A28: Broxbourne with Wormley Total | C28: 101665 | D28: 101665 | E28: 68267 | F28: -33398 | G28: 0.6714897 | I28: Broxbourne with Wormley Total | Q28: =J28=B28 -> TRUE
A29: Cheshunt (Team Ministry) | B29: Cheshunt | C29: 42897 | D29: 42897 | E29: 42897 | F29: 0 | G29: 1 | I29: Cheshunt (Team Ministry) | J29: Cheshunt | M29: 89018 | N29: 89018 | Q29: =J29=B29 -> TRUE
B30: Goff's Oak, St James | C30: 20488 | D30: 20488 | E30: 5700 | F30: -14788 | G30: 0.27821164 | J30: Goff's Oak, St James | K30: 14454 | L30: 20148 | M30: 94368 | N30: 128970 | Q30: =J30=B30 -> TRUE
B31: Turnford | C31: 41591 | D31: 41591 | E31: 24000 | F31: -17591 | G31: 0.57704792 | J31: Turnford | K31: 11393 | L31: 14623 | M31: 56524.82 | N31: 82540.82 | Q31: =J31=B31 -> TRUE
B32: Waltham Cross, Christ Church | C32: 46956 | D32: 46956 | E32: 46956 | F32: 0 | G32: 1 | J32: Waltham Cross, Christ Church | M32: 0 | N32: 0 | Q32: =J32=B32 -> TRUE
A33: Cheshunt (Team Ministry) Total | C33: 151932 | D33: 151932 | E33: 119553 | F33: -32379 | G33: 0.78688492 | I33: Cheshunt (Team Ministry) Total | K33: 25847 | L33: 34771 | M33: 239910.82 | N33: 300528.82 | Q33: =J33=B33 -> TRUE
A34: Hoddesdon | B34: Hoddesdon | C34: 64914 | D34: 64914 | E34: 62563 | F34: -2351 | G34: 0.96378285 | I34: Hoddesdon | J34: Hoddesdon | Q34: =J34=B34 -> TRUE
A35: Hoddesdon Total | C35: 64914 | D35: 64914 | E35: 62563 | F35: -2351 | G35: 0.96378285 | I35: Hoddesdon Total | Q35: =J35=B35 -> TRUE
A36: Northaw and Cuffley | B36: Northaw and Cuffley | C36: 63258 | D36: 63258 | E36: 63258 | F36: 0 | G36: 1 | I36: Northaw and Cuffley | J36: Northaw and Cuffley | Q36: =J36=B36 -> TRUE
A37: Northaw and Cuffley Total | C37: 63258 | D37: 63258 | E37: 63258 | F37: 0 | G37: 1 | I37: Northaw and Cuffley Total | Q37: =J37=B37 -> TRUE
A38: Rye Park, St Cuthbert | B38: Rye Park, St Cuthbert | C38: 57918 | D38: 57918 | E38: 57918 | F38: 0 | G38: 1 | I38: Rye Park, St Cuthbert | J38: Rye Park, St Cuthbert | Q38: =J38=B38 -> TRUE
A39: Rye Park, St Cuthbert Total | C39: 57918 | D39: 57918 | E39: 57918 | F39: 0 | G39: 1 | I39: Rye Park, St Cuthbert Total | Q39: =J39=B39 -> TRUE
A40: Grand Total | C40: 439687 | D40: 439687 | E40: 371559 | F40: -68128 | G40: 0.84505341 | I40: Grand Total | K40: 25847 | L40: 34771 | M40: 239910.82 | N40: 300528.82
A43: Click here to return to homepage

Sheet Welwyn
A1: Click here to return to homepage
A3: ='Top level Summary'!A3 -> Parish Share report 31.12.2024
B6: Updates
A22: Year | B22: 2024
A23: Deanery | B23: Welwyn Hatfield Deanery | I23: Deanery | J23: Welwyn Hatfield Deanery
I25: Sum of Historical shortfall | K25: Year Historic shortfall
A26: Benefice | B26: Parish Name | C26: Sum of Full year Req £ | D26: Sum of Request YTD £ | E26: Sum of Received £ | F26: Sum of Balance YTD | G26: Sum of PS % recovery YTD | I26: Benefice | J26: Parish Name | K26: 2023 | L26: 2022 | M26: 2021 & earlier | N26: Grand Total
A27: Bishop's Hatfield Team Ministry | B27: Bishop's Hatfield St Etheldreda with St Luke | C27: 61920.33 | D27: 61920.33 | E27: 61920.33 | F27: 0 | G27: 1 | I27: Bishop's Hatfield Team Ministry | J27: Bishop's Hatfield St Etheldreda with St Luke | Q27: =J27=B27 -> TRUE
B28: Bishop's Hatfield St John | C28: 27070 | D28: 27070 | E28: 27070 | F28: 0 | G28: 1 | J28: Bishop's Hatfield St John | Q28: =J28=B28 -> TRUE
B29: Bishop's Hatfield St Michael and All Angels | C29: 27548 | D29: 27548 | E29: 27548 | F29: 0 | G29: 1 | J29: Bishop's Hatfield St Michael and All Angels | M29: 0 | N29: 0 | Q29: =J29=B29 -> TRUE
B30: Lemsford | C30: 42768 | D30: 42768 | E30: 32768 | F30: -10000 | G30: 0.76618032 | J30: Lemsford | Q30: =J30=B30 -> TRUE
B31: North Mymms | C31: 72870 | D31: 72870 | E31: 72870 | F31: 0 | G31: 1 | J31: North Mymms | Q31: =J31=B31 -> TRUE
A32: Bishop's Hatfield Team Ministry Total | C32: 232176.33 | D32: 232176.33 | E32: 222176.33 | F32: -10000 | G32: 0.95692929 | I32: Bishop's Hatfield Team Ministry Total | M32: 0 | N32: 0 | Q32: =J32=B32 -> TRUE
A33: Digswell | B33: Digswell | C33: 50008 | D33: 50008 | E33: 50007.96 | F33: -0.04 | G33: 0.9999992 | I33: Digswell | J33: Digswell | Q33: =J33=B33 -> TRUE
A34: Digswell Total | C34: 50008 | D34: 50008 | E34: 50007.96 | F34: -0.04 | G34: 0.9999992 | I34: Digswell Total | Q34: =J34=B34 -> TRUE
A35: Hatfield Hyde, St Mary Magdalene | B35: Hatfield Hyde, St Mary Magdalene | C35: 47261 | D35: 47261 | E35: 47261.02 | F35: 0.02 | G35: 1.0000004 | I35: Hatfield Hyde, St Mary Magdalene | J35: Hatfield Hyde, St Mary Magdalene | M35: 5.9608283e-09 | N35: 5.9608283e-09 | Q35: =J35=B35 -> TRUE
A36: Hatfield Hyde, St Mary Magdalene Total | C36: 47261 | D36: 47261 | E36: 47261.02 | F36: 0.02 | G36: 1.0000004 | I36: Hatfield Hyde, St Mary Magdalene Total | M36: 5.9608283e-09 | N36: 5.9608283e-09 | Q36: =J36=B36 -> TRUE
A37: Panshanger | B37: Panshanger | C37: 52405 | D37: 52405 | E37: 52405 | F37: 0 | G37: 1 | I37: Panshanger | J37: Panshanger | Q37: =J37=B37 -> TRUE
A38: Panshanger Total | C38: 52405 | D38: 52405 | E38: 52405 | F38: 0 | G38: 1 | I38: Panshanger Total | Q38: =J38=B38 -> TRUE
A39: Welwyn Garden City | B39: Welwyn Garden City | C39: 105711 | D39: 105711 | E39: 79283 | F39: -26428 | G39: 0.74999764 | I39: Welwyn Garden City | J39: Welwyn Garden City | Q39: =J39=B39 -> TRUE
A40: Welwyn Garden City Total | C40: 105711 | D40: 105711 | E40: 79283 | F40: -26428 | G40: 0.74999764 | I40: Welwyn Garden City Total | Q40: =J40=B40 -> TRUE
A41: Welwyn Team Ministry | B41: Ayot St Peter | C41: 9024 | D41: 9024 | E41: 9024 | F41: 0 | G41: 1 | I41: Welwyn Team Ministry | J41: Ayot St Peter | Q41: =J41=B41 -> TRUE
B42: Codicote | C42: 34171 | D42: 34171 | E42: 34171 | F42: 0 | G42: 1 | J42: Codicote | Q42: =J42=B42 -> TRUE
B43: Datchworth | C43: 40440 | D43: 40440 | E43: 40440 | F43: 0 | G43: 1 | J43: Datchworth | Q43: =J43=B43 -> TRUE
B44: Tewin | C44: 41241 | D44: 41241 | E44: 41241 | F44: 0 | G44: 1 | J44: Tewin | Q44: =J44=B44 -> TRUE
B45: Welwyn, St Mary the Virgin | C45: 107933 | D45: 107933 | E45: 107933 | F45: 0 | G45: 1 | J45: Welwyn, St Mary the Virgin | Q45: =J45=B45 -> TRUE
B46: Woolmer Green, St Michael | C46: 18766 | D46: 18766 | E46: 18766 | F46: 0 | G46: 1 | J46: Woolmer Green, St Michael | Q46: =J46=B46 -> TRUE
A47: Welwyn Team Ministry Total | C47: 251575 | D47: 251575 | E47: 251575 | F47: 0 | G47: 1 | I47: Welwyn Team Ministry Total | Q47: =J47=B47 -> TRUE
A48: Grand Total | C48: 739136.33 | D48: 739136.33 | E48: 702708.31 | F48: -36428.02 | G48: 0.95071542 | I48: Grand Total | M48: 5.9608283e-09 | N48: 5.9608283e-09
A51: Click here to return to homepage

Sheet Hertford and Ware
A1: Click here to return to homepage
A3: ='Top level Summary'!A3 -> Parish Share report 31.12.2024
B6: Updates
A22: Year | B22: 2024
A23: Deanery | B23: Hertford and Ware Deanery | I23: Deanery | J23: Hertford and Ware Deanery
I25: Sum of Historical shortfall | K25: Year Historic shortfall
A26: Benefice | B26: Parish Name | C26: Sum of Full year Req £ | D26: Sum of Request YTD £ | E26: Sum of Received £ | F26: Sum of Balance YTD | G26: Sum of PS % recovery YTD | I26: Benefice | J26: Parish Name | K26: 2023 | L26: 2022 | M26: 2021 & earlier | N26: Grand Total
A27: Great Amwell with St Margarets and Stanstead Abbots | B27: Great Amwell with St Margarets | C27: 28283 | D27: 28283 | E27: 28283 | F27: 0 | G27: 1 | I27: Great Amwell with St Margarets and Stanstead Abbots | J27: Great Amwell with St Margarets | K27: -580.5 | M27: 580.5 | N27: -7.4487616e-10 | Q27: =J27=B27 -> TRUE
B28: Stanstead Abbots | C28: 27090 | D28: 27090 | E28: 27090 | F28: 0 | G28: 1 | J28: Stanstead Abbots | M28: 11165 | N28: 11165 | Q28: =J28=B28 -> TRUE
A29: Great Amwell with St Margarets and Stanstead Abbots Total | C29: 55373 | D29: 55373 | E29: 55373 | F29: 0 | G29: 1 | I29: Great Amwell with St Margarets and Stanstead Abbots Total | K29: -580.5 | M29: 11745.5 | N29: 11165 | Q29: =J29=B29 -> TRUE
A30: Hertford Team Ministry | B30: Bengeo Holy Trinity and St Leonard with Chris | C30: 69332 | D30: 69332 | E30: 69332 | F30: 0 | G30: 1 | I30: Hertford Team Ministry | J30: Bengeo Holy Trinity and St Leonard with Chris | Q30: =J30=B30 -> TRUE
B31: Hertford All Saints | C31: 74785.72 | D31: 74785.72 | E31: 74785.72 | F31: 0 | G31: 1 | J31: Hertford All Saints | Q31: =J31=B31 -> TRUE
B32: Hertford, St Andrew with St Nicholas | C32: 80299 | D32: 80299 | E32: 80299 | F32: 0 | G32: 1 | J32: Hertford, St Andrew with St Nicholas | Q32: =J32=B32 -> TRUE
B33: Hertingfordbury | C33: 27294 | D33: 27294 | E33: 27294 | F33: 0 | G33: 1 | J33: Hertingfordbury | Q33: =J33=B33 -> TRUE
B34: Little Amwell, Holy Trinity | C34: 50175 | D34: 50175 | E34: 37631.28 | F34: -12543.72 | G34: 0.7500006 | J34: Little Amwell, Holy Trinity | K34: 11099 | N34: 11099 | Q34: =J34=B34 -> TRUE
A35: Hertford Team Ministry Total | C35: 301885.72 | D35: 301885.72 | E35: 289342 | F35: -12543.72 | G35: 0.95844878 | I35: Hertford Team Ministry Total | K35: 11099 | N35: 11099 | Q35: =J35=B35 -> TRUE
A36: High Cross | B36: High Cross, St John the Evangelist | C36: 14683 | D36: 14683 | E36: 5000 | F36: -9683 | G36: 0.34052986 | I36: High Cross | J36: High Cross, St John the Evangelist | L36: 9487 | M36: 61998.25 | N36: 71485.25 | Q36: =J36=B36 -> TRUE
A37: High Cross Total | C37: 14683 | D37: 14683 | E37: 5000 | F37: -9683 | G37: 0.34052986 | I37: High Cross Total | L37: 9487 | M37: 61998.25 | N37: 71485.25 | Q37: =J37=B37 -> TRUE
A38: Hunsdon with Widford and Wareside | B38: Hunsdon | C38: 19039 | D38: 19039 | E38: 19039 | F38: 0 | G38: 1 | I38: Hunsdon with Widford and Wareside | J38: Hunsdon | Q38: =J38=B38 -> TRUE
B39: Wareside, Holy Trinity | C39: 15568 | D39: 15568 | E39: 11673 | F39: -3895 | G39: 0.7498073 | J39: Wareside, Holy Trinity | Q39: =J39=B39 -> TRUE
B40: Widford | C40: 18484 | D40: 18484 | E40: 18484 | F40: 0 | G40: 1 | J40: Widford | Q40: =J40=B40 -> TRUE
A41: Hunsdon with Widford and Wareside Total | C41: 53091 | D41: 53091 | E41: 49196 | F41: -3895 | G41: 0.9266354 | I41: Hunsdon with Widford and Wareside Total | Q41: =J41=B41 -> TRUE
A42: Little Berkhamsted and Bayford, Essendon and Ponsbourne | B42: Bayford | C42: 17285 | D42: 17285 | E42: 15690.42 | F42: -1594.58 | G42: 0.90774776 | I42: Little Berkhamsted and Bayford, Essendon and Ponsbourne | J42: Bayford | K42: 0 | N42: 0 | Q42: =J42=B42 -> TRUE
B43: Essendon | C43: 26436 | D43: 26436 | E43: 26436 | F43: 0 | G43: 1 | J43: Essendon | Q43: =J43=B43 -> TRUE
B44: Little Berkhamsted | C44: 15609 | D44: 15609 | E44: 15609 | F44: 0 | G44: 1 | J44: Little Berkhamsted | Q44: =J44=B44 -> TRUE
B45: Ponsbourne, St Mary | C45: 14096 | D45: 14096 | E45: 6000 | F45: -8096 | G45: 0.42565267 | J45: Ponsbourne, St Mary | K45: 8104 | L45: 7865 | M45: 21814 | N45: 37783 | Q45: =J45=B45 -> TRUE
A46: Little Berkhamsted and Bayford, Essendon and Ponsbourne Total | C46: 73426 | D46: 73426 | E46: 63735.42 | F46: -9690.58 | G46: 0.8680225 | I46: Little Berkhamsted and Bayford, Essendon and Ponsbourne Total | K46: 8104 | L46: 7865 | M46: 21814 | N46: 37783 | Q46: =J46=B46 -> TRUE
A47: The Beane Valley Benefice | B47: Aston | C47: 15735 | D47: 15735 | E47: 15735 | F47: 0 | G47: 1 | I47: The Beane Valley Benefice | J47: Aston | Q47: =J47=B47 -> TRUE
B48: Bramfield | C48: 9168 | D48: 9168 | E48: 9168 | F48: 0 | G48: 1 | J48: Bramfield | Q48: =J48=B48 -> TRUE
B49: Stapleford | C49: 9443 | D49: 9443 | E49: 9443 | F49: 0 | G49: 1 | J49: Stapleford | Q49: =J49=B49 -> TRUE
B50: Waterford, St Michael and All Angels | C50: 8108 | D50: 8108 | E50: 8108 | F50: 0 | G50: 1 | J50: Waterford, St Michael and All Angels | Q50: =J50=B50 -> TRUE
B51: Watton-at-Stone | C51: 20852 | D51: 20852 | E51: 20852 | F51: 0 | G51: 1 | J51: Watton-at-Stone | Q51: =J51=B51 -> TRUE
A52: The Beane Valley Benefice Total | C52: 63306 | D52: 63306 | E52: 63306 | F52: 0 | G52: 1 | I52: The Beane Valley Benefice Total | Q52: =J52=B52 -> TRUE
A53: Thundridge | B53: Thundridge | C53: 17283 | D53: 17283 | E53: 14000 | F53: -3283 | G53: 0.81004455 | I53: Thundridge | J53: Thundridge | K53: 17151 | N53: 17151 | Q53: =J53=B53 -> TRUE
A54: Thundridge Total | C54: 17283 | D54: 17283 | E54: 14000 | F54: -3283 | G54: 0.81004455 | I54: Thundridge Total | K54: 17151 | N54: 17151 | Q54: =J54=B54 -> TRUE
A55: Ware | B55: Ware | C55: 67002 | D55: 67002 | E55: 67002 | F55: 0 | G55: 1 | I55: Ware | J55: Ware | K55: 8 | N55: 8 | Q55: =J55=B55 -> TRUE
A56: Ware Total | C56: 67002 | D56: 67002 | E56: 67002 | F56: 0 | G56: 1 | I56: Ware Total | K56: 8 | N56: 8 | Q56: =J56=B56 -> TRUE
A57: Ware, Christ Church | B57: Ware, Christ Church | C57: 119682 | D57: 119682 | E57: 119682 | F57: 0 | G57: 1 | I57: Ware, Christ Church | J57: Ware, Christ Church | M57: 1.3111276e-08 | N57: 1.3111276e-08 | Q57: =J57=B57 -> TRUE
A58: Ware, Christ Church Total | C58: 119682 | D58: 119682 | E58: 119682 | F58: 0 | G58: 1 | I58: Ware, Christ Church Total | M58: 1.3111276e-08 | N58: 1.3111276e-08 | Q58: =J58=B58 -> TRUE
A59: Grand Total | C59: 765731.72 | D59: 765731.72 | E59: 726636.42 | F59: -39095.3 | G59: 0.94894387 | I59: Grand Total | K59: 35781.5 | L59: 17352 | M59: 95557.75 | N59: 148691.25
A62: Click here to return to homepage

Sheet Stevenage
A1: Click here to return to homepage
A3: ='Top level Summary'!A3 -> Parish Share report 31.12.2024
B6: Updates
A22: Year | B22: 2024
A23: Deanery | B23: Stevenage Deanery | I23: Deanery | J23: Stevenage Deanery
I25: Sum of Historical shortfall | K25: Year Historic shortfall
A26: Benefice | B26: Parish Name | C26: Sum of Full year Req £ | D26: Sum of Request YTD £ | E26: Sum of Received £ | F26: Sum of Balance YTD | G26: Sum of PS % recovery YTD | I26: Benefice | J26: Parish Name | K26: 2023 | L26: 2022 | M26: 2021 & earlier | N26: Grand Total
A27: Knebworth | B27: Knebworth | C27: 59787 | D27: 59787 | E27: 59787 | F27: 0 | G27: 1 | I27: Knebworth | J27: Knebworth | K27: 13251 | L27: 22310 | M27: 0 | N27: 35561 | Q27: =J27=B27 -> TRUE
A28: Knebworth Total | C28: 59787 | D28: 59787 | E28: 59787 | F28: 0 | G28: 1 | I28: Knebworth Total | K28: 13251 | L28: 22310 | M28: 0 | N28: 35561 | Q28: =J28=B28 -> TRUE
A29: Oak Church (extra parochial) (Bishop's Mission Order) | B29: Oak Church Stevenage | C29: 37092 | D29: 37092 | E29: 21391.75 | F29: -15700.25 | G29: 0.5767214 | I29: Oak Church (extra parochial) (Bishop's Mission Order) | J29: Oak Church Stevenage | Q29: =J29=B29 -> TRUE
A30: Oak Church (extra parochial) (Bishop's Mission Order) Total | C30: 37092 | D30: 37092 | E30: 21391.75 | F30: -15700.25 | G30: 0.5767214 | I30: Oak Church (extra parochial) (Bishop's Mission Order) Total | Q30: =J30=B30 -> TRUE
A31: Stevenage, All Saints, Pin Green | B31: Stevenage, All Saints, Pin Green | C31: 46597 | D31: 46597 | E31: 46596.96 | F31: -0.04 | G31: 0.99999914 | I31: Stevenage, All Saints, Pin Green | J31: Stevenage, All Saints, Pin Green | K31: 0.05 | N31: 0.05 | Q31: =J31=B31 -> TRUE
A32: Stevenage, All Saints, Pin Green Total | C32: 46597 | D32: 46597 | E32: 46596.96 | F32: -0.04 | G32: 0.99999914 | I32: Stevenage, All Saints, Pin Green Total | K32: 0.05 | N32: 0.05 | Q32: =J32=B32 -> TRUE
A33: Stevenage, Holy Trinity | B33: Stevenage, Holy Trinity | C33: 66996 | D33: 66996 | E33: 66996 | F33: 0 | G33: 1 | I33: Stevenage, Holy Trinity | J33: Stevenage, Holy Trinity | Q33: =J33=B33 -> TRUE
A34: Stevenage, Holy Trinity Total | C34: 66996 | D34: 66996 | E34: 66996 | F34: 0 | G34: 1 | I34: Stevenage, Holy Trinity Total | Q34: =J34=B34 -> TRUE
A35: Stevenage, St Andrew and St George | B35: Stevenage, St Andrew and St George | C35: 55515 | D35: 55515 | E35: 48500 | F35: -7015 | G35: 0.87363776 | I35: Stevenage, St Andrew and St George | J35: Stevenage, St Andrew and St George | K35: 24359 | L35: 20458 | M35: 0 | N35: 44817 | Q35: =J35=B35 -> TRUE
A36: Stevenage, St Andrew and St George Total | C36: 55515 | D36: 55515 | E36: 48500 | F36: -7015 | G36: 0.87363776 | I36: Stevenage, St Andrew and St George Total | K36: 24359 | L36: 20458 | M36: 0 | N36: 44817 | Q36: =J36=B36 -> TRUE
A37: Stevenage, St Hugh and St John, Chells | B37: Stevenage, St Hugh and St John, Chells (LEP) | C37: 51777 | D37: 51777 | E37: 51776.97 | F37: -0.03 | G37: 0.99999942 | I37: Stevenage, St Hugh and St John, Chells | J37: Stevenage, St Hugh and St John, Chells (LEP) | K37: -0.03 | L37: 0 | N37: -0.03 | Q37: =J37=B37 -> TRUE
A38: Stevenage, St Hugh and St John, Chells Total | C38: 51777 | D38: 51777 | E38: 51776.97 | F38: -0.03 | G38: 0.99999942 | I38: Stevenage, St Hugh and St John, Chells Total | K38: -0.03 | L38: 0 | N38: -0.03 | Q38: =J38=B38 -> TRUE
A39: Stevenage, St Mary, Shephall | B39: Stevenage, St Mary, Shephall | C39: 45903 | D39: 45903 | E39: 33603 | F39: -12300 | G39: 0.73204366 | I39: Stevenage, St Mary, Shephall | J39: Stevenage, St Mary, Shephall | L39: 24460 | M39: 0 | N39: 24460 | Q39: =J39=B39 -> TRUE
A40: Stevenage, St Mary, Shephall Total | C40: 45903 | D40: 45903 | E40: 33603 | F40: -12300 | G40: 0.73204366 | I40: Stevenage, St Mary, Shephall Total | L40: 24460 | M40: 0 | N40: 24460 | Q40: =J40=B40 -> TRUE
A41: Stevenage, St Nicholas and Graveley | B41: Stevenage, St Nicholas | C41: 63057 | D41: 63057 | E41: 50445.6 | F41: -12611.4 | G41: 0.8 | I41: Stevenage, St Nicholas and Graveley | J41: Stevenage, St Nicholas | M41: 29177.02 | N41: 29177.02 | Q41: =J41=B41 -> TRUE
A42: Stevenage, St Nicholas and Graveley Total | C42: 63057 | D42: 63057 | E42: 50445.6 | F42: -12611.4 | G42: 0.8 | I42: Stevenage, St Nicholas and Graveley Total | M42: 29177.02 | N42: 29177.02 | Q42: =J42=B42 -> TRUE
A43: Stevenage, St Peter, Broadwater | B43: Stevenage, St Peter, Broadwater | C43: 58452 | D43: 58452 | E43: 58452 | F43: 0 | G43: 1 | I43: Stevenage, St Peter, Broadwater | J43: Stevenage, St Peter, Broadwater | Q43: =J43=B43 -> TRUE
A44: Stevenage, St Peter, Broadwater Total | C44: 58452 | D44: 58452 | E44: 58452 | F44: 0 | G44: 1 | I44: Stevenage, St Peter, Broadwater Total | Q44: =J44=B44 -> TRUE
A45: Grand Total | C45: 485176 | D45: 485176 | E45: 437549.28 | F45: -47626.72 | G45: 0.9018362 | I45: Grand Total | K45: 37610.02 | L45: 67228 | M45: 29177.02 | N45: 134015.04
A48: Click here to return to homepage

Sheet Ampthill
A1: Click here to return to homepage
A3: ='Top level Summary'!A3 -> Parish Share report 31.12.2024
B6: Updates
A22: Year | B22: 2024
A23: Deanery | B23: Ampthill and Shefford Deanery | I23: Deanery | J23: Ampthill and Shefford Deanery
I25: Sum of Historical shortfall | K25: Year Historic shortfall
A26: Benefice | B26: Parish Name | C26: Sum of Full year Req £ | D26: Sum of Request YTD £ | E26: Sum of Received £ | F26: Sum of Balance YTD | G26: Sum of PS % recovery YTD | I26: Benefice | J26: Parish Name | K26: 2022 | L26: 2023 | M26: 2021 & earlier | N26: Grand Total
A27: Ampthill with Millbrook and Steppingley | B27: Ampthill | C27: 50516 | D27: 50516 | E27: 50515.8 | F27: -0.2 | G27: 0.99999604 | I27: Ampthill with Millbrook and Steppingley | J27: Ampthill | Q27: =J27=B27 -> TRUE
B28: Millbrook | C28: 4999.66 | D28: 4999.66 | E28: 4999.66 | F28: 0 | G28: 1 | J28: Millbrook | M28: 0 | N28: 0 | Q28: =J28=B28 -> TRUE
B29: Steppingley | C29: 4393.66 | D29: 4393.66 | E29: 4393.66 | F29: 0 | G29: 1 | J29: Steppingley | Q29: =J29=B29 -> TRUE
A30: Ampthill with Millbrook and Steppingley Total | C30: 59909.32 | D30: 59909.32 | E30: 59909.12 | F30: -0.2 | G30: 0.99999666 | I30: Ampthill with Millbrook and Steppingley Total | M30: 0 | N30: 0 | Q30: =J30=B30 -> TRUE
A31: Arlesey with Astwick | B31: Arlesey with Astwick | C31: 26365 | D31: 26365 | E31: 26365 | F31: 0 | G31: 1 | I31: Arlesey with Astwick | J31: Arlesey with Astwick | K31: 11521 | L31: 0 | M31: 53788 | N31: 65309 | Q31: =J31=B31 -> TRUE
A32: Arlesey with Astwick Total | C32: 26365 | D32: 26365 | E32: 26365 | F32: 0 | G32: 1 | I32: Arlesey with Astwick Total | K32: 11521 | L32: 0 | M32: 53788 | N32: 65309 | Q32: =J32=B32 -> TRUE
A33: Aspley Guise with Husborne Crawley and Ridgmont | B33: Aspley Guise | C33: 20074 | D33: 20074 | E33: 20074 | F33: 0 | G33: 1 | I33: Aspley Guise with Husborne Crawley and Ridgmont | J33: Aspley Guise | M33: 0 | N33: 0 | Q33: =J33=B33 -> TRUE
B34: Husborne Crawley | C34: 3141 | D34: 3141 | E34: 500 | F34: -2641 | G34: 0.15918497 | J34: Husborne Crawley | K34: 2841 | L34: 3153 | M34: 60789 | N34: 66783 | Q34: =J34=B34 -> TRUE
B35: Ridgmont | C35: 4084 | D35: 4084 | E35: 0 | F35: -4084 | G35: 0 | J35: Ridgmont | K35: 3696 | L35: 4042 | M35: 40866 | N35: 48604 | Q35: =J35=B35 -> TRUE
A36: Aspley Guise with Husborne Crawley and Ridgmont Total | C36: 27299 | D36: 27299 | E36: 20574 | F36: -6725 | G36: 0.75365398 | I36: Aspley Guise with Husborne Crawley and Ridgmont Total | K36: 6537 | L36: 7195 | M36: 101655 | N36: 115387 | Q36: =J36=B36 -> TRUE
A37: Barton-le-Cley with Higham Gobion and Hexton | B37: Barton-le-Cley | C37: 44641 | D37: 44641 | E37: 16000 | F37: -28641 | G37: 0.35841491 | I37: Barton-le-Cley with Higham Gobion and Hexton | J37: Barton-le-Cley | K37: 23877 | L37: 26644 | M37: 49680 | N37: 100201 | Q37: =J37=B37 -> TRUE
B38: Hexton | C38: 7674 | D38: 7674 | E38: 4012 | F38: -3662 | G38: 0.52280427 | J38: Hexton | K38: 1688 | L38: 2914 | M38: 3108 | N38: 7710 | Q38: =J38=B38 -> TRUE
B39: Higham Gobion | C39: 3759 | D39: 3759 | E39: 0 | F39: -3759 | G39: 0 | J39: Higham Gobion | Q39: =J39=B39 -> TRUE
A40: Barton-le-Cley with Higham Gobion and Hexton Total | C40: 56074 | D40: 56074 | E40: 20012 | F40: -36062 | G40: 0.35688554 | I40: Barton-le-Cley with Higham Gobion and Hexton Total | K40: 25565 | L40: 29558 | M40: 52788 | N40: 107911 | Q40: =J40=B40 -> TRUE
A41: Campton, Meppershall and Shefford | B41: Campton | C41: 20641 | D41: 20641 | E41: 7200 | F41: -13441 | G41: 0.34882031 | I41: Campton, Meppershall and Shefford | J41: Campton | L41: 4301 | M41: 27482 | N41: 31783 | Q41: =J41=B41 -> TRUE
B42: Meppershall | C42: 22661 | D42: 22661 | E42: 13500 | F42: -9161 | G42: 0.59573717 | J42: Meppershall | L42: 6756.01 | M42: 31467 | N42: 38223.01 | Q42: =J42=B42 -> TRUE
B43: Shefford | C43: 22420 | D43: 22420 | E43: 4800 | F43: -17620 | G43: 0.21409456 | J43: Shefford | K43: 17523 | L43: 17822 | M43: 75616.5 | N43: 110961.5 | Q43: =J43=B43 -> TRUE
A44: Campton, Meppershall and Shefford Total | C44: 65722 | D44: 65722 | E44: 25500 | F44: -40222 | G44: 0.38799793 | I44: Campton, Meppershall and Shefford Total | K44: 17523 | L44: 28879.01 | M44: 134565.5 | N44: 180967.51 | Q44: =J44=B44 -> TRUE
A45: Clifton, Haynes and Southill | B45: Clifton | C45: 35856 | D45: 35856 | E45: 35856 | F45: 0 | G45: 1 | I45: Clifton, Haynes and Southill | J45: Clifton | M45: 0 | N45: 0 | Q45: =J45=B45 -> TRUE
B46: Haynes | C46: 21541 | D46: 21541 | E46: 16156 | F46: -5385 | G46: 0.75001161 | J46: Haynes | L46: 2408 | M46: 13782 | N46: 16190 | Q46: =J46=B46 -> TRUE
B47: Southill | C47: 15888 | D47: 15888 | E47: 15888 | F47: 0 | G47: 1 | J47: Southill | Q47: =J47=B47 -> TRUE
A48: Clifton, Haynes and Southill Total | C48: 73285 | D48: 73285 | E48: 67900 | F48: -5385 | G48: 0.92651975 | I48: Clifton, Haynes and Southill Total | L48: 2408 | M48: 13782 | N48: 16190 | Q48: =J48=B48 -> TRUE
A49: Clophill and Maulden | B49: Clophill | C49: 18991 | D49: 18991 | E49: 18991 | F49: 0 | G49: 1 | I49: Clophill and Maulden | J49: Clophill | M49: 0 | N49: 0 | Q49: =J49=B49 -> TRUE
B50: Maulden | C50: 39900 | D50: 39900 | E50: 39900 | F50: 0 | G50: 1 | J50: Maulden | Q50: =J50=B50 -> TRUE
A51: Clophill and Maulden Total | C51: 58891 | D51: 58891 | E51: 58891 | F51: 0 | G51: 1 | I51: Clophill and Maulden Total | M51: 0 | N51: 0 | Q51: =J51=B51 -> TRUE
A52: Flitwick | B52: Flitwick | C52: 66177 | D52: 66177 | E52: 66177 | F52: 0 | G52: 1 | I52: Flitwick | J52: Flitwick | Q52: =J52=B52 -> TRUE
A53: Flitwick Total | C53: 66177 | D53: 66177 | E53: 66177 | F53: 0 | G53: 1 | I53: Flitwick Total | Q53: =J53=B53 -> TRUE
A54: Gravenhurst, Shillington and Stondon | B54: Shillington and Gravenhurst | C54: 30864 | D54: 30864 | E54: 29250 | F54: -1614 | G54: 0.94770607 | I54: Gravenhurst, Shillington and Stondon | J54: Shillington and Gravenhurst | Q54: =J54=B54 -> TRUE
B55: Stondon | C55: 10911 | D55: 10911 | E55: 1600 | F55: -9311 | G55: 0.146641 | J55: Stondon | K55: 15086 | L55: 8187 | M55: 83544 | N55: 106817 | Q55: =J55=B55 -> TRUE
A56: Gravenhurst, Shillington and Stondon Total | C56: 41775 | D56: 41775 | E56: 30850 | F56: -10925 | G56: 0.73847995 | I56: Gravenhurst, Shillington and Stondon Total | K56: 15086 | L56: 8187 | M56: 83544 | N56: 106817 | Q56: =J56=B56 -> TRUE
A57: Harlington, Tingrith and Westoning | B57: Harlington | C57: 27378 | D57: 27378 | E57: 15000 | F57: -12378 | G57: 0.54788516 | I57: Harlington, Tingrith and Westoning | J57: Harlington | K57: 7572 | L57: 9721 | M57: 32138 | N57: 49431 | Q57: =J57=B57 -> TRUE
B58: Tingrith | C58: 7169 | D58: 7169 | E58: 6000 | F58: -1169 | G58: 0.83693681 | J58: Tingrith | K58: 882 | L58: 399 | M58: 5847 | N58: 7128 | Q58: =J58=B58 -> TRUE
B59: Westoning | C59: 30079 | D59: 30079 | E59: 30079 | F59: 0 | G59: 1 | J59: Westoning | Q59: =J59=B59 -> TRUE
A60: Harlington, Tingrith and Westoning Total | C60: 64626 | D60: 64626 | E60: 51079 | F60: -13547 | G60: 0.79037849 | I60: Harlington, Tingrith and Westoning Total | K60: 8454 | L60: 10120 | M60: 37985 | N60: 56559 | Q60: =J60=B60 -> TRUE
A61: Henlow and Langford | B61: Henlow | C61: 22571 | D61: 22571 | E61: 18000 | F61: -4571 | G61: 0.7974835 | I61: Henlow and Langford | J61: Henlow | K61: 8413 | L61: 5899 | M61: 33182 | N61: 47494 | Q61: =J61=B61 -> TRUE
B62: Langford | C62: 28283 | D62: 28283 | E62: 28283 | F62: 0 | G62: 1 | J62: Langford | Q62: =J62=B62 -> TRUE
A63: Henlow and Langford Total | C63: 50854 | D63: 50854 | E63: 46283 | F63: -4571 | G63: 0.91011523 | I63: Henlow and Langford Total | K63: 8413 | L63: 5899 | M63: 33182 | N63: 47494 | Q63: =J63=B63 -> TRUE
A64: Silsoe, Pulloxhill and Flitton | B64: Flitton | C64: 16672 | D64: 16672 | E64: 16672 | F64: 0 | G64: 1 | I64: Silsoe, Pulloxhill and Flitton | J64: Flitton | Q64: =J64=B64 -> TRUE
B65: Pulloxhill | C65: 15089 | D65: 15089 | E65: 15089 | F65: 0 | G65: 1 | J65: Pulloxhill | Q65: =J65=B65 -> TRUE
B66: Silsoe | C66: 27653 | D66: 27653 | E66: 27653 | F66: 0 | G66: 1 | J66: Silsoe | Q66: =J66=B66 -> TRUE
A67: Silsoe, Pulloxhill and Flitton Total | C67: 59414 | D67: 59414 | E67: 59414 | F67: 0 | G67: 1 | I67: Silsoe, Pulloxhill and Flitton Total | Q67: =J67=B67 -> TRUE
A68: Woburn Sands | B68: Woburn Sands | C68: 62724 | D68: 62724 | E68: 62724 | F68: 0 | G68: 1 | I68: Woburn Sands | J68: Woburn Sands | L68: 0 | N68: 0 | Q68: =J68=B68 -> TRUE
A69: Woburn Sands Total | C69: 62724 | D69: 62724 | E69: 62724 | F69: 0 | G69: 1 | I69: Woburn Sands Total | L69: 0 | N69: 0 | Q69: =J69=B69 -> TRUE
A70: Woburn with Eversholt, Milton Bryan, Battlesden and Pottesgrove | B70: Battlesden with Pottesgrove | C70: 4253 | D70: 4253 | E70: 4253 | F70: 0 | G70: 1 | I70: Woburn with Eversholt, Milton Bryan, Battlesden and Pottesgrove | J70: Battlesden with Pottesgrove | K70: 2019 | M70: 2250 | N70: 4269 | Q70: =J70=B70 -> TRUE
B71: Eversholt | C71: 13609 | D71: 13609 | E71: 13609 | F71: 0 | G71: 1 | J71: Eversholt | M71: 0 | N71: 0 | Q71: =J71=B71 -> TRUE
B72: Milton Bryan | C72: 253 | D72: 253 | E72: 253 | F72: 0 | G72: 1 | J72: Milton Bryan | K72: 5602 | M72: 38789 | N72: 44391 | Q72: =J72=B72 -> TRUE
B73: Woburn | C73: 43315 | D73: 43315 | E73: 43315 | F73: 0 | G73: 1 | J73: Woburn | Q73: =J73=B73 -> TRUE
A74: Woburn with Eversholt, Milton Bryan, Battlesden and Pottesgrove Total | C74: 61430 | D74: 61430 | E74: 61430 | F74: 0 | G74: 1 | I74: Woburn with Eversholt, Milton Bryan, Battlesden and Pottesgrove Total | K74: 7621 | M74: 41039 | N74: 48660 | Q74: =J74=B74 -> TRUE
A75: Grand Total | C75: 774545.32 | D75: 774545.32 | E75: 657108.12 | F75: -117437.2 | G75: 0.84837918 | I75: Grand Total | K75: 100720 | L75: 92246.01 | M75: 552328.5 | N75: 745294.51
A76: Click here to return to homepage

Sheet Bedford
A1: Click here to return to homepage
A3: ='Top level Summary'!A3 -> Parish Share report 31.12.2024
B6: Updates
A22: Year | B22: 2024
A23: Deanery | B23: Bedford Deanery | I23: Deanery | J23: Bedford Deanery
I25: Sum of Historical shortfall | K25: Year Historic shortfall
A26: Benefice | B26: Parish Name | C26: Sum of Full year Req £ | D26: Sum of Request YTD £ | E26: Sum of Received £ | F26: Sum of Balance YTD | G26: Sum of PS % recovery YTD | I26: Benefice | J26: Parish Name | K26: 2023 | L26: 2022 | M26: 2021 & earlier | N26: Grand Total
A27: Bedford, All Saints | B27: Bedford, All Saints | C27: 26474 | D27: 26474 | E27: 26474 | F27: 0 | G27: 1 | I27: Bedford, All Saints | J27: Bedford, All Saints | K27: 1975.08 | L27: 2100.94 | N27: 4076.02 | Q27: =J27=B27 -> TRUE
A28: Bedford, All Saints Total | C28: 26474 | D28: 26474 | E28: 26474 | F28: 0 | G28: 1 | I28: Bedford, All Saints Total | K28: 1975.08 | L28: 2100.94 | N28: 4076.02 | Q28: =J28=B28 -> TRUE
A29: Bedford, Christ Church | B29: Bedford, Christ Church | C29: 154063 | D29: 154063 | E29: 154063 | F29: 0 | G29: 1 | I29: Bedford, Christ Church | J29: Bedford, Christ Church | Q29: =J29=B29 -> TRUE
A30: Bedford, Christ Church Total | C30: 154063 | D30: 154063 | E30: 154063 | F30: 0 | G30: 1 | I30: Bedford, Christ Church Total | Q30: =J30=B30 -> TRUE
A31: Bedford, St Andrew | B31: Bedford, St Andrew | C31: 133884 | D31: 133884 | E31: 133884 | F31: 0 | G31: 1 | I31: Bedford, St Andrew | J31: Bedford, St Andrew | Q31: =J31=B31 -> TRUE
A32: Bedford, St Andrew Total | C32: 133884 | D32: 133884 | E32: 133884 | F32: 0 | G32: 1 | I32: Bedford, St Andrew Total | Q32: =J32=B32 -> TRUE
A33: Bedford, St John and St Leonard | B33: Bedford, St John and St Leonard | C33: 60677 | D33: 60677 | E33: 60677 | F33: 0 | G33: 1 | I33: Bedford, St John and St Leonard | J33: Bedford, St John and St Leonard | Q33: =J33=B33 -> TRUE
A34: Bedford, St John and St Leonard Total | C34: 60677 | D34: 60677 | E34: 60677 | F34: 0 | G34: 1 | I34: Bedford, St John and St Leonard Total | Q34: =J34=B34 -> TRUE
A35: Bedford, St Mark | B35: Bedford, St Mark | C35: 72880 | D35: 72880 | E35: 72880 | F35: 0 | G35: 1 | I35: Bedford, St Mark | J35: Bedford, St Mark | Q35: =J35=B35 -> TRUE
A36: Bedford, St Mark Total | C36: 72880 | D36: 72880 | E36: 72880 | F36: 0 | G36: 1 | I36: Bedford, St Mark Total | Q36: =J36=B36 -> TRUE
A37: Bedford, St Martin | B37: Bedford, St Martin | C37: 25046 | D37: 25046 | E37: 20046 | F37: -5000 | G37: 0.80036732 | I37: Bedford, St Martin | J37: Bedford, St Martin | K37: 8600 | L37: 1500 | N37: 10100 | Q37: =J37=B37 -> TRUE
A38: Bedford, St Martin Total | C38: 25046 | D38: 25046 | E38: 20046 | F38: -5000 | G38: 0.80036732 | I38: Bedford, St Martin Total | K38: 8600 | L38: 1500 | N38: 10100 | Q38: =J38=B38 -> TRUE
A39: Bedford, St Paul | B39: Bedford, St Paul | C39: 70476 | D39: 70476 | E39: 65000 | F39: -5476 | G39: 0.92229979 | I39: Bedford, St Paul | J39: Bedford, St Paul | K39: 46205 | L39: 22920 | M39: 36031 | N39: 105156 | Q39: =J39=B39 -> TRUE
A40: Bedford, St Paul Total | C40: 70476 | D40: 70476 | E40: 65000 | F40: -5476 | G40: 0.92229979 | I40: Bedford, St Paul Total | K40: 46205 | L40: 22920 | M40: 36031 | N40: 105156 | Q40: =J40=B40 -> TRUE
A41: Bedford, St Peter de Merton with St Cuthbert | B41: Bedford, St Peter de Merton with St Cuthbert | C41: 59595 | D41: 59595 | E41: 59595 | F41: 0 | G41: 1 | I41: Bedford, St Peter de Merton with St Cuthbert | J41: Bedford, St Peter de Merton with St Cuthbert | K41: 29866 | N41: 29866 | Q41: =J41=B41 -> TRUE
A42: Bedford, St Peter de Merton with St Cuthbert Total | C42: 59595 | D42: 59595 | E42: 59595 | F42: 0 | G42: 1 | I42: Bedford, St Peter de Merton with St Cuthbert Total | K42: 29866 | N42: 29866 | Q42: =J42=B42 -> TRUE
A43: Biddenham | B43: Biddenham | C43: 46797 | D43: 46797 | E43: 43000 | F43: -3797 | G43: 0.91886232 | I43: Biddenham | J43: Biddenham | Q43: =J43=B43 -> TRUE
A44: Biddenham Total | C44: 46797 | D44: 46797 | E44: 43000 | F44: -3797 | G44: 0.91886232 | I44: Biddenham Total | Q44: =J44=B44 -> TRUE
A45: Cranfield and Hulcote with Salford | B45: Cranfield | C45: 50004 | D45: 50004 | E45: 50004 | F45: 0 | G45: 1 | I45: Cranfield and Hulcote with Salford | J45: Cranfield | M45: 8588 | N45: 8588 | Q45: =J45=B45 -> TRUE
B46: Hulcote with Salford | C46: 10050 | D46: 10050 | E46: 10050 | F46: 0 | G46: 1 | J46: Hulcote with Salford | Q46: =J46=B46 -> TRUE
A47: Cranfield and Hulcote with Salford Total | C47: 60054 | D47: 60054 | E47: 60054 | F47: 0 | G47: 1 | I47: Cranfield and Hulcote with Salford Total | M47: 8588 | N47: 8588 | Q47: =J47=B47 -> TRUE
A48: Elstow Team Ministry | B48: Bedford, St Michael and All Angels | C48: 11680 | D48: 11680 | E48: 3000 | F48: -8680 | G48: 0.25684932 | I48: Elstow Team Ministry | J48: Bedford, St Michael and All Angels | K48: 7820 | L48: 3532 | N48: 11352 | Q48: =J48=B48 -> TRUE
B49: Cardington | C49: 14683 | D49: 14683 | E49: 2000 | F49: -12683 | G49: 0.13621195 | J49: Cardington | K49: 11980 | L49: 20639 | M49: 66972 | N49: 99591 | Q49: =J49=B49 -> TRUE
B50: Elstow | C50: 61290 | D50: 61290 | E50: 30000 | F50: -31290 | G50: 0.48947626 | J50: Elstow | K50: 38156 | L50: 30320 | M50: 26396 | N50: 94872 | Q50: =J50=B50 -> TRUE
B51: Houghton Conquest | C51: 12744 | D51: 12744 | E51: 6000 | F51: -6744 | G51: 0.47080979 | J51: Houghton Conquest | K51: 5732 | L51: 6450 | M51: 143934 | N51: 156116 | Q51: =J51=B51 -> TRUE
B52: Wilshamstead | C52: 13278 | D52: 13278 | E52: 6000 | F52: -7278 | G52: 0.45187528 | J52: Wilshamstead | K52: 5777 | L52: 6910 | M52: 17715 | N52: 30402 | Q52: =J52=B52 -> TRUE
A53: Elstow Team Ministry Total | C53: 113675 | D53: 113675 | E53: 47000 | F53: -66675 | G53: 0.41345942 | I53: Elstow Team Ministry Total | K53: 69465 | L53: 67851 | M53: 255017 | N53: 392333 | Q53: =J53=B53 -> TRUE
A54: Goldington | B54: Goldington | C54: 63525 | D54: 63525 | E54: 63525 | F54: 0 | G54: 1 | I54: Goldington | J54: Goldington | Q54: =J54=B54 -> TRUE
A55: Goldington Total | C55: 63525 | D55: 63525 | E55: 63525 | F55: 0 | G55: 1 | I55: Goldington Total | Q55: =J55=B55 -> TRUE
A56: Kempston | B56: Kempston | C56: 32430 | D56: 32430 | E56: 6000 | F56: -26430 | G56: 0.18501388 | I56: Kempston | J56: Kempston | K56: 25489 | L56: 24771 | M56: 103664 | N56: 153924 | Q56: =J56=B56 -> TRUE
A57: Kempston Total | C57: 32430 | D57: 32430 | E57: 6000 | F57: -26430 | G57: 0.18501388 | I57: Kempston Total | K57: 25489 | L57: 24771 | M57: 103664 | N57: 153924 | Q57: =J57=B57 -> TRUE
A58: Kempston, The Church of the Transfiguration | B58: Kempston, The Church of the Transfiguration | C58: 47205 | D58: 47205 | E58: 18000 | F58: -29205 | G58: 0.38131554 | I58: Kempston, The Church of the Transfiguration | J58: Kempston, The Church of the Transfiguration | K58: 22742 | L58: 25203 | M58: 19803 | N58: 67748 | Q58: =J58=B58 -> TRUE
A59: Kempston, The Church of the Transfiguration Total | C59: 47205 | D59: 47205 | E59: 18000 | F59: -29205 | G59: 0.38131554 | I59: Kempston, The Church of the Transfiguration Total | K59: 22742 | L59: 25203 | M59: 19803 | N59: 67748 | Q59: =J59=B59 -> TRUE
A60: Marston Morteyne with Lidlington | B60: Marston Morteyne with Lidlington | C60: 28315 | D60: 28315 | E60: 28315 | F60: 0 | G60: 1 | I60: Marston Morteyne with Lidlington | J60: Marston Morteyne with Lidlington | K60: 0 | N60: 0 | Q60: =J60=B60 -> TRUE
A61: Marston Morteyne with Lidlington Total | C61: 28315 | D61: 28315 | E61: 28315 | F61: 0 | G61: 1 | I61: Marston Morteyne with Lidlington Total | K61: 0 | N61: 0 | Q61: =J61=B61 -> TRUE
A62: Renhold | B62: Renhold | C62: 30944 | D62: 30944 | E62: 30944 | F62: 0 | G62: 1 | I62: Renhold | J62: Renhold | Q62: =J62=B62 -> TRUE
A63: Renhold Total | C63: 30944 | D63: 30944 | E63: 30944 | F63: 0 | G63: 1 | I63: Renhold Total | Q63: =J63=B63 -> TRUE
A64: Wootton | B64: Wootton | C64: 79572 | D64: 79572 | E64: 68000 | F64: -11572 | G64: 0.85457196 | I64: Wootton | J64: Wootton | K64: 0 | N64: 0 | Q64: =J64=B64 -> TRUE
A65: Wootton Total | C65: 79572 | D65: 79572 | E65: 68000 | F65: -11572 | G65: 0.85457196 | I65: Wootton Total | K65: 0 | N65: 0 | Q65: =J65=B65 -> TRUE
A66: Grand Total | C66: 1105612 | D66: 1105612 | E66: 957457 | F66: -148155 | G66: 0.86599729 | I66: Grand Total | K66: 204342.08 | L66: 144345.94 | M66: 423103 | N66: 771791.02
A69: Click here to return to homepage

Sheet Biggleswade
A1: Click here to return to homepage
A3: ='Top level Summary'!A3 -> Parish Share report 31.12.2024
B6: Updates
A22: Year | B22: 2024
A23: Deanery | B23: Biggleswade Deanery | I23: Deanery | J23: Biggleswade Deanery
I25: Sum of Historical shortfall | K25: Year Historic shortfall
A26: Benefice | B26: Parish Name | C26: Sum of Full year Req £ | D26: Sum of Request YTD £ | E26: Sum of Received £ | F26: Sum of Balance YTD | G26: Sum of PS % recovery YTD | I26: Benefice | J26: Parish Name | K26: 2023 | L26: 2022 | M26: 2021 & earlier | N26: Grand Total
A27: Biggleswade | B27: Biggleswade | C27: 76847 | D27: 76847 | E27: 76847 | F27: 0 | G27: 1 | I27: Biggleswade | J27: Biggleswade | Q27: =J27=B27 -> TRUE
A28: Biggleswade Total | C28: 76847 | D28: 76847 | E28: 76847 | F28: 0 | G28: 1 | I28: Biggleswade Total | Q28: =J28=B28 -> TRUE
A29: Caldecote, Northill and Old Warden | B29: Caldecote, All Saints | C29: 21079 | D29: 21079 | E29: 12500 | F29: -8579 | G29: 0.59300726 | I29: Caldecote, Northill and Old Warden | J29: Caldecote, All Saints | K29: 10127 | L29: 21556 | M29: 0 | N29: 31683 | Q29: =J29=B29 -> TRUE
B30: Northill | C30: 23188 | D30: 23188 | E30: 23188 | F30: 0 | G30: 1 | J30: Northill | Q30: =J30=B30 -> TRUE
B31: Old Warden | C31: 6443 | D31: 6443 | E31: 6443 | F31: 0 | G31: 1 | J31: Old Warden | Q31: =J31=B31 -> TRUE
A32: Caldecote, Northill and Old Warden Total | C32: 50710 | D32: 50710 | E32: 42131 | F32: -8579 | G32: 0.83082232 | I32: Caldecote, Northill and Old Warden Total | K32: 10127 | L32: 21556 | M32: 0 | N32: 31683 | Q32: =J32=B32 -> TRUE
A33: Cople, Moggerhanger and Willington | B33: Cople | C33: 19573 | D33: 19573 | E33: 19573 | F33: 0 | G33: 1 | I33: Cople, Moggerhanger and Willington | J33: Cople | Q33: =J33=B33 -> TRUE
B34: Moggerhanger | C34: 16636 | D34: 16636 | E34: 8700 | F34: -7936 | G34: 0.52296225 | J34: Moggerhanger | K34: 4868 | L34: 5905 | M34: 3940 | N34: 14713 | Q34: =J34=B34 -> TRUE
B35: Willington | C35: 21709 | D35: 21709 | E35: 21709 | F35: 0 | G35: 1 | J35: Willington | Q35: =J35=B35 -> TRUE
A36: Cople, Moggerhanger and Willington Total | C36: 57918 | D36: 57918 | E36: 49982 | F36: -7936 | G36: 0.86297869 | I36: Cople, Moggerhanger and Willington Total | K36: 4868 | L36: 5905 | M36: 3940 | N36: 14713 | Q36: =J36=B36 -> TRUE
A37: Dunton with Wrestlingworth and Eyeworth | B37: Dunton | C37: 15428 | D37: 15428 | E37: 14750 | F37: -678 | G37: 0.95605393 | I37: Dunton with Wrestlingworth and Eyeworth | J37: Dunton | K37: 2945 | L37: 1480 | M37: 0 | N37: 4425 | Q37: =J37=B37 -> TRUE
B38: Eyeworth | C38: 1735 | D38: 1735 | E38: 1550 | F38: -185 | G38: 0.89337176 | J38: Eyeworth | L38: 411 | M38: 2702 | N38: 3113 | Q38: =J38=B38 -> TRUE
B39: Wrestlingworth | C39: 13208 | D39: 13208 | E39: 13208 | F39: 0 | G39: 1 | J39: Wrestlingworth | M39: 0 | N39: 0 | Q39: =J39=B39 -> TRUE
A40: Dunton with Wrestlingworth and Eyeworth Total | C40: 30371 | D40: 30371 | E40: 29508 | F40: -863 | G40: 0.97158474 | I40: Dunton with Wrestlingworth and Eyeworth Total | K40: 2945 | L40: 1891 | M40: 2702 | N40: 7538 | Q40: =J40=B40 -> TRUE
A41: Eaton Socon | B41: Eaton Socon | C41: 80880 | D41: 80880 | E41: 67400 | F41: -13480 | G41: 0.83333333 | I41: Eaton Socon | J41: Eaton Socon | Q41: =J41=B41 -> TRUE
A42: Eaton Socon Total | C42: 80880 | D42: 80880 | E42: 67400 | F42: -13480 | G42: 0.83333333 | I42: Eaton Socon Total | Q42: =J42=B42 -> TRUE
A43: Potton with Sutton and Cockayne Hatley | B43: Cockayne Hatley | C43: 3129 | D43: 3129 | E43: 3129 | F43: 0 | G43: 1 | I43: Potton with Sutton and Cockayne Hatley | J43: Cockayne Hatley | Q43: =J43=B43 -> TRUE
B44: Potton | C44: 52071 | D44: 52071 | E44: 24000 | F44: -28071 | G44: 0.46090914 | J44: Potton | K44: 26682.17 | L44: 1102.22 | N44: 27784.39 | Q44: =J44=B44 -> TRUE
B45: Sutton | C45: 8276 | D45: 8276 | E45: 8276 | F45: 0 | G45: 1 | J45: Sutton | Q45: =J45=B45 -> TRUE
A46: Potton with Sutton and Cockayne Hatley Total | C46: 63476 | D46: 63476 | E46: 35405 | F46: -28071 | G46: 0.55776987 | I46: Potton with Sutton and Cockayne Hatley Total | K46: 26682.17 | L46: 1102.22 | N46: 27784.39 | Q46: =J46=B46 -> TRUE
A47: Sandy | B47: Sandy | C47: 71501 | D47: 71501 | E47: 56076.8 | F47: -15424.2 | G47: 0.78427994 | I47: Sandy | J47: Sandy | K47: 15976.8 | N47: 15976.8 | Q47: =J47=B47 -> TRUE
A48: Sandy Total | C48: 71501 | D48: 71501 | E48: 56076.8 | F48: -15424.2 | G48: 0.78427994 | I48: Sandy Total | K48: 15976.8 | N48: 15976.8 | Q48: =J48=B48 -> TRUE
A49: The Riversmeet Benefice | B49: Blunham | C49: 20480 | D49: 20480 | E49: 20480 | F49: 0 | G49: 1 | I49: The Riversmeet Benefice | J49: Blunham | Q49: =J49=B49 -> TRUE
B50: Great Barford | C50: 20184 | D50: 20184 | E50: 20184 | F50: 0 | G50: 1 | J50: Great Barford | Q50: =J50=B50 -> TRUE
B51: Roxton | C51: 13300 | D51: 13300 | E51: 13300 | F51: 0 | G51: 1 | J51: Roxton | Q51: =J51=B51 -> TRUE
B52: Tempsford with Little Barford | C52: 6613 | D52: 6613 | E52: 3000 | F52: -3613 | G52: 0.4536519 | J52: Tempsford with Little Barford | K52: 3421 | L52: 3230 | M52: 0 | N52: 6651 | Q52: =J52=B52 -> TRUE
A53: The Riversmeet Benefice Total | C53: 60577 | D53: 60577 | E53: 56964 | F53: -3613 | G53: 0.9403569 | I53: The Riversmeet Benefice Total | K53: 3421 | L53: 3230 | M53: 0 | N53: 6651 | Q53: =J53=B53 -> TRUE
A54: Grand Total | C54: 492280 | D54: 492280 | E54: 414313.8 | F54: -77966.2 | G54: 0.84162225 | I54: Grand Total | K54: 64019.97 | L54: 33684.22 | M54: 6642 | N54: 104346.19
A57: Click here to return to homepage

Sheet Dunstable
A1: Click here to return to homepage
A3: ='Top level Summary'!A3 -> Parish Share report 31.12.2024
B6: Updates
A22: Year | B22: 2024
A23: Deanery | B23: Dunstable Deanery | I23: Deanery | J23: Dunstable Deanery
I25: Sum of Historical shortfall | K25: Year Historic shortfall
A26: Benefice | B26: Parish Name | C26: Sum of Full year Req £ | D26: Sum of Request YTD £ | E26: Sum of Received £ | F26: Sum of Balance YTD | G26: Sum of PS % recovery YTD | I26: Benefice | J26: Parish Name | K26: 2023 | L26: 2022 | M26: 2021 & earlier | N26: Grand Total
A27: Dunstable Team Ministry | B27: Dunstable | C27: 151501 | D27: 151501 | E27: 138747.22 | F27: -12753.78 | G27: 0.91581719 | I27: Dunstable Team Ministry | J27: Dunstable | Q27: =J27=B27 -> TRUE
A28: Dunstable Team Ministry Total | C28: 151501 | D28: 151501 | E28: 138747.22 | F28: -12753.78 | G28: 0.91581719 | I28: Dunstable Team Ministry Total | Q28: =J28=B28 -> TRUE
A29: Eaton Bray with Edlesborough | B29: Eaton Bray with Edlesborough | C29: 67263 | D29: 67263 | E29: 67263 | F29: 0 | G29: 1 | I29: Eaton Bray with Edlesborough | J29: Eaton Bray with Edlesborough | Q29: =J29=B29 -> TRUE
A30: Eaton Bray with Edlesborough Total | C30: 67263 | D30: 67263 | E30: 67263 | F30: 0 | G30: 1 | I30: Eaton Bray with Edlesborough Total | Q30: =J30=B30 -> TRUE
A31: Houghton Regis | B31: Houghton Regis | C31: 53198 | D31: 53198 | E31: 16000 | F31: -37198 | G31: 0.30076319 | I31: Houghton Regis | J31: Houghton Regis | K31: 32050 | L31: 29175 | M31: 79020 | N31: 140245 | Q31: =J31=B31 -> TRUE
A32: Houghton Regis Total | C32: 53198 | D32: 53198 | E32: 16000 | F32: -37198 | G32: 0.30076319 | I32: Houghton Regis Total | K32: 32050 | L32: 29175 | M32: 79020 | N32: 140245 | Q32: =J32=B32 -> TRUE
A33: Kensworth, Studham and Whipsnade | B33: Kensworth | C33: 25180 | D33: 25180 | E33: 25180 | F33: 0 | G33: 1 | I33: Kensworth, Studham and Whipsnade | J33: Kensworth | Q33: =J33=B33 -> TRUE
B34: Studham | C34: 23009 | D34: 23009 | E34: 23009 | F34: 0 | G34: 1 | J34: Studham | Q34: =J34=B34 -> TRUE
B35: Whipsnade | C35: 22892 | D35: 22892 | E35: 22892 | F35: 0 | G35: 1 | J35: Whipsnade | Q35: =J35=B35 -> TRUE
A36: Kensworth, Studham and Whipsnade Total | C36: 71081 | D36: 71081 | E36: 71081 | F36: 0 | G36: 1 | I36: Kensworth, Studham and Whipsnade Total | Q36: =J36=B36 -> TRUE
A37: Ouzel Valley Team Ministry | B37: Billington | C37: 9569 | D37: 9569 | E37: 9569 | F37: 0 | G37: 1 | I37: Ouzel Valley Team Ministry | J37: Billington | Q37: =J37=B37 -> TRUE
B38: Heath and Reach with Egginton | C38: 51487 | D38: 51487 | E38: 41563.8 | F38: -9923.2 | G38: 0.80726785 | J38: Heath and Reach with Egginton | K38: 5782.67 | M38: 4918 | N38: 10700.67 | Q38: =J38=B38 -> TRUE
B39: Hockliffe | C39: 8924 | D39: 8924 | E39: 8924 | F39: 0 | G39: 1 | J39: Hockliffe | Q39: =J39=B39 -> TRUE
B40: Leighton Buzzard | C40: 87019 | D40: 87019 | E40: 60000 | F40: -27019 | G40: 0.68950459 | J40: Leighton Buzzard | K40: 4089 | L40: 18662 | N40: 22751 | Q40: =J40=B40 -> TRUE
B41: Linslade | C41: 66996 | D41: 66996 | E41: 66996 | F41: 0 | G41: 1 | J41: Linslade | Q41: =J41=B41 -> TRUE
B42: Sandhills, Church of the Good Shepherd (Conve | C42: 36334 | D42: 36334 | E42: 21000 | F42: -15334 | G42: 0.57797105 | J42: Sandhills, Church of the Good Shepherd (Conve | K42: 14618 | L42: 14318.48 | M42: 4303 | N42: 33239.48 | Q42: =J42=B42 -> TRUE
A43: Ouzel Valley Team Ministry Total | C43: 260329 | D43: 260329 | E43: 208052.8 | F43: -52276.2 | G43: 0.79919179 | I43: Ouzel Valley Team Ministry Total | K43: 24489.67 | L43: 32980.48 | M43: 9221 | N43: 66691.15 | Q43: =J43=B43 -> TRUE
A44: Toddington and Chalgrave | B44: Chalgrave | C44: 15659 | D44: 15659 | E44: 15659 | F44: 0 | G44: 1 | I44: Toddington and Chalgrave | J44: Chalgrave | K44: 0 | N44: 0 | Q44: =J44=B44 -> TRUE
B45: Toddington | C45: 21274 | D45: 21274 | E45: 21273.96 | F45: -0.04 | G45: 0.99999812 | J45: Toddington | L45: 0 | M45: 0 | N45: 0 | Q45: =J45=B45 -> TRUE
A46: Toddington and Chalgrave Total | C46: 36933 | D46: 36933 | E46: 36932.96 | F46: -0.04 | G46: 0.99999892 | I46: Toddington and Chalgrave Total | K46: 0 | L46: 0 | M46: 0 | N46: 0 | Q46: =J46=B46 -> TRUE
A47: Totternhoe, Stanbridge and Tilsworth | B47: Stanbridge | C47: 19170 | D47: 19170 | E47: 7200 | F47: -11970 | G47: 0.37558685 | I47: Totternhoe, Stanbridge and Tilsworth | J47: Stanbridge | K47: 11316 | L47: 10744 | M47: 0 | N47: 22060 | Q47: =J47=B47 -> TRUE
B48: Tilsworth | C48: 9464 | D48: 9464 | E48: 9464 | F48: 0 | G48: 1 | J48: Tilsworth | L48: 0 | M48: 0 | N48: 0 | Q48: =J48=B48 -> TRUE
B49: Totternhoe | C49: 27624 | D49: 27624 | E49: 27624 | F49: 0 | G49: 1 | J49: Totternhoe | Q49: =J49=B49 -> TRUE
A50: Totternhoe, Stanbridge and Tilsworth Total | C50: 56258 | D50: 56258 | E50: 44288 | F50: -11970 | G50: 0.78723026 | I50: Totternhoe, Stanbridge and Tilsworth Total | K50: 11316 | L50: 10744 | M50: 0 | N50: 22060 | Q50: =J50=B50 -> TRUE
A51: Grand Total | C51: 696563 | D51: 696563 | E51: 582364.98 | F51: -114198.02 | G51: 0.836055 | I51: Grand Total | K51: 67855.67 | L51: 72899.48 | M51: 88241 | N51: 228996.15
A54: Click here to return to homepage

Sheet Luton
A1: Click here to return to homepage
A3: ='Top level Summary'!A3 -> Parish Share report 31.12.2024
B6: Updates
A22: Year | B22: 2024
A23: Deanery | B23: Luton Deanery | I23: Deanery | J23: Luton Deanery
I25: Sum of Historical shortfall | K25: Year Historic shortfall
A26: Benefice | B26: Parish Name | C26: Sum of Full year Req £ | D26: Sum of Request YTD £ | E26: Sum of Received £ | F26: Sum of Balance YTD | G26: Sum of PS % recovery YTD | I26: Benefice | J26: Parish Name | K26: 2023 | L26: 2022 | M26: 2021 & earlier | N26: Grand Total
A27: Bushmead | B27: Bushmead | C27: 53969 | D27: 53969 | E27: 49492.26 | F27: -4476.74 | G27: 0.91704979 | I27: Bushmead | J27: Bushmead | K27: 5876 | M27: 11715 | N27: 17591 | Q27: =J27=B27 -> TRUE
A28: Bushmead Total | C28: 53969 | D28: 53969 | E28: 49492.26 | F28: -4476.74 | G28: 0.91704979 | I28: Bushmead Total | K28: 5876 | M28: 11715 | N28: 17591 | Q28: =J28=B28 -> TRUE
A29: Caddington | B29: Caddington | C29: 33513 | D29: 33513 | E29: 27171 | F29: -6342 | G29: 0.81076 | I29: Caddington | J29: Caddington | K29: 1810 | L29: 13361 | N29: 15171 | Q29: =J29=B29 -> TRUE
A30: Caddington Total | C30: 33513 | D30: 33513 | E30: 27171 | F30: -6342 | G30: 0.81076 | I30: Caddington Total | K30: 1810 | L30: 13361 | N30: 15171 | Q30: =J30=B30 -> TRUE
A31: Farley Hill, St John the Baptist | B31: Farley Hill, St John the Baptist | C31: 21451 | D31: 21451 | E31: 21451 | F31: 0 | G31: 1 | I31: Farley Hill, St John the Baptist | J31: Farley Hill, St John the Baptist | Q31: =J31=B31 -> TRUE
A32: Farley Hill, St John the Baptist Total | C32: 21451 | D32: 21451 | E32: 21451 | F32: 0 | G32: 1 | I32: Farley Hill, St John the Baptist Total | Q32: =J32=B32 -> TRUE
A33: Leagrave, St Luke | B33: Leagrave, St Luke | C33: 36804 | D33: 36804 | E33: 36000 | F33: -804 | G33: 0.97815455 | I33: Leagrave, St Luke | J33: Leagrave, St Luke | K33: 7242 | L33: 10703 | M33: 28747 | N33: 46692 | Q33: =J33=B33 -> TRUE
A34: Leagrave, St Luke Total | C34: 36804 | D34: 36804 | E34: 36000 | F34: -804 | G34: 0.97815455 | I34: Leagrave, St Luke Total | K34: 7242 | L34: 10703 | M34: 28747 | N34: 46692 | Q34: =J34=B34 -> TRUE
A35: Luton | B35: Luton | C35: 78189 | D35: 78189 | E35: 78189 | F35: 0 | G35: 1 | I35: Luton | J35: Luton | Q35: =J35=B35 -> TRUE
A36: Luton Total | C36: 78189 | D36: 78189 | E36: 78189 | F36: 0 | G36: 1 | I36: Luton Total | Q36: =J36=B36 -> TRUE
A37: Luton, All Saints with St Peter | B37: Luton, All Saints with St Peter | C37: 39762 | D37: 39762 | E37: 35762 | F37: -4000 | G37: 0.89940144 | I37: Luton, All Saints with St Peter | J37: Luton, All Saints with St Peter | Q37: =J37=B37 -> TRUE
A38: Luton, All Saints with St Peter Total | C38: 39762 | D38: 39762 | E38: 35762 | F38: -4000 | G38: 0.89940144 | I38: Luton, All Saints with St Peter Total | Q38: =J38=B38 -> TRUE
A39: Luton, Saint Augustine, Limbury with Holy Trinity | B39: Luton, St Augustine, Limbury | C39: 57384 | D39: 57384 | E39: 45700 | F39: -11684 | G39: 0.79638924 | I39: Luton, Saint Augustine, Limbury with Holy Trinity | J39: Luton, St Augustine, Limbury | K39: 4193 | L39: 9888 | M39: 26015 | N39: 40096 | Q39: =J39=B39 -> TRUE
A40: Luton, Saint Augustine, Limbury with Holy Trinity Total | C40: 57384 | D40: 57384 | E40: 45700 | F40: -11684 | G40: 0.79638924 | I40: Luton, Saint Augustine, Limbury with Holy Trinity Total | K40: 4193 | L40: 9888 | M40: 26015 | N40: 40096 | Q40: =J40=B40 -> TRUE
A41: Luton, St Andrew | B41: Luton, St Andrew | C41: 22640 | D41: 22640 | E41: 22640 | F41: 0 | G41: 1 | I41: Luton, St Andrew | J41: Luton, St Andrew | K41: 4406 | L41: 19518 | M41: 0 | N41: 23924 | Q41: =J41=B41 -> TRUE
A42: Luton, St Andrew Total | C42: 22640 | D42: 22640 | E42: 22640 | F42: 0 | G42: 1 | I42: Luton, St Andrew Total | K42: 4406 | L42: 19518 | M42: 0 | N42: 23924 | Q42: =J42=B42 -> TRUE
A43: Luton, St Anne with St Christopher | B43: Luton, St Anne with St Christopher | C43: 50507 | D43: 50507 | E43: 18000 | F43: -32507 | G43: 0.35638624 | I43: Luton, St Anne with St Christopher | J43: Luton, St Anne with St Christopher | K43: 19732 | L43: 31246 | M43: 0 | N43: 50978 | Q43: =J43=B43 -> TRUE
A44: Luton, St Anne with St Christopher Total | C44: 50507 | D44: 50507 | E44: 18000 | F44: -32507 | G44: 0.35638624 | I44: Luton, St Anne with St Christopher Total | K44: 19732 | L44: 31246 | M44: 0 | N44: 50978 | Q44: =J44=B44 -> TRUE
A45: Luton, St Francis | B45: Luton, St Francis | C45: 43251 | D45: 43251 | E45: 43251 | F45: 0 | G45: 1 | I45: Luton, St Francis | J45: Luton, St Francis | K45: 22179 | N45: 22179 | Q45: =J45=B45 -> TRUE
A46: Luton, St Francis Total | C46: 43251 | D46: 43251 | E46: 43251 | F46: 0 | G46: 1 | I46: Luton, St Francis Total | K46: 22179 | N46: 22179 | Q46: =J46=B46 -> TRUE
A47: Luton, St Hugh, Lewsey | B47: Luton, St Hugh, Lewsey | C47: 52049 | D47: 52049 | E47: 34696 | F47: -17353 | G47: 0.66660262 | I47: Luton, St Hugh, Lewsey | J47: Luton, St Hugh, Lewsey | Q47: =J47=B47 -> TRUE
A48: Luton, St Hugh, Lewsey Total | C48: 52049 | D48: 52049 | E48: 34696 | F48: -17353 | G48: 0.66660262 | I48: Luton, St Hugh, Lewsey Total | Q48: =J48=B48 -> TRUE
A49: Luton, St Paul | B49: Luton, St Paul | C49: 23619 | D49: 23619 | E49: 15000 | F49: -8619 | G49: 0.63508193 | I49: Luton, St Paul | J49: Luton, St Paul | K49: 8375 | L49: 6485 | M49: 24261 | N49: 39121 | Q49: =J49=B49 -> TRUE
A50: Luton, St Paul Total | C50: 23619 | D50: 23619 | E50: 15000 | F50: -8619 | G50: 0.63508193 | I50: Luton, St Paul Total | K50: 8375 | L50: 6485 | M50: 24261 | N50: 39121 | Q50: =J50=B50 -> TRUE
A51: Luton, St Saviour | B51: Luton, St Saviour | C51: 21186 | D51: 21186 | E51: 0 | F51: -21186 | G51: 0 | I51: Luton, St Saviour | J51: Luton, St Saviour | K51: 14570 | L51: 9957 | M51: 42154 | N51: 66681 | Q51: =J51=B51 -> TRUE
A52: Luton, St Saviour Total | C52: 21186 | D52: 21186 | E52: 0 | F52: -21186 | G52: 0 | I52: Luton, St Saviour Total | K52: 14570 | L52: 9957 | M52: 42154 | N52: 66681 | Q52: =J52=B52 -> TRUE
A53: Marsh Farm | B53: Marsh Farm | C53: 41304 | D53: 41304 | E53: 6000 | F53: -35304 | G53: 0.14526438 | I53: Marsh Farm | J53: Marsh Farm | K53: 23122 | L53: 21930 | M53: 0 | N53: 45052 | Q53: =J53=B53 -> TRUE
A54: Marsh Farm Total | C54: 41304 | D54: 41304 | E54: 6000 | F54: -35304 | G54: 0.14526438 | I54: Marsh Farm Total | K54: 23122 | L54: 21930 | M54: 0 | N54: 45052 | Q54: =J54=B54 -> TRUE
A55: Stopsley, St Thomas | B55: Stopsley, St Thomas | C55: 63525 | D55: 63525 | E55: 63525 | F55: 0 | G55: 1 | I55: Stopsley, St Thomas | J55: Stopsley, St Thomas | Q55: =J55=B55 -> TRUE
A56: Stopsley, St Thomas Total | C56: 63525 | D56: 63525 | E56: 63525 | F56: 0 | G56: 1 | I56: Stopsley, St Thomas Total | Q56: =J56=B56 -> TRUE
A57: Streatley | B57: Streatley | C57: 61122 | D57: 61122 | E57: 49000 | F57: -12122 | G57: 0.80167534 | I57: Streatley | J57: Streatley | K57: 7526 | L57: 13089 | M57: 4.1763997e-09 | N57: 20615 | Q57: =J57=B57 -> TRUE
A58: Streatley Total | C58: 61122 | D58: 61122 | E58: 49000 | F58: -12122 | G58: 0.80167534 | I58: Streatley Total | K58: 7526 | L58: 13089 | M58: 4.1763997e-09 | N58: 20615 | Q58: =J58=B58 -> TRUE
A59: Sundon | B59: Sundon | C59: 24954 | D59: 24954 | E59: 12000 | F59: -12954 | G59: 0.48088483 | I59: Sundon | J59: Sundon | K59: 9210 | L59: 14712 | M59: 22455 | N59: 46377 | Q59: =J59=B59 -> TRUE
A60: Sundon Total | C60: 24954 | D60: 24954 | E60: 12000 | F60: -12954 | G60: 0.48088483 | I60: Sundon Total | K60: 9210 | L60: 14712 | M60: 22455 | N60: 46377 | Q60: =J60=B60 -> TRUE
A61: Woodside | B61: Woodside, St Andrew | C61: 33259 | D61: 33259 | E61: 33259 | F61: 0 | G61: 1 | I61: Woodside | J61: Woodside, St Andrew | Q61: =J61=B61 -> TRUE
A62: Woodside Total | C62: 33259 | D62: 33259 | E62: 33259 | F62: 0 | G62: 1 | I62: Woodside Total | Q62: =J62=B62 -> TRUE
A63: Grand Total | C63: 758488 | D63: 758488 | E63: 591136.26 | F63: -167351.74 | G63: 0.77936139 | I63: Grand Total | K63: 128241 | L63: 150889 | M63: 155347 | N63: 434477
A66: Click here to return to homepage

Sheet Sharnbrook
A1: Click here to return to homepage
A3: ='Top level Summary'!A3 -> Parish Share report 31.12.2024
B6: Updates
A22: Year | B22: 2024
A23: Deanery | B23: Sharnbrook Deanery | I23: Deanery | J23: Sharnbrook Deanery
I25: Sum of Historical shortfall | K25: Year Historic shortfall
A26: Benefice | B26: Parish Name | C26: Sum of Full year Req £ | D26: Sum of Request YTD £ | E26: Sum of Received £ | F26: Sum of Balance YTD | G26: Sum of PS % recovery YTD | I26: Benefice | J26: Parish Name | K26: 2023 | L26: 2022 | M26: 2021 & earlier | N26: Grand Total
A27: Bolnhurst with Keysoe | B27: Bolnhurst | C27: 3243 | D27: 3243 | E27: 3243 | F27: 0 | G27: 1 | I27: Bolnhurst with Keysoe | J27: Bolnhurst | Q27: =J27=B27 -> TRUE
B28: Keysoe | C28: 8357 | D28: 8357 | E28: 8357 | F28: 0 | G28: 1 | J28: Keysoe | M28: 0 | N28: 0 | Q28: =J28=B28 -> TRUE
A29: Bolnhurst with Keysoe Total | C29: 11600 | D29: 11600 | E29: 11600 | F29: 0 | G29: 1 | I29: Bolnhurst with Keysoe Total | M29: 0 | N29: 0 | Q29: =J29=B29 -> TRUE
A30: Bromham with Oakley and Stagsden | B30: Bromham | C30: 48004 | D30: 48004 | E30: 48004 | F30: 0 | G30: 1 | I30: Bromham with Oakley and Stagsden | J30: Bromham | M30: 0 | N30: 0 | Q30: =J30=B30 -> TRUE
B31: Oakley (LEP) | C31: 32051 | D31: 32051 | E31: 32051 | F31: 0 | G31: 1 | J31: Oakley (LEP) | K31: 9999.92 | M31: 0 | N31: 9999.92 | Q31: =J31=B31 -> TRUE
B32: Stagsden | C32: 7399 | D32: 7399 | E32: 7399 | F32: 0 | G32: 1 | J32: Stagsden | Q32: =J32=B32 -> TRUE
A33: Bromham with Oakley and Stagsden Total | C33: 87454 | D33: 87454 | E33: 87454 | F33: 0 | G33: 1 | I33: Bromham with Oakley and Stagsden Total | K33: 9999.92 | M33: 0 | N33: 9999.92 | Q33: =J33=B33 -> TRUE
A34: Chellington Team | B34: Carlton with Chellington (LEP) | C34: 23424 | D34: 23424 | E34: 23424 | F34: 0 | G34: 1 | I34: Chellington Team | J34: Carlton with Chellington (LEP) | Q34: =J34=B34 -> TRUE
B35: Harrold (LEP) | C35: 17550 | D35: 17550 | E35: 10000 | F35: -7550 | G35: 0.56980057 | J35: Harrold (LEP) | K35: 5683 | L35: 5462 | M35: 26486 | N35: 37631 | Q35: =J35=B35 -> TRUE
B36: Odell | C36: 18055 | D36: 18055 | E36: 18055 | F36: 0 | G36: 1 | J36: Odell | Q36: =J36=B36 -> TRUE
B37: Podington with Farndish | C37: 15115 | D37: 15115 | E37: 9000 | F37: -6115 | G37: 0.595435 | J37: Podington with Farndish | K37: 1178 | L37: 7444 | M37: 10785 | N37: 19407 | Q37: =J37=B37 -> TRUE
B38: Stevington | C38: 15147 | D38: 15147 | E38: 9600 | F38: -5547 | G38: 0.63378887 | J38: Stevington | K38: 4350 | L38: 3678 | N38: 8028 | Q38: =J38=B38 -> TRUE
B39: Turvey | C39: 25643 | D39: 25643 | E39: 9300 | F39: -16343 | G39: 0.36267207 | J39: Turvey | K39: 24259 | L39: 10582 | M39: 33538 | N39: 68379 | Q39: =J39=B39 -> TRUE
B40: Wymington | C40: 13014 | D40: 13014 | E40: 0 | F40: -13014 | G40: 0 | J40: Wymington | K40: 11966 | L40: 11972 | M40: 62167.25 | N40: 86105.25 | Q40: =J40=B40 -> TRUE
A41: Chellington Team Total | C41: 127948 | D41: 127948 | E41: 79379 | F41: -48569 | G41: 0.62040048 | I41: Chellington Team Total | K41: 47436 | L41: 39138 | M41: 132976.25 | N41: 219550.25 | Q41: =J41=B41 -> TRUE
A42: Clapham | B42: Clapham | C42: 59520 | D42: 59520 | E42: 59520 | F42: 0 | G42: 1 | I42: Clapham | J42: Clapham | Q42: =J42=B42 -> TRUE
A43: Clapham Total | C43: 59520 | D43: 59520 | E43: 59520 | F43: 0 | G43: 1 | I43: Clapham Total | Q43: =J43=B43 -> TRUE
A44: Milton Ernest, Pavenham and Thurleigh | B44: Milton Ernest | C44: 22861 | D44: 22861 | E44: 6000 | F44: -16861 | G44: 0.26245571 | I44: Milton Ernest, Pavenham and Thurleigh | J44: Milton Ernest | K44: 10157 | L44: 12254 | N44: 22411 | Q44: =J44=B44 -> TRUE
B45: Pavenham | C45: 21422 | D45: 21422 | E45: 21422.04 | F45: 0.04 | G45: 1.0000019 | J45: Pavenham | Q45: =J45=B45 -> TRUE
B46: Thurleigh (LEP) | C46: 13446 | D46: 13446 | E46: 0.12 | F46: -13445.88 | G46: 8.9245872e-06 | J46: Thurleigh (LEP) | K46: 8770.35 | M46: 27450 | N46: 36220.35 | Q46: =J46=B46 -> TRUE
A47: Milton Ernest, Pavenham and Thurleigh Total | C47: 57729 | D47: 57729 | E47: 27422.16 | F47: -30306.84 | G47: 0.47501533 | I47: Milton Ernest, Pavenham and Thurleigh Total | K47: 18927.35 | L47: 12254 | M47: 27450 | N47: 58631.35 | Q47: =J47=B47 -> TRUE
A48: Riseley with Bletsoe | B48: Bletsoe | C48: 16482 | D48: 16482 | E48: 10988 | F48: -5494 | G48: 0.66666667 | I48: Riseley with Bletsoe | J48: Bletsoe | K48: 1345.5 | M48: 4813.5 | N48: 6159 | Q48: =J48=B48 -> TRUE
